Workbook

Sheet CD
C1: FORMATO MAPA DE RIESGOS | W1: CÓDIGO: MC-F011
W2: VERSIÓN: 05
W3: VIGENTE DESDE: 18/01/2023
A5: IDENTIFICACIÓN DEL PROCESO
A6: Proceso | B6: Control Interno Disciplinario
A7: Tipo de proceso | B7: Apoyo | G7: Responsable del análisis: | H7: Director Administrativo y Financiero
A8: Objetivo del proceso | B8: Tramitar oportunamente las faltas disciplinarias de los trabajadores oficiales de la Empresa de servicios Públicos de Melgar EMPUMELGAR E.S.P., ante el incumplimiento de los deberes y/o cuando se presenten faltas a las prohibiciones establecidas dentro del reglamento interno de trabajo y demás normas concordantes, con el fin de buscar el mejoramiento continuo de la gestión.
A10: IDENTIFICACIÓN DEL RIESGO | H10: EVALUACIÓN DEL RIESGO INHERENTE | L10: EVALUACIÓN DEL RIESGO RESIDUAL | O10: CONTROLES | T10: OPCIONES DE TRATAMIENTO
A11: Código | B11: Descripción del riesgo (Ejemplo de eventos: Fallas, Incorrecta, Inoportuno, Inadecuado) | C11: Clase de Riesgo | D11: Causas del riesgo | G11: Asociado a Subsistema | H11: Efectos o Consecuencias (Ejemplo: Pérdida, Interrupción, Incumplimiento, Sanciones) | I11: Probabilidad | J11: Impacto | K11: Zona de riesgo inherente | L11: Probabilidad | M11: Impacto | N11: Zona de riesgo residual | O11: Detallado del Control | P11: Naturaleza del Control | Q11: Responsable del monitoreo | R11: Periodicidad del control | S11: Resultado de la evaluación del control | T11: Acciones de Tratamiento | U11: Responsable | V11: Fecha de ejecución (Fecha inicio - Fecha fin) | W11: Resultado Seguimiento | X11: Fecha de Seguimiento
D12: Contexto | E12: Factor | F12: Causa
A13: CD-R001 | B13: Inadecuado control en el tramite de la acción disciplinaria | C13: De Cumplimiento | D13: Interno | E13: Procesos | F13: Mora en el impulso procesal | G13: Gestión de Calidad | H13: Afectación en las sanciones disciplinarias debido al inadecuado control en el tramite de la acción disciplinaria | I13: 3. Posible | J13: 3. Moderado | K13: =IFERROR(VLOOKUP(I13,[1]DATOS!$L$2:$Q$6,MATCH(J13,[1]DATOS!$M$7:$Q$7,0)+1,0),"") -> Alta | L13: 3. Posible | M13: 2. Menor | N13: =IFERROR(VLOOKUP(L13,[1]DATOS!$L$2:$Q$6,MATCH(M13,[1]DATOS!$M$7:$Q$7,0)+1,0),"") -> Moderada | O13: Verificación de los términos legales | P13: Preventivo | Q13: Direccion administrativa y financiera | R13: =IFERROR(INDEX([1]DATOS!$T$3:$T$6,MATCH(CD!N13,[1]DATOS!$S$3:$S$6,0)),"") -> Trimestral | S13: Moderado | T13: Cumplimiento al procedimiento para aplicar faltas laborales | U13: Profesional de Apoyo a la Gestion Administrativa | V13: Enero 2025 - Dic 2025 | W13: No se recibieron informes de posibles faltas laborales | X13: Trimestral
D14: Del Proceso | E14: Personal | F14: incumplimiento de las etapas procesales | H14: Afectación en las sanciones disciplinarias debido al inadecuado control en el tramite de la acción disciplinaria | I14: 3. Posible | J14: 3. Moderado | K14: =IFERROR(VLOOKUP(I14,[1]DATOS!$L$2:$Q$6,MATCH(J14,[1]DATOS!$M$7:$Q$7,0)+1,0),"") -> Alta | L14: 3. Posible | M14: 2. Menor | N14: =IFERROR(VLOOKUP(L14,[1]DATOS!$L$2:$Q$6,MATCH(M14,[1]DATOS!$M$7:$Q$7,0)+1,0),"") -> Moderada | O14: Verificación del diligenciamiento del formato CD-F002 Informe Posible Falta Laboral | P14: Correctivo | R14: =IFERROR(INDEX([1]DATOS!$T$3:$T$6,MATCH(CD!N14,[1]DATOS!$S$3:$S$6,0)),"") -> Trimestral | S14: Débil | T14: Sensibilización de las faltas laborales en la inducción y reinducción | U14: Profesional de Apoyo a la Gestion Administrativa | V14: Enero 2025 - Dic 2025 | W14: Cumplimiento de las obligaciones contractuales | X14: Trimestral
D15: Interno | E15: Personal | F15: Falta de veracidad y demora en nula presentación de informes de posible falta laboral | H15: Afectación en las sanciones disciplinarias debido al inadecuado control en el tramite de la acción disciplinaria | I15: 3. Posible | J15: 3. Moderado | K15: =IFERROR(VLOOKUP(I15,[1]DATOS!$L$2:$Q$6,MATCH(J15,[1]DATOS!$M$7:$Q$7,0)+1,0),"") -> Alta | L15: 3. Posible | M15: 2. Menor | N15: =IFERROR(VLOOKUP(L15,[1]DATOS!$L$2:$Q$6,MATCH(M15,[1]DATOS!$M$7:$Q$7,0)+1,0),"") -> Moderada | O15: Capacitar a los Funcionarios que reportan faltas disciplinarias | P15: Preventivo | R15: =IFERROR(INDEX([1]DATOS!$T$3:$T$6,MATCH(CD!N15,[1]DATOS!$S$3:$S$6,0)),"") -> Trimestral | S15: =IFERROR(INDEX('[1]Evaluación de riesgos'!$P$7:$P$30,MATCH(CD!O15,'[1]Evaluación de riesgos'!$B$7:$B$30,0)),"") -> Débil | T15: Cumplimiento en los términos establecidos en el reglamento interno de trabajo | U15: Profesional de Apoyo a la Gestion Administrativa | V15: Enero 2025 - Dic 2025 | W15: Efectividad en el tramite | X15: Trimestral
D16: Interno | E16: Procesos | F16: Violación del debido proceso | H16: Afectación en las sanciones disciplinarias debido al inadecuado control en el tramite de la acción disciplinaria | I16: 3. Posible | J16: 3. Moderado | K16: =IFERROR(VLOOKUP(I16,[1]DATOS!$L$2:$Q$6,MATCH(J16,[1]DATOS!$M$7:$Q$7,0)+1,0),"") -> Alta | L16: 3. Posible | M16: 2. Menor | N16: =IFERROR(VLOOKUP(L16,[1]DATOS!$L$2:$Q$6,MATCH(M16,[1]DATOS!$M$7:$Q$7,0)+1,0),"") -> Moderada | O16: Aplicación del reglamento interno de trabajo | P16: Preventivo | R16: =IFERROR(INDEX([1]DATOS!$T$3:$T$6,MATCH(CD!N16,[1]DATOS!$S$3:$S$6,0)),"") -> Trimestral | S16: =IFERROR(INDEX('[1]Evaluación de riesgos'!$P$7:$P$30,MATCH(CD!O16,'[1]Evaluación de riesgos'!$B$7:$B$30,0)),"") -> Moderado | T16: Reinducciones a los colaboradores para socializar el reglamento interno de trabajo y e procedimiento de faltas laborales. | U16: Profesional de Apoyo a la Gestion Administrativa | V16: Enero 2025 - Dic 2025 | W16: Talento humano socializado con la información de faltas laborales | X16: Trimestral
K17: =IFERROR(VLOOKUP(I17,[1]DATOS!$L$2:$Q$6,MATCH(J17,[1]DATOS!$M$7:$Q$7,0)+1,0),"") | N17: =IFERROR(VLOOKUP(L17,[1]DATOS!$L$2:$Q$6,MATCH(M17,[1]DATOS!$M$7:$Q$7,0)+1,0),"") | R17: =IFERROR(INDEX([1]DATOS!$T$3:$T$6,MATCH(CD!N17,[1]DATOS!$S$3:$S$6,0)),"") | S17: =IFERROR(INDEX('[1]Evaluación de riesgos'!$P$9:$P$28,MATCH(CD!O17,'[1]Evaluación de riesgos'!$B$9:$B$28,0)),"")
K18: =IFERROR(VLOOKUP(I18,[1]DATOS!$L$2:$Q$6,MATCH(J18,[1]DATOS!$M$7:$Q$7,0)+1,0),"") | N18: =IFERROR(VLOOKUP(L18,[1]DATOS!$L$2:$Q$6,MATCH(M18,[1]DATOS!$M$7:$Q$7,0)+1,0),"") | R18: =IFERROR(INDEX([1]DATOS!$T$3:$T$6,MATCH(CD!N18,[1]DATOS!$S$3:$S$6,0)),"") | S18: =IFERROR(INDEX('[1]Evaluación de riesgos'!$P$9:$P$28,MATCH(CD!O18,'[1]Evaluación de riesgos'!$B$9:$B$28,0)),"")
K19: =IFERROR(VLOOKUP(I19,[1]DATOS!$L$2:$Q$6,MATCH(J19,[1]DATOS!$M$7:$Q$7,0)+1,0),"") | N19: =IFERROR(VLOOKUP(L19,[1]DATOS!$L$2:$Q$6,MATCH(M19,[1]DATOS!$M$7:$Q$7,0)+1,0),"") | R19: =IFERROR(INDEX([1]DATOS!$T$3:$T$6,MATCH(CD!N19,[1]DATOS!$S$3:$S$6,0)),"") | S19: =IFERROR(INDEX('[1]Evaluación de riesgos'!$P$9:$P$28,MATCH(CD!O19,'[1]Evaluación de riesgos'!$B$9:$B$28,0)),"")
K20: =IFERROR(VLOOKUP(I20,[1]DATOS!$L$2:$Q$6,MATCH(J20,[1]DATOS!$M$7:$Q$7,0)+1,0),"") | N20: =IFERROR(VLOOKUP(L20,[1]DATOS!$L$2:$Q$6,MATCH(M20,[1]DATOS!$M$7:$Q$7,0)+1,0),"") | R20: =IFERROR(INDEX([1]DATOS!$T$3:$T$6,MATCH(CD!N20,[1]DATOS!$S$3:$S$6,0)),"") | S20: =IFERROR(INDEX('[1]Evaluación de riesgos'!$P$9:$P$28,MATCH(CD!O20,'[1]Evaluación de riesgos'!$B$9:$B$28,0)),"")
K21: =IFERROR(VLOOKUP(I21,[1]DATOS!$L$2:$Q$6,MATCH(J21,[1]DATOS!$M$7:$Q$7,0)+1,0),"") | N21: =IFERROR(VLOOKUP(L21,[1]DATOS!$L$2:$Q$6,MATCH(M21,[1]DATOS!$M$7:$Q$7,0)+1,0),"") | R21: =IFERROR(INDEX([1]DATOS!$T$3:$T$6,MATCH(CD!N21,[1]DATOS!$S$3:$S$6,0)),"") | S21: =IFERROR(INDEX('[1]Evaluación de riesgos'!$P$9:$P$28,MATCH(CD!O21,'[1]Evaluación de riesgos'!$B$9:$B$28,0)),"")
K22: =IFERROR(VLOOKUP(I22,[1]DATOS!$L$2:$Q$6,MATCH(J22,[1]DATOS!$M$7:$Q$7,0)+1,0),"") | N22: =IFERROR(VLOOKUP(L22,[1]DATOS!$L$2:$Q$6,MATCH(M22,[1]DATOS!$M$7:$Q$7,0)+1,0),"") | R22: =IFERROR(INDEX([1]DATOS!$T$3:$T$6,MATCH(CD!N22,[1]DATOS!$S$3:$S$6,0)),"") | S22: =IFERROR(INDEX('[1]Evaluación de riesgos'!$P$9:$P$28,MATCH(CD!O22,'[1]Evaluación de riesgos'!$B$9:$B$28,0)),"")
K23: =IFERROR(VLOOKUP(I23,[1]DATOS!$L$2:$Q$6,MATCH(J23,[1]DATOS!$M$7:$Q$7,0)+1,0),"") | N23: =IFERROR(VLOOKUP(L23,[1]DATOS!$L$2:$Q$6,MATCH(M23,[1]DATOS!$M$7:$Q$7,0)+1,0),"") | R23: =IFERROR(INDEX([1]DATOS!$T$3:$T$6,MATCH(CD!N23,[1]DATOS!$S$3:$S$6,0)),"") | S23: =IFERROR(INDEX('[1]Evaluación de riesgos'!$P$9:$P$28,MATCH(CD!O23,'[1]Evaluación de riesgos'!$B$9:$B$28,0)),"")
K24: =IFERROR(VLOOKUP(I24,[1]DATOS!$L$2:$Q$6,MATCH(J24,[1]DATOS!$M$7:$Q$7,0)+1,0),"") | N24: =IFERROR(VLOOKUP(L24,[1]DATOS!$L$2:$Q$6,MATCH(M24,[1]DATOS!$M$7:$Q$7,0)+1,0),"") | R24: =IFERROR(INDEX([1]DATOS!$T$3:$T$6,MATCH(CD!N24,[1]DATOS!$S$3:$S$6,0)),"") | S24: =IFERROR(INDEX('[1]Evaluación de riesgos'!$P$9:$P$28,MATCH(CD!O24,'[1]Evaluación de riesgos'!$B$9:$B$28,0)),"")
K25: =IFERROR(VLOOKUP(I25,[1]DATOS!$L$2:$Q$6,MATCH(J25,[1]DATOS!$M$7:$Q$7,0)+1,0),"") | N25: =IFERROR(VLOOKUP(L25,[1]DATOS!$L$2:$Q$6,MATCH(M25,[1]DATOS!$M$7:$Q$7,0)+1,0),"") | R25: =IFERROR(INDEX([1]DATOS!$T$3:$T$6,MATCH(CD!N25,[1]DATOS!$S$3:$S$6,0)),"") | S25: =IFERROR(INDEX('[1]Evaluación de riesgos'!$P$9:$P$28,MATCH(CD!O25,'[1]Evaluación de riesgos'!$B$9:$B$28,0)),"")
K26: =IFERROR(VLOOKUP(I26,[1]DATOS!$L$2:$Q$6,MATCH(J26,[1]DATOS!$M$7:$Q$7,0)+1,0),"") | N26: =IFERROR(VLOOKUP(L26,[1]DATOS!$L$2:$Q$6,MATCH(M26,[1]DATOS!$M$7:$Q$7,0)+1,0),"") | R26: =IFERROR(INDEX([1]DATOS!$T$3:$T$6,MATCH(CD!N26,[1]DATOS!$S$3:$S$6,0)),"") | S26: =IFERROR(INDEX('[1]Evaluación de riesgos'!$P$9:$P$28,MATCH(CD!O26,'[1]Evaluación de riesgos'!$B$9:$B$28,0)),"")
K27: =IFERROR(VLOOKUP(I27,[1]DATOS!$L$2:$Q$6,MATCH(J27,[1]DATOS!$M$7:$Q$7,0)+1,0),"") | N27: =IFERROR(VLOOKUP(L27,[1]DATOS!$L$2:$Q$6,MATCH(M27,[1]DATOS!$M$7:$Q$7,0)+1,0),"") | R27: =IFERROR(INDEX([1]DATOS!$T$3:$T$6,MATCH(CD!N27,[1]DATOS!$S$3:$S$6,0)),"") | S27: =IFERROR(INDEX('[1]Evaluación de riesgos'!$P$9:$P$28,MATCH(CD!O27,'[1]Evaluación de riesgos'!$B$9:$B$28,0)),"")
K28: =IFERROR(VLOOKUP(I28,[1]DATOS!$L$2:$Q$6,MATCH(J28,[1]DATOS!$M$7:$Q$7,0)+1,0),"") | N28: =IFERROR(VLOOKUP(L28,[1]DATOS!$L$2:$Q$6,MATCH(M28,[1]DATOS!$M$7:$Q$7,0)+1,0),"") | R28: =IFERROR(INDEX([1]DATOS!$T$3:$T$6,MATCH(CD!N28,[1]DATOS!$S$3:$S$6,0)),"") | S28: =IFERROR(INDEX('[1]Evaluación de riesgos'!$P$9:$P$28,MATCH(CD!O28,'[1]Evaluación de riesgos'!$B$9:$B$28,0)),"")
... K158: =IFERROR(VLOOKUP(I158,[1]DATOS!$L$2:$Q$6,MATCH(J158,[1]DATOS!$M$7:$Q$7,0)+1,0),"") | N158: =IFERROR(VLOOKUP(L158,[1]DATOS!$L$2:$Q$6,MATCH(M158,[1]DATOS!$M$7:$Q$7,0)+1,0),"") | R158: =IFERROR(INDEX([1]DATOS!$T$3:$T$6,MATCH(CD!N158,[1]DATOS!$S$3:$S$6,0)),"") | S158: =IFERROR(INDEX('[1]Evaluación de riesgos'!$P$9:$P$28,MATCH(CD!O158,'[1]Evaluación de riesgos'!$B$9:$B$28,0)),"")

Sheet DE
C1: FORMATO MAPA DE RIESGOS | W1: CÓDIGO: MC-F015
W2: VERSIÓN: 03
W3: VIGENTE DESDE: 18/01/2023
A5: IDENTIFICACIÓN DEL PROCESO
A6: Proceso | B6: Direccionamiento Estratégico
A7: Tipo de proceso | B7: Estratégico | G7: Responsable del análisis: | H7: Gerente.
A8: Objetivo del proceso | B8: Definir los planes, políticas, programas y proyectos a corto, mediano y largo plazo, con criterios de sostenibilidad económica, social ambiental y responsabilidad social con el fin de lograr el mejoramiento continuo de los procesos y el cumplimiento de la misión institucional de la Empresa de Servicios públicos de Melgar de EMPUMELGAR E.S.P.
A10: IDENTIFICACIÓN DEL RIESGO | H10: EVALUACIÓN DEL RIESGO INHERENTE | L10: EVALUACIÓN DEL RIESGO RESIDUAL | O10: CONTROLES | T10: OPCIONES DE TRATAMIENTO
A11: Código | B11: Descripción del riesgo (Ejemplo de eventos: Fallas, Incorrecta, Inoportuno, Inadecuado) | C11: Clase de Riesgo | D11: Causas del riesgo | G11: Asociado a Subsistema | H11: Efectos o Consecuencias (Ejemplo: Pérdida, Interrupción, Incumplimiento, Sanciones) | I11: Probabilidad | J11: Impacto | K11: Zona de riesgo inherente | L11: Probabilidad | M11: Impacto | N11: Zona de riesgo residual | O11: Detallado del Control | P11: Naturaleza del Control | Q11: Responsable del monitoreo | R11: Periodicidad del control | S11: Resultado de la evaluación del control | T11: Acciones de Tratamiento | U11: Responsable | V11: Fecha de ejecución (Fecha inicio - Fecha fin) | W11: Resultado Seguimiento | X11: Fecha de Seguimiento
D12: Contexto | E12: Factor | F12: Causa
A13: DE-R001 | B13: Bajo nivel de apropiación del ejercicio de planeación en la Entidad. | C13: Estratégico | D13: Interno | E13: Procesos | F13: Falta de compromiso con la entidad y sus directrices. | G13: Gestión de Calidad | H13: Incumplimiento de directrices relacionadas con la planeación de la entidad. | I13: 3. Posible | J13: 4. Mayor | K13: =IFERROR(VLOOKUP(I13,[2]DATOS!$L$2:$Q$6,MATCH(J13,[2]DATOS!$M$7:$Q$7,0)+1,0),"") -> Extrema | L13: 3. Posible | M13: 3. Moderado | N13: =IFERROR(VLOOKUP(L13,[2]DATOS!$L$2:$Q$6,MATCH(M13,[2]DATOS!$M$7:$Q$7,0)+1,0),"") -> Alta | O13: Comités de seguimiento y sensibilizaciones a los funcionarios. | P13: Preventivo | Q13: Director Administrativo y Financiero. | R13: =IFERROR(INDEX([2]DATOS!$T$3:$T$6,MATCH(DE!N13,[2]DATOS!$S$3:$S$6,0)),"") -> Mensual | S13: ='[2]Evaluación de riesgos'!P9 -> Moderado | T13: Comités Directivos y mesas de trabajo donde se imparten instrucciones a los lideres de los procesos de acuerdo a lo establecido en la de la Plataforma Estratégica. | U13: Gerente | V13: Ene 2025 - Dic 2025 | W13: Comités - Mesas de trabajo realizadas | X13: Periódico.
D14: Interno | E14: Económico | F14: Falta de planeación de los proyectos y programas a corto, mediano y largo plazo. | T14: Comités Directivos con los lideres de los procesos donde realice seguimiento y monitoreo sobre el avance de las actividades fijadas a corto, mediano y largo plazo. | U14: Gerente | V14: Ene 2025 - Dic 2025 | W14: Actas de Comité | X14: Periódico
A15: DE-R002 | B15: Planeación estratégica de la Entidad orientada a validar requerimientos de un grupo específico. | C15: Estratégico | D15: Interno | E15: Procesos | F15: Preferencias a grupos específicos para favorecimientos. | G15: Gestión de Calidad | H15: Favorecimiento a un grupo especifico de la entidad, lo que genera desigualdad y gestión inapropiada en las áreas. | I15: 3. Posible | J15: 3. Moderado | K15: =IFERROR(VLOOKUP(I15,[2]DATOS!$L$2:$Q$6,MATCH(J15,[2]DATOS!$M$7:$Q$7,0)+1,0),"") -> Alta | L15: 3. Posible | M15: 2. Menor | N15: =IFERROR(VLOOKUP(L15,[2]DATOS!$L$2:$Q$6,MATCH(M15,[2]DATOS!$M$7:$Q$7,0)+1,0),"") -> Moderada | O15: Mesas de trabajo para sensibilización de la plataforma estratégica. | P15: Preventivo | Q15: Director Administrativo y Financiero. | R15: Periódico | S15: =IFERROR(INDEX('[2]Evaluación de riesgos'!$P$9:$P$32,MATCH(DE!O15,'[2]Evaluación de riesgos'!$B$9:$B$32,0)),"") -> Moderado | T15: Mesas de trabajo y sensibilización de la plataforma estratégica mediante una metodología participativa. | U15: Gerente | V15: Ene 2025 - Dic 2025 | W15: Funcionarios sensibilizados con respecto a la plataforma estratégica de la entidad. | X15: Periódico.
O16: Seguimiento al Plan Estratégico | P16: Preventivo | S16: Moderado | T16: Respuesta e implementación oportuna de las acciones a desarrollar con base en el plan estratégico. | U16: Gerente | V16: Ene 2025 - Dic 2025 | W16: Documentación actualizada con los lineamientos del Plan Estratégico. | X16: Periódico.
K17: =IFERROR(VLOOKUP(I17,[2]DATOS!$L$2:$Q$6,MATCH(J17,[2]DATOS!$M$7:$Q$7,0)+1,0),"") | N17: =IFERROR(VLOOKUP(L17,[2]DATOS!$L$2:$Q$6,MATCH(M17,[2]DATOS!$M$7:$Q$7,0)+1,0),"") | R17: =IFERROR(INDEX([2]DATOS!$T$3:$T$6,MATCH(DE!N17,[2]DATOS!$S$3:$S$6,0)),"") | S17: =IFERROR(INDEX('[2]Evaluación de riesgos'!$P$9:$P$32,MATCH(DE!O17,'[2]Evaluación de riesgos'!$B$9:$B$32,0)),"")
K18: =IFERROR(VLOOKUP(I18,[2]DATOS!$L$2:$Q$6,MATCH(J18,[2]DATOS!$M$7:$Q$7,0)+1,0),"") | N18: =IFERROR(VLOOKUP(L18,[2]DATOS!$L$2:$Q$6,MATCH(M18,[2]DATOS!$M$7:$Q$7,0)+1,0),"") | R18: =IFERROR(INDEX([2]DATOS!$T$3:$T$6,MATCH(DE!N18,[2]DATOS!$S$3:$S$6,0)),"") | S18: =IFERROR(INDEX('[2]Evaluación de riesgos'!$P$9:$P$32,MATCH(DE!O18,'[2]Evaluación de riesgos'!$B$9:$B$32,0)),"")
K19: =IFERROR(VLOOKUP(I19,[2]DATOS!$L$2:$Q$6,MATCH(J19,[2]DATOS!$M$7:$Q$7,0)+1,0),"") | N19: =IFERROR(VLOOKUP(L19,[2]DATOS!$L$2:$Q$6,MATCH(M19,[2]DATOS!$M$7:$Q$7,0)+1,0),"") | R19: =IFERROR(INDEX([2]DATOS!$T$3:$T$6,MATCH(DE!N19,[2]DATOS!$S$3:$S$6,0)),"") | S19: =IFERROR(INDEX('[2]Evaluación de riesgos'!$P$9:$P$32,MATCH(DE!O19,'[2]Evaluación de riesgos'!$B$9:$B$32,0)),"")
K20: =IFERROR(VLOOKUP(I20,[2]DATOS!$L$2:$Q$6,MATCH(J20,[2]DATOS!$M$7:$Q$7,0)+1,0),"") | N20: =IFERROR(VLOOKUP(L20,[2]DATOS!$L$2:$Q$6,MATCH(M20,[2]DATOS!$M$7:$Q$7,0)+1,0),"") | R20: =IFERROR(INDEX([2]DATOS!$T$3:$T$6,MATCH(DE!N20,[2]DATOS!$S$3:$S$6,0)),"") | S20: =IFERROR(INDEX('[2]Evaluación de riesgos'!$P$9:$P$32,MATCH(DE!O20,'[2]Evaluación de riesgos'!$B$9:$B$32,0)),"")
K21: =IFERROR(VLOOKUP(I21,[2]DATOS!$L$2:$Q$6,MATCH(J21,[2]DATOS!$M$7:$Q$7,0)+1,0),"") | N21: =IFERROR(VLOOKUP(L21,[2]DATOS!$L$2:$Q$6,MATCH(M21,[2]DATOS!$M$7:$Q$7,0)+1,0),"") | R21: =IFERROR(INDEX([2]DATOS!$T$3:$T$6,MATCH(DE!N21,[2]DATOS!$S$3:$S$6,0)),"") | S21: =IFERROR(INDEX('[2]Evaluación de riesgos'!$P$9:$P$32,MATCH(DE!O21,'[2]Evaluación de riesgos'!$B$9:$B$32,0)),"")
K22: =IFERROR(VLOOKUP(I22,[2]DATOS!$L$2:$Q$6,MATCH(J22,[2]DATOS!$M$7:$Q$7,0)+1,0),"") | N22: =IFERROR(VLOOKUP(L22,[2]DATOS!$L$2:$Q$6,MATCH(M22,[2]DATOS!$M$7:$Q$7,0)+1,0),"") | R22: =IFERROR(INDEX([2]DATOS!$T$3:$T$6,MATCH(DE!N22,[2]DATOS!$S$3:$S$6,0)),"") | S22: =IFERROR(INDEX('[2]Evaluación de riesgos'!$P$9:$P$32,MATCH(DE!O22,'[2]Evaluación de riesgos'!$B$9:$B$32,0)),"")
K23: =IFERROR(VLOOKUP(I23,[2]DATOS!$L$2:$Q$6,MATCH(J23,[2]DATOS!$M$7:$Q$7,0)+1,0),"") | N23: =IFERROR(VLOOKUP(L23,[2]DATOS!$L$2:$Q$6,MATCH(M23,[2]DATOS!$M$7:$Q$7,0)+1,0),"") | R23: =IFERROR(INDEX([2]DATOS!$T$3:$T$6,MATCH(DE!N23,[2]DATOS!$S$3:$S$6,0)),"") | S23: =IFERROR(INDEX('[2]Evaluación de riesgos'!$P$9:$P$32,MATCH(DE!O23,'[2]Evaluación de riesgos'!$B$9:$B$32,0)),"")
K24: =IFERROR(VLOOKUP(I24,[2]DATOS!$L$2:$Q$6,MATCH(J24,[2]DATOS!$M$7:$Q$7,0)+1,0),"") | N24: =IFERROR(VLOOKUP(L24,[2]DATOS!$L$2:$Q$6,MATCH(M24,[2]DATOS!$M$7:$Q$7,0)+1,0),"") | R24: =IFERROR(INDEX([2]DATOS!$T$3:$T$6,MATCH(DE!N24,[2]DATOS!$S$3:$S$6,0)),"") | S24: =IFERROR(INDEX('[2]Evaluación de riesgos'!$P$9:$P$32,MATCH(DE!O24,'[2]Evaluación de riesgos'!$B$9:$B$32,0)),"")
K25: =IFERROR(VLOOKUP(I25,[2]DATOS!$L$2:$Q$6,MATCH(J25,[2]DATOS!$M$7:$Q$7,0)+1,0),"") | N25: =IFERROR(VLOOKUP(L25,[2]DATOS!$L$2:$Q$6,MATCH(M25,[2]DATOS!$M$7:$Q$7,0)+1,0),"") | R25: =IFERROR(INDEX([2]DATOS!$T$3:$T$6,MATCH(DE!N25,[2]DATOS!$S$3:$S$6,0)),"") | S25: =IFERROR(INDEX('[2]Evaluación de riesgos'!$P$9:$P$32,MATCH(DE!O25,'[2]Evaluación de riesgos'!$B$9:$B$32,0)),"")
K26: =IFERROR(VLOOKUP(I26,[2]DATOS!$L$2:$Q$6,MATCH(J26,[2]DATOS!$M$7:$Q$7,0)+1,0),"") | N26: =IFERROR(VLOOKUP(L26,[2]DATOS!$L$2:$Q$6,MATCH(M26,[2]DATOS!$M$7:$Q$7,0)+1,0),"") | R26: =IFERROR(INDEX([2]DATOS!$T$3:$T$6,MATCH(DE!N26,[2]DATOS!$S$3:$S$6,0)),"") | S26: =IFERROR(INDEX('[2]Evaluación de riesgos'!$P$9:$P$32,MATCH(DE!O26,'[2]Evaluación de riesgos'!$B$9:$B$32,0)),"")
K27: =IFERROR(VLOOKUP(I27,[2]DATOS!$L$2:$Q$6,MATCH(J27,[2]DATOS!$M$7:$Q$7,0)+1,0),"") | N27: =IFERROR(VLOOKUP(L27,[2]DATOS!$L$2:$Q$6,MATCH(M27,[2]DATOS!$M$7:$Q$7,0)+1,0),"") | R27: =IFERROR(INDEX([2]DATOS!$T$3:$T$6,MATCH(DE!N27,[2]DATOS!$S$3:$S$6,0)),"") | S27: =IFERROR(INDEX('[2]Evaluación de riesgos'!$P$9:$P$32,MATCH(DE!O27,'[2]Evaluación de riesgos'!$B$9:$B$32,0)),"")
K28: =IFERROR(VLOOKUP(I28,[2]DATOS!$L$2:$Q$6,MATCH(J28,[2]DATOS!$M$7:$Q$7,0)+1,0),"") | N28: =IFERROR(VLOOKUP(L28,[2]DATOS!$L$2:$Q$6,MATCH(M28,[2]DATOS!$M$7:$Q$7,0)+1,0),"") | R28: =IFERROR(INDEX([2]DATOS!$T$3:$T$6,MATCH(DE!N28,[2]DATOS!$S$3:$S$6,0)),"") | S28: =IFERROR(INDEX('[2]Evaluación de riesgos'!$P$9:$P$32,MATCH(DE!O28,'[2]Evaluación de riesgos'!$B$9:$B$32,0)),"")
... K162: =IFERROR(VLOOKUP(I162,[2]DATOS!$L$2:$Q$6,MATCH(J162,[2]DATOS!$M$7:$Q$7,0)+1,0),"") | N162: =IFERROR(VLOOKUP(L162,[2]DATOS!$L$2:$Q$6,MATCH(M162,[2]DATOS!$M$7:$Q$7,0)+1,0),"") | R162: =IFERROR(INDEX([2]DATOS!$T$3:$T$6,MATCH(DE!N162,[2]DATOS!$S$3:$S$6,0)),"") | S162: =IFERROR(INDEX('[2]Evaluación de riesgos'!$P$9:$P$32,MATCH(DE!O162,'[2]Evaluación de riesgos'!$B$9:$B$32,0)),"")

Sheet EI
C1: FORMATO MAPA DE RIESGOS | W1: CÓDIGO: MC-F011
W2: VERSIÓN: 05
W3: VIGENTE DESDE: 18/01/2023
A5: IDENTIFICACIÓN DEL PROCESO
A6: Proceso | B6: Evaluación Institucional
A7: Tipo de proceso | B7: Evaluación Institucional | G7: Responsable del análisis: | H7: Oficina de Control Interno
A8: Objetivo del proceso | B8: Definir los planes, políticas, programas y proyectos a corto, mediano y largo plazo, con criterios de sostenibilidad económica, social ambiental y responsabilidad social con el fin de lograr el mejoramiento continuo de los procesos y el cumplimiento de la misión institucional de la Empresa de Servicios públicos de Melgar de EMPUMELGAR E.S.P.
A10: IDENTIFICACIÓN DEL RIESGO | H10: EVALUACIÓN DEL RIESGO INHERENTE | L10: EVALUACIÓN DEL RIESGO RESIDUAL | O10: CONTROLES | T10: OPCIONES DE TRATAMIENTO
A11: Código | B11: Descripción del riesgo (Ejemplo de eventos: Fallas, Incorrecta, Inoportuno, Inadecuado) | C11: Clase de Riesgo | D11: Causas del riesgo | G11: Asociado a Subsistema | H11: Efectos o Consecuencias (Ejemplo: Pérdida, Interrupción, Incumplimiento, Sanciones) | I11: Probabilidad | J11: Impacto | K11: Zona de riesgo inherente | L11: Probabilidad | M11: Impacto | N11: Zona de riesgo residual | O11: Detallado del Control | P11: Naturaleza del Control | Q11: Responsable del monitoreo | R11: Periodicidad del control | S11: Resultado de la evaluación del control | T11: Acciones de Tratamiento | U11: Responsable | V11: Fecha de ejecución (Fecha inicio - Fecha fin) | W11: Resultado Seguimiento | X11: Fecha de Seguimiento
D12: Contexto | E12: Factor | F12: Causa
A13: EI-R001 | B13: Presentación extemporánea de informes de control interno a entes de control y partes interesadas | C13: De Cumplimiento | D13: Del Proceso | E13: Procesos | F13: Inexistencia de un cronograma que establezca los informes que deben presentarse con los términos respectivos | G13: Seguridad de la Información | H13: Sanciones para la entidad. Pérdida de imagen institucional. | I13: 1. Rara Vez | J13: 3. Moderado | K13: =IFERROR(VLOOKUP(I13,[3]DATOS!$L$2:$Q$6,MATCH(J13,[3]DATOS!$M$7:$Q$7,0)+1,0),"") -> Moderada | L13: 1. Rara Vez | M13: 2. Menor | N13: =IFERROR(VLOOKUP(L13,[3]DATOS!$L$2:$Q$6,MATCH(M13,[3]DATOS!$M$7:$Q$7,0)+1,0),"") -> Baja | O13: Elaborar un cronograma con los informes que deben presentarse y los términos de presentación. | P13: Preventivo | Q13: Julie Mabel Reyes Torres | R13: Trimestral | S13: =IFERROR(INDEX('[3]Evaluación de riesgos'!$P$9:$P$28,MATCH(EI!O13,'[3]Evaluación de riesgos'!$B$9:$B$28,0)),"") -> Moderado | T13: Creación del cronograma atendiendo a los lineamiento de entes de control y seguimiento para verificar el cumplimiento de fechas | U13: Director Evaluación Institucional | V13: Enero a Diciembre de 2025 | W13: entrega de información a tiempo | X13: Periódico.
A14: EI-R002 | B14: Incumplimiento con el programa de Auditorias Internas de gestión | C14: De Cumplimiento | D14: Del Proceso | E14: Personal | F14: no contar con el recurso humano de apoyo y la documentación necesaria a tiempo para llevar a cabo las auditorias | G14: Seguridad de la Información | H14: Afectación al Modelo Estándar de Control interno para el cumplimiento de los roles y desarrollo de los componentes de acuerdo a la normativa pertinente. Incumplimiento con nuestro Sistema de Calidad | I14: 3. Posible | J14: 3. Moderado | K14: =IFERROR(VLOOKUP(I14,[3]DATOS!$L$2:$Q$6,MATCH(J14,[3]DATOS!$M$7:$Q$7,0)+1,0),"") -> Alta | L14: 3. Posible | M14: 2. Menor | N14: =IFERROR(VLOOKUP(L14,[3]DATOS!$L$2:$Q$6,MATCH(M14,[3]DATOS!$M$7:$Q$7,0)+1,0),"") -> Moderada | O14: Conformar el grupo de auditoria de la entidad | P14: Preventivo | Q14: Julie Mabel Reyes Torres | R14: =IFERROR(INDEX([3]DATOS!$T$3:$T$6,MATCH(EI!N14,[3]DATOS!$S$3:$S$6,0)),"") -> Trimestral | S14: =IFERROR(INDEX('[3]Evaluación de riesgos'!$P$9:$P$28,MATCH(EI!O14,'[3]Evaluación de riesgos'!$B$9:$B$28,0)),"") -> Débil | T14: personal de apoyo para llevar a cabo las auditorias | U14: Director Evaluación Institucional | V14: Enero a Diciembre de 2025 | W14: auditorias internas de gestión a todos los procesos | X14: Periódico.
A15: EI-R003 | B15: Incumplimiento con el código de ética del servidor publico | C15: Estratégico | D15: Interno | E15: Personal | F15: inexistencia y adopción del código de ética del auditor | G15: Seguridad de la Información | H15: mala praxis del profesional, conflicto de intereses y perdida de la credibilidad y confiabilidad en el desarrollo de labores del profesional a cargo | I15: 3. Posible | J15: 3. Moderado | K15: =IFERROR(VLOOKUP(I15,[3]DATOS!$L$2:$Q$6,MATCH(J15,[3]DATOS!$M$7:$Q$7,0)+1,0),"") -> Alta | L15: 3. Posible | M15: 2. Menor | N15: =IFERROR(VLOOKUP(L15,[3]DATOS!$L$2:$Q$6,MATCH(M15,[3]DATOS!$M$7:$Q$7,0)+1,0),"") -> Moderada | O15: Actualización del código de ética del auditor conforme a los lineamientos establecidos por la Función Publica. | P15: Correctivo | Q15: Julie Mabel Reyes Torres | R15: =IFERROR(INDEX([3]DATOS!$T$3:$T$6,MATCH(EI!N15,[3]DATOS!$S$3:$S$6,0)),"") -> Trimestral | S15: =IFERROR(INDEX('[3]Evaluación de riesgos'!$P$9:$P$28,MATCH(EI!O15,'[3]Evaluación de riesgos'!$B$9:$B$28,0)),"") -> Moderado | T15: actualizar el código de ética del auditor Resolución 120 de 2018 | U15: Director Evaluación Institucional | V15: Enero a Diciembre de 2025 | W15: Integridad y Objetividad del Funcionario Publico | X15: Periódico.
K16: =IFERROR(VLOOKUP(I16,[3]DATOS!$L$2:$Q$6,MATCH(J16,[3]DATOS!$M$7:$Q$7,0)+1,0),"") | N16: =IFERROR(VLOOKUP(L16,[3]DATOS!$L$2:$Q$6,MATCH(M16,[3]DATOS!$M$7:$Q$7,0)+1,0),"") | R16: =IFERROR(INDEX([3]DATOS!$T$3:$T$6,MATCH(EI!N16,[3]DATOS!$S$3:$S$6,0)),"") | S16: =IFERROR(INDEX('[3]Evaluación de riesgos'!$P$9:$P$28,MATCH(EI!O16,'[3]Evaluación de riesgos'!$B$9:$B$28,0)),"")
K17: =IFERROR(VLOOKUP(I17,[3]DATOS!$L$2:$Q$6,MATCH(J17,[3]DATOS!$M$7:$Q$7,0)+1,0),"") | N17: =IFERROR(VLOOKUP(L17,[3]DATOS!$L$2:$Q$6,MATCH(M17,[3]DATOS!$M$7:$Q$7,0)+1,0),"") | R17: =IFERROR(INDEX([3]DATOS!$T$3:$T$6,MATCH(EI!N17,[3]DATOS!$S$3:$S$6,0)),"") | S17: =IFERROR(INDEX('[3]Evaluación de riesgos'!$P$9:$P$28,MATCH(EI!O17,'[3]Evaluación de riesgos'!$B$9:$B$28,0)),"")
K18: =IFERROR(VLOOKUP(I18,[3]DATOS!$L$2:$Q$6,MATCH(J18,[3]DATOS!$M$7:$Q$7,0)+1,0),"") | N18: =IFERROR(VLOOKUP(L18,[3]DATOS!$L$2:$Q$6,MATCH(M18,[3]DATOS!$M$7:$Q$7,0)+1,0),"") | R18: =IFERROR(INDEX([3]DATOS!$T$3:$T$6,MATCH(EI!N18,[3]DATOS!$S$3:$S$6,0)),"") | S18: =IFERROR(INDEX('[3]Evaluación de riesgos'!$P$9:$P$28,MATCH(EI!O18,'[3]Evaluación de riesgos'!$B$9:$B$28,0)),"")
K19: =IFERROR(VLOOKUP(I19,[3]DATOS!$L$2:$Q$6,MATCH(J19,[3]DATOS!$M$7:$Q$7,0)+1,0),"") | N19: =IFERROR(VLOOKUP(L19,[3]DATOS!$L$2:$Q$6,MATCH(M19,[3]DATOS!$M$7:$Q$7,0)+1,0),"") | R19: =IFERROR(INDEX([3]DATOS!$T$3:$T$6,MATCH(EI!N19,[3]DATOS!$S$3:$S$6,0)),"") | S19: =IFERROR(INDEX('[3]Evaluación de riesgos'!$P$9:$P$28,MATCH(EI!O19,'[3]Evaluación de riesgos'!$B$9:$B$28,0)),"")
K20: =IFERROR(VLOOKUP(I20,[3]DATOS!$L$2:$Q$6,MATCH(J20,[3]DATOS!$M$7:$Q$7,0)+1,0),"") | N20: =IFERROR(VLOOKUP(L20,[3]DATOS!$L$2:$Q$6,MATCH(M20,[3]DATOS!$M$7:$Q$7,0)+1,0),"") | R20: =IFERROR(INDEX([3]DATOS!$T$3:$T$6,MATCH(EI!N20,[3]DATOS!$S$3:$S$6,0)),"") | S20: =IFERROR(INDEX('[3]Evaluación de riesgos'!$P$9:$P$28,MATCH(EI!O20,'[3]Evaluación de riesgos'!$B$9:$B$28,0)),"")
K21: =IFERROR(VLOOKUP(I21,[3]DATOS!$L$2:$Q$6,MATCH(J21,[3]DATOS!$M$7:$Q$7,0)+1,0),"") | N21: =IFERROR(VLOOKUP(L21,[3]DATOS!$L$2:$Q$6,MATCH(M21,[3]DATOS!$M$7:$Q$7,0)+1,0),"") | R21: =IFERROR(INDEX([3]DATOS!$T$3:$T$6,MATCH(EI!N21,[3]DATOS!$S$3:$S$6,0)),"") | S21: =IFERROR(INDEX('[3]Evaluación de riesgos'!$P$9:$P$28,MATCH(EI!O21,'[3]Evaluación de riesgos'!$B$9:$B$28,0)),"")
K22: =IFERROR(VLOOKUP(I22,[3]DATOS!$L$2:$Q$6,MATCH(J22,[3]DATOS!$M$7:$Q$7,0)+1,0),"") | N22: =IFERROR(VLOOKUP(L22,[3]DATOS!$L$2:$Q$6,MATCH(M22,[3]DATOS!$M$7:$Q$7,0)+1,0),"") | R22: =IFERROR(INDEX([3]DATOS!$T$3:$T$6,MATCH(EI!N22,[3]DATOS!$S$3:$S$6,0)),"") | S22: =IFERROR(INDEX('[3]Evaluación de riesgos'!$P$9:$P$28,MATCH(EI!O22,'[3]Evaluación de riesgos'!$B$9:$B$28,0)),"")
K23: =IFERROR(VLOOKUP(I23,[3]DATOS!$L$2:$Q$6,MATCH(J23,[3]DATOS!$M$7:$Q$7,0)+1,0),"") | N23: =IFERROR(VLOOKUP(L23,[3]DATOS!$L$2:$Q$6,MATCH(M23,[3]DATOS!$M$7:$Q$7,0)+1,0),"") | R23: =IFERROR(INDEX([3]DATOS!$T$3:$T$6,MATCH(EI!N23,[3]DATOS!$S$3:$S$6,0)),"") | S23: =IFERROR(INDEX('[3]Evaluación de riesgos'!$P$9:$P$28,MATCH(EI!O23,'[3]Evaluación de riesgos'!$B$9:$B$28,0)),"")
K24: =IFERROR(VLOOKUP(I24,[3]DATOS!$L$2:$Q$6,MATCH(J24,[3]DATOS!$M$7:$Q$7,0)+1,0),"") | N24: =IFERROR(VLOOKUP(L24,[3]DATOS!$L$2:$Q$6,MATCH(M24,[3]DATOS!$M$7:$Q$7,0)+1,0),"") | R24: =IFERROR(INDEX([3]DATOS!$T$3:$T$6,MATCH(EI!N24,[3]DATOS!$S$3:$S$6,0)),"") | S24: =IFERROR(INDEX('[3]Evaluación de riesgos'!$P$9:$P$28,MATCH(EI!O24,'[3]Evaluación de riesgos'!$B$9:$B$28,0)),"")
K25: =IFERROR(VLOOKUP(I25,[3]DATOS!$L$2:$Q$6,MATCH(J25,[3]DATOS!$M$7:$Q$7,0)+1,0),"") | N25: =IFERROR(VLOOKUP(L25,[3]DATOS!$L$2:$Q$6,MATCH(M25,[3]DATOS!$M$7:$Q$7,0)+1,0),"") | R25: =IFERROR(INDEX([3]DATOS!$T$3:$T$6,MATCH(EI!N25,[3]DATOS!$S$3:$S$6,0)),"") | S25: =IFERROR(INDEX('[3]Evaluación de riesgos'!$P$9:$P$28,MATCH(EI!O25,'[3]Evaluación de riesgos'!$B$9:$B$28,0)),"")
K26: =IFERROR(VLOOKUP(I26,[3]DATOS!$L$2:$Q$6,MATCH(J26,[3]DATOS!$M$7:$Q$7,0)+1,0),"") | N26: =IFERROR(VLOOKUP(L26,[3]DATOS!$L$2:$Q$6,MATCH(M26,[3]DATOS!$M$7:$Q$7,0)+1,0),"") | R26: =IFERROR(INDEX([3]DATOS!$T$3:$T$6,MATCH(EI!N26,[3]DATOS!$S$3:$S$6,0)),"") | S26: =IFERROR(INDEX('[3]Evaluación de riesgos'!$P$9:$P$28,MATCH(EI!O26,'[3]Evaluación de riesgos'!$B$9:$B$28,0)),"")
K27: =IFERROR(VLOOKUP(I27,[3]DATOS!$L$2:$Q$6,MATCH(J27,[3]DATOS!$M$7:$Q$7,0)+1,0),"") | N27: =IFERROR(VLOOKUP(L27,[3]DATOS!$L$2:$Q$6,MATCH(M27,[3]DATOS!$M$7:$Q$7,0)+1,0),"") | R27: =IFERROR(INDEX([3]DATOS!$T$3:$T$6,MATCH(EI!N27,[3]DATOS!$S$3:$S$6,0)),"") | S27: =IFERROR(INDEX('[3]Evaluación de riesgos'!$P$9:$P$28,MATCH(EI!O27,'[3]Evaluación de riesgos'!$B$9:$B$28,0)),"")
... K158: =IFERROR(VLOOKUP(I158,[3]DATOS!$L$2:$Q$6,MATCH(J158,[3]DATOS!$M$7:$Q$7,0)+1,0),"") | N158: =IFERROR(VLOOKUP(L158,[3]DATOS!$L$2:$Q$6,MATCH(M158,[3]DATOS!$M$7:$Q$7,0)+1,0),"") | R158: =IFERROR(INDEX([3]DATOS!$T$3:$T$6,MATCH(EI!N158,[3]DATOS!$S$3:$S$6,0)),"") | S158: =IFERROR(INDEX('[3]Evaluación de riesgos'!$P$9:$P$28,MATCH(EI!O158,'[3]Evaluación de riesgos'!$B$9:$B$28,0)),"")

Sheet GA
C1: FORMATO MAPA DE RIESGOS | W1: CÓDIGO: MC-F011
W2: VERSIÓN: 05
W3: VIGENTE DESDE: 18/01/2023
A5: IDENTIFICACIÓN DEL PROCESO
A6: Proceso | B6: Gestión Ambiental
A7: Tipo de proceso | B7: Apoyo | G7: Responsable del análisis: | H7: Director(a) Planeación, Calidad y Desarrollo Corporativo
A8: Objetivo del proceso | B8: Definir los planes, políticas, programas y proyectos a corto, mediano y largo plazo, con criterios de sostenibilidad económica, social ambiental y responsabilidad social con el fin de lograr el mejoramiento continuo de los procesos y el cumplimiento de la misión institucional de la Empresa de Servicios públicos de Melgar de EMPUMELGAR E.S.P.
A10: IDENTIFICACIÓN DEL RIESGO | H10: EVALUACIÓN DEL RIESGO INHERENTE | L10: EVALUACIÓN DEL RIESGO RESIDUAL | O10: CONTROLES | T10: OPCIONES DE TRATAMIENTO
A11: Código | B11: Descripción del riesgo (Ejemplo de eventos: Fallas, Incorrecta, Inoportuno, Inadecuado) | C11: Clase de Riesgo | D11: Causas del riesgo | G11: Asociado a Subsistema | H11: Efectos o Consecuencias (Ejemplo: Pérdida, Interrupción, Incumplimiento, Sanciones) | I11: Probabilidad | J11: Impacto | K11: Zona de riesgo inherente | L11: Probabilidad | M11: Impacto | N11: Zona de riesgo residual | O11: Detallado del Control | P11: Naturaleza del Control | Q11: Responsable del monitoreo | R11: Periodicidad del control | S11: Resultado de la evaluación del control | T11: Acciones de Tratamiento | U11: Responsable | V11: Fecha de ejecución (Fecha inicio - Fecha fin) | W11: Resultado Seguimiento | X11: Fecha de Seguimiento
D12: Contexto | E12: Factor | F12: Causa
A13: GA-R001 | B13: Inadecuada e inoportuna identificación de requisitos legales aplicables a la entidad en cuanto a la gestión ambiental. | C13: De Cumplimiento | D13: Interno | E13: Procesos | F13: Falta de capacitación y control en la legislación aplicable a la entidad en cuanto a su gestión ambiental | G13: Gestión Ambiental | H13: Incumplimiento de las normas legales aplicables de gestión ambiental en la entidad. | I13: 3. Posible | J13: 3. Moderado | K13: =IFERROR(VLOOKUP(I13,[4]DATOS!$L$2:$Q$6,MATCH(J13,[4]DATOS!$M$7:$Q$7,0)+1,0),"") -> Alta | L13: 3. Posible | M13: 2. Menor | N13: =IFERROR(VLOOKUP(L13,[4]DATOS!$L$2:$Q$6,MATCH(M13,[4]DATOS!$M$7:$Q$7,0)+1,0),"") -> Moderada | O13: Revisión y actualización de las normas aplicables al sistema de gestión ambiental | P13: Preventivo | Q13: Directora de regulación, calidad y medio ambiente | R13: Trimestral | S13: Moderado | T13: Sensibilizaciones y capacitaciones al personal de la entidad, por parte de la gestión ambiental de la empresa | U13: Directora de regulación, calidad y medio ambiente | V13: Enero 2025 - Diciembre 2025 | W13: Funcionarios Capacitados | X13: Periódico
A14: GA-R002 | B14: Inadecuado uso de los recursos (Hídrico y energético). | C14: De Cumplimiento | D14: Interno | E14: Procesos | F14: Falta de capacitación y sensibilización sobre el uso eficiente de los recursos | G14: Gestión Ambiental | H14: Consumo elevado de los recursos | I14: 3. Posible | J14: 3. Moderado | K14: =IFERROR(VLOOKUP(I14,[4]DATOS!$L$2:$Q$6,MATCH(J14,[4]DATOS!$M$7:$Q$7,0)+1,0),"") -> Alta | L14: 3. Posible | M14: 2. Menor | N14: =IFERROR(VLOOKUP(L14,[4]DATOS!$L$2:$Q$6,MATCH(M14,[4]DATOS!$M$7:$Q$7,0)+1,0),"") -> Moderada | O14: Charlas de sensibilización y concienciación de las buenas practicas ambientales en la entidad | P14: Preventivo | Q14: Directora de regulación, calidad y medio ambiente | R14: Trimestral | S14: Moderado | T14: Charlas de sensibilización y concienciación en el consumo. | U14: Directora de regulación, calidad y medio ambiente | V14: Enero 2025 - Diciembre 2025 | W14: Funcionarios Capacitados | X14: Periódico
C15: De Cumplimiento | D15: Interno | E15: Procesos | F15: Incumplimiento a los seguimientos semestrales de los consumos | G15: Gestión Ambiental | H15: Consumo elevado de los recursos | I15: 3. Posible | J15: 3. Moderado | K15: =IFERROR(VLOOKUP(I15,[4]DATOS!$L$2:$Q$6,MATCH(J15,[4]DATOS!$M$7:$Q$7,0)+1,0),"") -> Alta | L15: 3. Posible | M15: 2. Menor | N15: =IFERROR(VLOOKUP(L15,[4]DATOS!$L$2:$Q$6,MATCH(M15,[4]DATOS!$M$7:$Q$7,0)+1,0),"") -> Moderada | O15: Seguimiento al comportamiento de los consumos con un estudio de ecoeficiencia. | P15: Detectivo | Q15: Directora de regulación, calidad y medio ambiente | R15: Trimestral | S15: Débil | T15: Seguimiento al comportamiento de los consumos con un estudio de ecoeficiencia. | U15: Directora de regulación, calidad y medio ambiente | V15: Enero 2025 - Diciembre 2025 | W15: Informes de ecoeficiencia | X15: Semestral
K16: =IFERROR(VLOOKUP(I16,[4]DATOS!$L$2:$Q$6,MATCH(J16,[4]DATOS!$M$7:$Q$7,0)+1,0),"") | N16: =IFERROR(VLOOKUP(L16,[4]DATOS!$L$2:$Q$6,MATCH(M16,[4]DATOS!$M$7:$Q$7,0)+1,0),"") | R16: =IFERROR(INDEX([4]DATOS!$T$3:$T$6,MATCH(GA!N16,[4]DATOS!$S$3:$S$6,0)),"") | S16: =IFERROR(INDEX('[4]Evaluación de riesgos'!$P$9:$P$28,MATCH(GA!O16,'[4]Evaluación de riesgos'!$B$9:$B$28,0)),"")
K17: =IFERROR(VLOOKUP(I17,[4]DATOS!$L$2:$Q$6,MATCH(J17,[4]DATOS!$M$7:$Q$7,0)+1,0),"") | N17: =IFERROR(VLOOKUP(L17,[4]DATOS!$L$2:$Q$6,MATCH(M17,[4]DATOS!$M$7:$Q$7,0)+1,0),"") | R17: =IFERROR(INDEX([4]DATOS!$T$3:$T$6,MATCH(GA!N17,[4]DATOS!$S$3:$S$6,0)),"") | S17: =IFERROR(INDEX('[4]Evaluación de riesgos'!$P$9:$P$28,MATCH(GA!O17,'[4]Evaluación de riesgos'!$B$9:$B$28,0)),"")
K18: =IFERROR(VLOOKUP(I18,[4]DATOS!$L$2:$Q$6,MATCH(J18,[4]DATOS!$M$7:$Q$7,0)+1,0),"") | N18: =IFERROR(VLOOKUP(L18,[4]DATOS!$L$2:$Q$6,MATCH(M18,[4]DATOS!$M$7:$Q$7,0)+1,0),"") | R18: =IFERROR(INDEX([4]DATOS!$T$3:$T$6,MATCH(GA!N18,[4]DATOS!$S$3:$S$6,0)),"") | S18: =IFERROR(INDEX('[4]Evaluación de riesgos'!$P$9:$P$28,MATCH(GA!O18,'[4]Evaluación de riesgos'!$B$9:$B$28,0)),"")
K19: =IFERROR(VLOOKUP(I19,[4]DATOS!$L$2:$Q$6,MATCH(J19,[4]DATOS!$M$7:$Q$7,0)+1,0),"") | N19: =IFERROR(VLOOKUP(L19,[4]DATOS!$L$2:$Q$6,MATCH(M19,[4]DATOS!$M$7:$Q$7,0)+1,0),"") | R19: =IFERROR(INDEX([4]DATOS!$T$3:$T$6,MATCH(GA!N19,[4]DATOS!$S$3:$S$6,0)),"") | S19: =IFERROR(INDEX('[4]Evaluación de riesgos'!$P$9:$P$28,MATCH(GA!O19,'[4]Evaluación de riesgos'!$B$9:$B$28,0)),"")
K20: =IFERROR(VLOOKUP(I20,[4]DATOS!$L$2:$Q$6,MATCH(J20,[4]DATOS!$M$7:$Q$7,0)+1,0),"") | N20: =IFERROR(VLOOKUP(L20,[4]DATOS!$L$2:$Q$6,MATCH(M20,[4]DATOS!$M$7:$Q$7,0)+1,0),"") | R20: =IFERROR(INDEX([4]DATOS!$T$3:$T$6,MATCH(GA!N20,[4]DATOS!$S$3:$S$6,0)),"") | S20: =IFERROR(INDEX('[4]Evaluación de riesgos'!$P$9:$P$28,MATCH(GA!O20,'[4]Evaluación de riesgos'!$B$9:$B$28,0)),"")
K21: =IFERROR(VLOOKUP(I21,[4]DATOS!$L$2:$Q$6,MATCH(J21,[4]DATOS!$M$7:$Q$7,0)+1,0),"") | N21: =IFERROR(VLOOKUP(L21,[4]DATOS!$L$2:$Q$6,MATCH(M21,[4]DATOS!$M$7:$Q$7,0)+1,0),"") | R21: =IFERROR(INDEX([4]DATOS!$T$3:$T$6,MATCH(GA!N21,[4]DATOS!$S$3:$S$6,0)),"") | S21: =IFERROR(INDEX('[4]Evaluación de riesgos'!$P$9:$P$28,MATCH(GA!O21,'[4]Evaluación de riesgos'!$B$9:$B$28,0)),"")
K22: =IFERROR(VLOOKUP(I22,[4]DATOS!$L$2:$Q$6,MATCH(J22,[4]DATOS!$M$7:$Q$7,0)+1,0),"") | N22: =IFERROR(VLOOKUP(L22,[4]DATOS!$L$2:$Q$6,MATCH(M22,[4]DATOS!$M$7:$Q$7,0)+1,0),"") | R22: =IFERROR(INDEX([4]DATOS!$T$3:$T$6,MATCH(GA!N22,[4]DATOS!$S$3:$S$6,0)),"") | S22: =IFERROR(INDEX('[4]Evaluación de riesgos'!$P$9:$P$28,MATCH(GA!O22,'[4]Evaluación de riesgos'!$B$9:$B$28,0)),"")
K23: =IFERROR(VLOOKUP(I23,[4]DATOS!$L$2:$Q$6,MATCH(J23,[4]DATOS!$M$7:$Q$7,0)+1,0),"") | N23: =IFERROR(VLOOKUP(L23,[4]DATOS!$L$2:$Q$6,MATCH(M23,[4]DATOS!$M$7:$Q$7,0)+1,0),"") | R23: =IFERROR(INDEX([4]DATOS!$T$3:$T$6,MATCH(GA!N23,[4]DATOS!$S$3:$S$6,0)),"") | S23: =IFERROR(INDEX('[4]Evaluación de riesgos'!$P$9:$P$28,MATCH(GA!O23,'[4]Evaluación de riesgos'!$B$9:$B$28,0)),"")
K24: =IFERROR(VLOOKUP(I24,[4]DATOS!$L$2:$Q$6,MATCH(J24,[4]DATOS!$M$7:$Q$7,0)+1,0),"") | N24: =IFERROR(VLOOKUP(L24,[4]DATOS!$L$2:$Q$6,MATCH(M24,[4]DATOS!$M$7:$Q$7,0)+1,0),"") | R24: =IFERROR(INDEX([4]DATOS!$T$3:$T$6,MATCH(GA!N24,[4]DATOS!$S$3:$S$6,0)),"") | S24: =IFERROR(INDEX('[4]Evaluación de riesgos'!$P$9:$P$28,MATCH(GA!O24,'[4]Evaluación de riesgos'!$B$9:$B$28,0)),"")
K25: =IFERROR(VLOOKUP(I25,[4]DATOS!$L$2:$Q$6,MATCH(J25,[4]DATOS!$M$7:$Q$7,0)+1,0),"") | N25: =IFERROR(VLOOKUP(L25,[4]DATOS!$L$2:$Q$6,MATCH(M25,[4]DATOS!$M$7:$Q$7,0)+1,0),"") | R25: =IFERROR(INDEX([4]DATOS!$T$3:$T$6,MATCH(GA!N25,[4]DATOS!$S$3:$S$6,0)),"") | S25: =IFERROR(INDEX('[4]Evaluación de riesgos'!$P$9:$P$28,MATCH(GA!O25,'[4]Evaluación de riesgos'!$B$9:$B$28,0)),"")
K26: =IFERROR(VLOOKUP(I26,[4]DATOS!$L$2:$Q$6,MATCH(J26,[4]DATOS!$M$7:$Q$7,0)+1,0),"") | N26: =IFERROR(VLOOKUP(L26,[4]DATOS!$L$2:$Q$6,MATCH(M26,[4]DATOS!$M$7:$Q$7,0)+1,0),"") | R26: =IFERROR(INDEX([4]DATOS!$T$3:$T$6,MATCH(GA!N26,[4]DATOS!$S$3:$S$6,0)),"") | S26: =IFERROR(INDEX('[4]Evaluación de riesgos'!$P$9:$P$28,MATCH(GA!O26,'[4]Evaluación de riesgos'!$B$9:$B$28,0)),"")
K27: =IFERROR(VLOOKUP(I27,[4]DATOS!$L$2:$Q$6,MATCH(J27,[4]DATOS!$M$7:$Q$7,0)+1,0),"") | N27: =IFERROR(VLOOKUP(L27,[4]DATOS!$L$2:$Q$6,MATCH(M27,[4]DATOS!$M$7:$Q$7,0)+1,0),"") | R27: =IFERROR(INDEX([4]DATOS!$T$3:$T$6,MATCH(GA!N27,[4]DATOS!$S$3:$S$6,0)),"") | S27: =IFERROR(INDEX('[4]Evaluación de riesgos'!$P$9:$P$28,MATCH(GA!O27,'[4]Evaluación de riesgos'!$B$9:$B$28,0)),"")
... K158: =IFERROR(VLOOKUP(I158,[4]DATOS!$L$2:$Q$6,MATCH(J158,[4]DATOS!$M$7:$Q$7,0)+1,0),"") | N158: =IFERROR(VLOOKUP(L158,[4]DATOS!$L$2:$Q$6,MATCH(M158,[4]DATOS!$M$7:$Q$7,0)+1,0),"") | R158: =IFERROR(INDEX([4]DATOS!$T$3:$T$6,MATCH(GA!N158,[4]DATOS!$S$3:$S$6,0)),"") | S158: =IFERROR(INDEX('[4]Evaluación de riesgos'!$P$9:$P$28,MATCH(GA!O158,'[4]Evaluación de riesgos'!$B$9:$B$28,0)),"")

Sheet GC
C1: FORMATO MAPA DE RIESGOS | W1: CÓDIGO: MC-F015
W2: VERSIÓN: 03
W3: VIGENTE DESDE: 18/01/2023
A5: IDENTIFICACIÓN DEL PROCESO
A6: Proceso | B6: Gestión Comercial
A7: Tipo de proceso | B7: Misional | G7: Responsable del análisis: | H7: Director Comercial.
A8: Objetivo del proceso | B8: Atender los procesos de facturación del servicio, suspensión del servicio, fraudes, medición de consumo y peticiones, quejas, reclamos y sugerencias (PQRS) de los usuarios del servicio de acueducto y alcantarillado.
A10: IDENTIFICACIÓN DEL RIESGO | H10: EVALUACIÓN DEL RIESGO INHERENTE | L10: EVALUACIÓN DEL RIESGO RESIDUAL | O10: CONTROLES | T10: OPCIONES DE TRATAMIENTO
A11: Código | B11: Descripción del riesgo (Ejemplo de eventos: Fallas, Incorrecta, Inoportuno, Inadecuado) | C11: Clase de Riesgo | D11: Causas del riesgo | G11: Asociado a Subsistema | H11: Efectos o Consecuencias (Ejemplo: Pérdida, Interrupción, Incumplimiento, Sanciones) | I11: Probabilidad | J11: Impacto | K11: Zona de riesgo inherente | L11: Probabilidad | M11: Impacto | N11: Zona de riesgo residual | O11: Detallado del Control | P11: Naturaleza del Control | Q11: Responsable del monitoreo | R11: Periodicidad del control | S11: Resultado de la evaluación del control | T11: Acciones de Tratamiento | U11: Responsable | V11: Fecha de ejecución (Fecha inicio - Fecha fin) | W11: Resultado Seguimiento | X11: Fecha de Seguimiento
D12: Contexto | E12: Factor | F12: Causa
A13: GC-R001 | B13: Incumplimiento del programa de Micromedición | C13: Operativo | D13: Interno | E13: Económico | F13: No realizar compra de equipos por parte de la empresa, no realizar la planificación en el Plan Anual de Adquisición | G13: Gestión de Calidad | H13: No Obtener de la empresa la medición de sus consumos reales mediante instrumentos tecnológicos apropiados | I13: 1. Rara Vez | J13: 3. Moderado | K13: =IFERROR(VLOOKUP(I13,[5]DATOS!$L$2:$Q$6,MATCH(J13,[5]DATOS!$M$7:$Q$7,0)+1,0),"") -> Moderada | L13: 1. Rara Vez | M13: 2. Menor | N13: =IFERROR(VLOOKUP(L13,[5]DATOS!$L$2:$Q$6,MATCH(M13,[5]DATOS!$M$7:$Q$7,0)+1,0),"") -> Baja | O13: Planificación y compra de los equipos conforme al plan Anual de Adquisición | P13: Preventivo | Q13: Profesional Universitario Comercial. | R13: Trimestral | S13: =IFERROR(INDEX('[5]Evaluación de riesgos'!$P$9:$P$28,MATCH(GC!O13,'[5]Evaluación de riesgos'!$B$9:$B$28,0)),"") -> Fuerte | T13: Compra equipos de medida, de acuerdo a la planificación previa. | U13: Director comercial.-Profesional para el cumplimiento de la Misión | V13: Ene 2025 - Dic 2025 | W13: Seguimiento contractual del proveedor | X13: Periódico.
C14: Operativo | D14: Externo | E14: Económico | F14: Pérdida de capacidad económica para pago del equipo por parte del usuario. | G14: Gestión de Calidad | H14: No Obtener de la empresa la medición de sus consumos reales mediante instrumentos tecnológicos apropiados | I14: 1. Rara Vez | J14: 3. Moderado | K14: =IFERROR(VLOOKUP(I14,[5]DATOS!$L$2:$Q$6,MATCH(J14,[5]DATOS!$M$7:$Q$7,0)+1,0),"") -> Moderada | L14: 1. Rara Vez | M14: 2. Menor | N14: =IFERROR(VLOOKUP(L14,[5]DATOS!$L$2:$Q$6,MATCH(M14,[5]DATOS!$M$7:$Q$7,0)+1,0),"") -> Baja | O14: Consulta estado de Medición aplicativo Siinco .Programar revisión según criterios | P14: Preventivo | Q14: Profesional Universitario Comercial. | R14: Trimestral | S14: =IFERROR(INDEX('[5]Evaluación de riesgos'!$P$9:$P$28,MATCH(GC!O14,'[5]Evaluación de riesgos'!$B$9:$B$28,0)),"") -> Fuerte | T14: Reporte sistema: Consulta estado de Medición (Programar revisión para determinar equipos >5años de uso, medición >3000 metros cúbicos, medidores en mal estado) | U14: Director comercial. - Técnico Coordinador Misión-Profesional para el cumplimiento de la Misión | V14: Ene 2025 - Dic 2025 | W14: CRITERIOS DE REVISIÓN 1. Revisión por petición del cliente 2. Revisión por programación 3. Revisión por Gestión interna de la Empresa. Para Garantizar el funcionamiento adecuado de los Equipos de medición, con el fin de contar con los consumos reales de los suscriptores y/o usuarios del servicio de acueducto del municipio y reducir los índices de agua no contabilizada. | X14: Periódico.
C15: Operativo | D15: Externo | E15: Personal | F15: Oposición por parte del usuario para la ejecución del proceso de Micromedición | G15: Gestión de Calidad | H15: No Obtener de la empresa la medición de sus consumos reales mediante instrumentos tecnológicos apropiados | I15: 1. Rara Vez | J15: 3. Moderado | K15: =IFERROR(VLOOKUP(I15,[5]DATOS!$L$2:$Q$6,MATCH(J15,[5]DATOS!$M$7:$Q$7,0)+1,0),"") -> Moderada | L15: 1. Rara Vez | M15: 2. Menor | N15: =IFERROR(VLOOKUP(L15,[5]DATOS!$L$2:$Q$6,MATCH(M15,[5]DATOS!$M$7:$Q$7,0)+1,0),"") -> Baja | O15: Reportes de los clientes internos, de los diferentes procesos de la gestión comercial (Suspensiones Reinstalaciones y PQR`S-Facturación)- Concientización de la importancia que los consumos se midan y que se cobre lo justo | P15: Preventivo | Q15: Profesional Universitario Comercial. | R15: Trimestral | S15: =IFERROR(INDEX('[5]Evaluación de riesgos'!$P$9:$P$28,MATCH(GC!O15,'[5]Evaluación de riesgos'!$B$9:$B$28,0)),"") -> Fuerte | T15: Ejecución del procedimiento de Micromedición | U15: Director comercial. - Técnico Coordinador Misión-Profesional para el cumplimiento de la Misión | V15: Ene 2025 - Dic 2025 | W15: CRITERIOS DE REVISIÓN 1. Revisión por petición del cliente 2. Revisión por programación 3. Revisión por Gestión interna de la Empresa. Para Garantizar el funcionamiento adecuado de los Equipos de medición, con el fin de contar con los consumos reales de los suscriptores y/o usuarios del servicio de acueducto del municipio y reducir los índices de agua no contabilizada. | X15: Periódico.
A16: GC-R002 | B16: Incumplimiento en los tiempos de respuesta o no contestar de fondo una petición. | C16: De Cumplimiento | D16: Del Proceso | E16: Personal | F16: Falta de capacitación en atención al usuario y actualización del marco normativo | G16: Gestión de Calidad | H16: Atención inadecuada a los ciudadanos del municipio. | I16: 2. Improbable | J16: 3. Moderado | K16: =IFERROR(VLOOKUP(I16,[5]DATOS!$L$2:$Q$6,MATCH(J16,[5]DATOS!$M$7:$Q$7,0)+1,0),"") -> Moderada | L16: 2. Improbable | M16: 3. Moderado | N16: =IFERROR(VLOOKUP(L16,[5]DATOS!$L$2:$Q$6,MATCH(M16,[5]DATOS!$M$7:$Q$7,0)+1,0),"") -> Moderada | O16: En el sistema comercial se efectúa control de calificación y calidad de la respuesta efectuada por parte de servicio al cliente. | P16: Detectivo | Q16: Profesional Universitario Comercial. | R16: Mensual | S16: =IFERROR(INDEX('[5]Evaluación de riesgos'!$P$9:$P$28,MATCH(GC!O16,'[5]Evaluación de riesgos'!$B$9:$B$28,0)),"") -> Débil | T16: Seguimiento al cumplimiento de los procedimientos establecidos para el proceso. | U16: Director comercial. | V16: Ene 2025 - Dic 2025 | W16: Tiempos de contestación medidos. | X16: Mensual
C17: De Cumplimiento | D17: Interno | E17: Personal | F17: Incumplimiento legal en la atención oportuna de una petición | G17: Gestión de Calidad | H17: Atención inadecuada a los ciudadanos del municipio. | I17: 2. Improbable | J17: 3. Moderado | K17: =IFERROR(VLOOKUP(I17,[5]DATOS!$L$2:$Q$6,MATCH(J17,[5]DATOS!$M$7:$Q$7,0)+1,0),"") -> Moderada | L17: 2. Improbable | M17: 3. Moderado | N17: =IFERROR(VLOOKUP(L17,[5]DATOS!$L$2:$Q$6,MATCH(M17,[5]DATOS!$M$7:$Q$7,0)+1,0),"") -> Moderada | O17: Tableros de control de términos con reporte de alertas del estado vencimiento PQRS. | P17: Preventivo | Q17: Profesional Universitario Comercial. | R17: Mensual | S17: =IFERROR(INDEX('[5]Evaluación de riesgos'!$P$9:$P$28,MATCH(GC!O17,'[5]Evaluación de riesgos'!$B$9:$B$28,0)),"") -> Débil | T17: verificación de tablero de control y vencimiento de términos | U17: Profesional Apoyo Gestión Administrativa | V17: Ene 2025 - Dic 2025 | W17: Disminución de tiempos de respuesta | X17: Mensual
C18: De Cumplimiento | D18: Interno | E18: Personal | F18: Indebida notificación | G18: Gestión de Calidad | H18: Atención inadecuada a los ciudadanos del municipio. | I18: 2. Improbable | J18: 3. Moderado | K18: =IFERROR(VLOOKUP(I18,[5]DATOS!$L$2:$Q$6,MATCH(J18,[5]DATOS!$M$7:$Q$7,0)+1,0),"") -> Moderada | L18: 2. Improbable | M18: 3. Moderado | N18: =IFERROR(VLOOKUP(L18,[5]DATOS!$L$2:$Q$6,MATCH(M18,[5]DATOS!$M$7:$Q$7,0)+1,0),"") -> Moderada | O18: Validación de la información recopilada en la notificación | P18: Preventivo | Q18: Profesional Universitario Comercial. | R18: Mensual | S18: =IFERROR(INDEX('[5]Evaluación de riesgos'!$P$9:$P$28,MATCH(GC!O18,'[5]Evaluación de riesgos'!$B$9:$B$28,0)),"") -> Débil | T18: Reuniones de seguimiento periódicas o extraordinarias. Acompañamiento jurídico para la resolver las diferentes PQR | U18: Director comercial.- Profesional Apoyo Gestión Administrativa | V18: Ene 2025 - Dic 2025 | W18: compromisos en los tiempos de respuesta revisión de las respuestas y la aplicación del marco normativo vigente | X18: Mensual
A19: GC-R003 | B19: No ingresar al sistema oportunamente nuevos usuarios. | C19: Operativo | D19: Del Proceso | E19: Personal | F19: No Asignar responsabilidades al personal involucrado al proceso, previa capacitación de ingreso de información al software comercial. | G19: Gestión de Calidad | H19: Deficiencia en la facturación del servicio. | I19: 1. Rara Vez | J19: 2. Menor | K19: =IFERROR(VLOOKUP(I19,[5]DATOS!$L$2:$Q$6,MATCH(J19,[5]DATOS!$M$7:$Q$7,0)+1,0),"") -> Baja | L19: 3. Posible | M19: 2. Menor | N19: =IFERROR(VLOOKUP(L19,[5]DATOS!$L$2:$Q$6,MATCH(M19,[5]DATOS!$M$7:$Q$7,0)+1,0),"") -> Moderada | O19: Seguimiento de los tiempos de ejecución y creación de la matricula | P19: Preventivo | Q19: Profesional Universitario Comercial. | R19: =IFERROR(INDEX([5]DATOS!$T$3:$T$6,MATCH(GC!N19,[5]DATOS!$S$3:$S$6,0)),"") -> Trimestral | S19: =IFERROR(INDEX('[5]Evaluación de riesgos'!$P$9:$P$28,MATCH(GC!O19,'[5]Evaluación de riesgos'!$B$9:$B$28,0)),"") -> Fuerte | T19: Seguimiento al cumplimiento de los procedimientos establecidos para el proceso. | U19: Director comercial. - Técnico Coordinador Misión-Profesional para el cumplimiento de la | V19: Ene 2025 - Dic 2025 | W19: Oportunidades de mejora en el procedimiento. | X19: Periódico.
C20: Operativo | D20: Externo | E20: Personal | F20: Acometida de acueducto sin realizar por parte el usuario | G20: Gestión de Calidad | H20: Deficiencia en la facturación del servicio. | I20: 1. Rara Vez | J20: 2. Menor | K20: =IFERROR(VLOOKUP(I20,[5]DATOS!$L$2:$Q$6,MATCH(J20,[5]DATOS!$M$7:$Q$7,0)+1,0),"") -> Baja | L20: 3. Posible | M20: 2. Menor | N20: =IFERROR(VLOOKUP(L20,[5]DATOS!$L$2:$Q$6,MATCH(M20,[5]DATOS!$M$7:$Q$7,0)+1,0),"") -> Moderada | O20: Validación solicitudes radicadas sin ejecutar Software Comercial | P20: Preventivo | Q20: Profesional Universitario Comercial. | R20: =IFERROR(INDEX([5]DATOS!$T$3:$T$6,MATCH(GC!N20,[5]DATOS!$S$3:$S$6,0)),"") -> Trimestral | S20: =IFERROR(INDEX('[5]Evaluación de riesgos'!$P$9:$P$28,MATCH(GC!O20,'[5]Evaluación de riesgos'!$B$9:$B$28,0)),"") -> Fuerte | T20: Validación reporte Software comercial radicaciones | U20: Profesional para el cumplimiento de la Misión. | V20: Ene 2025 - Dic 2025 | W20: Oportunidades de mejora en el procedimiento. | X20: Periódico.
C21: Operativo | D21: Interno | E21: Económico | F21: No realizar compra de equipos por parte de la empresa, no realizar la planificación en el Plan Anual de Adquisición | G21: Gestión de Calidad | H21: Deficiencia en la facturación del servicio. | I21: 1. Rara Vez | J21: 2. Menor | K21: =IFERROR(VLOOKUP(I21,[5]DATOS!$L$2:$Q$6,MATCH(J21,[5]DATOS!$M$7:$Q$7,0)+1,0),"") -> Baja | L21: 3. Posible | M21: 2. Menor | N21: =IFERROR(VLOOKUP(L21,[5]DATOS!$L$2:$Q$6,MATCH(M21,[5]DATOS!$M$7:$Q$7,0)+1,0),"") -> Moderada | O21: Planificación y compra de los equipos conforme al plan Anual de Adquisición | P21: Preventivo | Q21: Profesional Universitario Comercial. | R21: =IFERROR(INDEX([5]DATOS!$T$3:$T$6,MATCH(GC!N21,[5]DATOS!$S$3:$S$6,0)),"") -> Trimestral | S21: =IFERROR(INDEX('[5]Evaluación de riesgos'!$P$9:$P$28,MATCH(GC!O21,'[5]Evaluación de riesgos'!$B$9:$B$28,0)),"") -> Fuerte | T21: Compra equipos de medida, de acuerdo a la planificación previa. | U21: Compra equipos de medida, de acuerdo a la planificación previa. | V21: Ene 2025 - Dic 2025 | W21: Seguimiento contractual del proveedor | X21: Periódico.
A22: GC-R004 | B22: Aplicación de tarifas de manera incorrecta. | C22: Operativo | D22: Interno | E22: Procesos | F22: Error digitación al ingresar tarifas al Software Comercial | G22: Gestión de Calidad | H22: Deficiencia en la facturación del servicio. | I22: 1. Rara Vez | J22: 3. Moderado | K22: =IFERROR(VLOOKUP(I22,[5]DATOS!$L$2:$Q$6,MATCH(J22,[5]DATOS!$M$7:$Q$7,0)+1,0),"") -> Moderada | L22: 1. Rara Vez | M22: 3. Moderado | N22: =IFERROR(VLOOKUP(L22,[5]DATOS!$L$2:$Q$6,MATCH(M22,[5]DATOS!$M$7:$Q$7,0)+1,0),"") -> Moderada | O22: Sistema de copiado de tarifas de un mes a otro, por intermedio del Software Comercial Revisión tarifas de todos los ciclos, previo a la facturación. | P22: Preventivo | Q22: Profesional Universitario Comercial. | R22: Mensual | S22: =IFERROR(INDEX('[5]Evaluación de riesgos'!$P$9:$P$28,MATCH(GC!O22,'[5]Evaluación de riesgos'!$B$9:$B$28,0)),"") -> Fuerte | T22: Diagnóstico del procedimiento. | U22: Director comercial. - Técnico Coordinador Misión-Profesional para el cumplimiento de la Misión | V22: Ene 2025 - Dic 2025 | W22: Oportunidades de mejora en el procedimiento. | X22: Mensual
C23: Operativo | D23: Interno | E23: Tecnológico | F23: Liquidación errada de las tarifas del software Comercial- parametrización | G23: Gestión de Calidad | H23: Deficiencia en la facturación del servicio. | I23: 2. Improbable | J23: 3. Moderado | K23: =IFERROR(VLOOKUP(I23,[5]DATOS!$L$2:$Q$6,MATCH(J23,[5]DATOS!$M$7:$Q$7,0)+1,0),"") -> Moderada | L23: 2. Improbable | M23: 3. Moderado | N23: =IFERROR(VLOOKUP(L23,[5]DATOS!$L$2:$Q$6,MATCH(M23,[5]DATOS!$M$7:$Q$7,0)+1,0),"") -> Moderada | O23: Generación de alarmas en el sistema comercial. Liquidación manual aleatoria con simulador en Excel | P23: Preventivo | Q23: Profesional Universitario Comercial. | R23: Mensual | S23: =IFERROR(INDEX('[5]Evaluación de riesgos'!$P$9:$P$28,MATCH(GC!O23,'[5]Evaluación de riesgos'!$B$9:$B$28,0)),"") -> Fuerte | T23: Seguimiento al cumplimiento de los procedimientos establecidos para el proceso. | U23: Director comercial. - Técnico Coordinador Misión-Profesional para el cumplimiento de la Misión | V23: Ene 2025 - Dic 2025 | W23: Oportunidades de mejora en el procedimiento. | X23: Mensual
K24: =IFERROR(VLOOKUP(I24,[5]DATOS!$L$2:$Q$6,MATCH(J24,[5]DATOS!$M$7:$Q$7,0)+1,0),"") | N24: =IFERROR(VLOOKUP(L24,[5]DATOS!$L$2:$Q$6,MATCH(M24,[5]DATOS!$M$7:$Q$7,0)+1,0),"")
K25: =IFERROR(VLOOKUP(I25,[5]DATOS!$L$2:$Q$6,MATCH(J25,[5]DATOS!$M$7:$Q$7,0)+1,0),"") | N25: =IFERROR(VLOOKUP(L25,[5]DATOS!$L$2:$Q$6,MATCH(M25,[5]DATOS!$M$7:$Q$7,0)+1,0),"")
K26: =IFERROR(VLOOKUP(I26,[5]DATOS!$L$2:$Q$6,MATCH(J26,[5]DATOS!$M$7:$Q$7,0)+1,0),"") | N26: =IFERROR(VLOOKUP(L26,[5]DATOS!$L$2:$Q$6,MATCH(M26,[5]DATOS!$M$7:$Q$7,0)+1,0),"")
K27: =IFERROR(VLOOKUP(I27,[5]DATOS!$L$2:$Q$6,MATCH(J27,[5]DATOS!$M$7:$Q$7,0)+1,0),"") | N27: =IFERROR(VLOOKUP(L27,[5]DATOS!$L$2:$Q$6,MATCH(M27,[5]DATOS!$M$7:$Q$7,0)+1,0),"")
K28: =IFERROR(VLOOKUP(I28,[5]DATOS!$L$2:$Q$6,MATCH(J28,[5]DATOS!$M$7:$Q$7,0)+1,0),"") | N28: =IFERROR(VLOOKUP(L28,[5]DATOS!$L$2:$Q$6,MATCH(M28,[5]DATOS!$M$7:$Q$7,0)+1,0),"")
K29: =IFERROR(VLOOKUP(I29,[5]DATOS!$L$2:$Q$6,MATCH(J29,[5]DATOS!$M$7:$Q$7,0)+1,0),"") | N29: =IFERROR(VLOOKUP(L29,[5]DATOS!$L$2:$Q$6,MATCH(M29,[5]DATOS!$M$7:$Q$7,0)+1,0),"")
K30: =IFERROR(VLOOKUP(I30,[5]DATOS!$L$2:$Q$6,MATCH(J30,[5]DATOS!$M$7:$Q$7,0)+1,0),"") | N30: =IFERROR(VLOOKUP(L30,[5]DATOS!$L$2:$Q$6,MATCH(M30,[5]DATOS!$M$7:$Q$7,0)+1,0),"") | R30: =IFERROR(INDEX([5]DATOS!$T$3:$T$6,MATCH(GC!N30,[5]DATOS!$S$3:$S$6,0)),"") | S30: =IFERROR(INDEX('[5]Evaluación de riesgos'!$P$9:$P$28,MATCH(GC!O30,'[5]Evaluación de riesgos'!$B$9:$B$28,0)),"")
K31: =IFERROR(VLOOKUP(I31,[5]DATOS!$L$2:$Q$6,MATCH(J31,[5]DATOS!$M$7:$Q$7,0)+1,0),"") | N31: =IFERROR(VLOOKUP(L31,[5]DATOS!$L$2:$Q$6,MATCH(M31,[5]DATOS!$M$7:$Q$7,0)+1,0),"") | R31: =IFERROR(INDEX([5]DATOS!$T$3:$T$6,MATCH(GC!N31,[5]DATOS!$S$3:$S$6,0)),"") | S31: =IFERROR(INDEX('[5]Evaluación de riesgos'!$P$9:$P$28,MATCH(GC!O31,'[5]Evaluación de riesgos'!$B$9:$B$28,0)),"")
K32: =IFERROR(VLOOKUP(I32,[5]DATOS!$L$2:$Q$6,MATCH(J32,[5]DATOS!$M$7:$Q$7,0)+1,0),"") | N32: =IFERROR(VLOOKUP(L32,[5]DATOS!$L$2:$Q$6,MATCH(M32,[5]DATOS!$M$7:$Q$7,0)+1,0),"") | R32: =IFERROR(INDEX([5]DATOS!$T$3:$T$6,MATCH(GC!N32,[5]DATOS!$S$3:$S$6,0)),"") | S32: =IFERROR(INDEX('[5]Evaluación de riesgos'!$P$9:$P$28,MATCH(GC!O32,'[5]Evaluación de riesgos'!$B$9:$B$28,0)),"")
K33: =IFERROR(VLOOKUP(I33,[5]DATOS!$L$2:$Q$6,MATCH(J33,[5]DATOS!$M$7:$Q$7,0)+1,0),"") | N33: =IFERROR(VLOOKUP(L33,[5]DATOS!$L$2:$Q$6,MATCH(M33,[5]DATOS!$M$7:$Q$7,0)+1,0),"") | R33: =IFERROR(INDEX([5]DATOS!$T$3:$T$6,MATCH(GC!N33,[5]DATOS!$S$3:$S$6,0)),"") | S33: =IFERROR(INDEX('[5]Evaluación de riesgos'!$P$9:$P$28,MATCH(GC!O33,'[5]Evaluación de riesgos'!$B$9:$B$28,0)),"")
K34: =IFERROR(VLOOKUP(I34,[5]DATOS!$L$2:$Q$6,MATCH(J34,[5]DATOS!$M$7:$Q$7,0)+1,0),"") | N34: =IFERROR(VLOOKUP(L34,[5]DATOS!$L$2:$Q$6,MATCH(M34,[5]DATOS!$M$7:$Q$7,0)+1,0),"") | R34: =IFERROR(INDEX([5]DATOS!$T$3:$T$6,MATCH(GC!N34,[5]DATOS!$S$3:$S$6,0)),"") | S34: =IFERROR(INDEX('[5]Evaluación de riesgos'!$P$9:$P$28,MATCH(GC!O34,'[5]Evaluación de riesgos'!$B$9:$B$28,0)),"")
K35: =IFERROR(VLOOKUP(I35,[5]DATOS!$L$2:$Q$6,MATCH(J35,[5]DATOS!$M$7:$Q$7,0)+1,0),"") | N35: =IFERROR(VLOOKUP(L35,[5]DATOS!$L$2:$Q$6,MATCH(M35,[5]DATOS!$M$7:$Q$7,0)+1,0),"") | R35: =IFERROR(INDEX([5]DATOS!$T$3:$T$6,MATCH(GC!N35,[5]DATOS!$S$3:$S$6,0)),"") | S35: =IFERROR(INDEX('[5]Evaluación de riesgos'!$P$9:$P$28,MATCH(GC!O35,'[5]Evaluación de riesgos'!$B$9:$B$28,0)),"")
K36: =IFERROR(VLOOKUP(I36,[5]DATOS!$L$2:$Q$6,MATCH(J36,[5]DATOS!$M$7:$Q$7,0)+1,0),"") | N36: =IFERROR(VLOOKUP(L36,[5]DATOS!$L$2:$Q$6,MATCH(M36,[5]DATOS!$M$7:$Q$7,0)+1,0),"") | R36: =IFERROR(INDEX([5]DATOS!$T$3:$T$6,MATCH(GC!N36,[5]DATOS!$S$3:$S$6,0)),"") | S36: =IFERROR(INDEX('[5]Evaluación de riesgos'!$P$9:$P$28,MATCH(GC!O36,'[5]Evaluación de riesgos'!$B$9:$B$28,0)),"")
K37: =IFERROR(VLOOKUP(I37,[5]DATOS!$L$2:$Q$6,MATCH(J37,[5]DATOS!$M$7:$Q$7,0)+1,0),"") | N37: =IFERROR(VLOOKUP(L37,[5]DATOS!$L$2:$Q$6,MATCH(M37,[5]DATOS!$M$7:$Q$7,0)+1,0),"") | R37: =IFERROR(INDEX([5]DATOS!$T$3:$T$6,MATCH(GC!N37,[5]DATOS!$S$3:$S$6,0)),"") | S37: =IFERROR(INDEX('[5]Evaluación de riesgos'!$P$9:$P$28,MATCH(GC!O37,'[5]Evaluación de riesgos'!$B$9:$B$28,0)),"")
K38: =IFERROR(VLOOKUP(I38,[5]DATOS!$L$2:$Q$6,MATCH(J38,[5]DATOS!$M$7:$Q$7,0)+1,0),"") | N38: =IFERROR(VLOOKUP(L38,[5]DATOS!$L$2:$Q$6,MATCH(M38,[5]DATOS!$M$7:$Q$7,0)+1,0),"") | R38: =IFERROR(INDEX([5]DATOS!$T$3:$T$6,MATCH(GC!N38,[5]DATOS!$S$3:$S$6,0)),"") | S38: =IFERROR(INDEX('[5]Evaluación de riesgos'!$P$9:$P$28,MATCH(GC!O38,'[5]Evaluación de riesgos'!$B$9:$B$28,0)),"")
K39: =IFERROR(VLOOKUP(I39,[5]DATOS!$L$2:$Q$6,MATCH(J39,[5]DATOS!$M$7:$Q$7,0)+1,0),"") | N39: =IFERROR(VLOOKUP(L39,[5]DATOS!$L$2:$Q$6,MATCH(M39,[5]DATOS!$M$7:$Q$7,0)+1,0),"") | R39: =IFERROR(INDEX([5]DATOS!$T$3:$T$6,MATCH(GC!N39,[5]DATOS!$S$3:$S$6,0)),"") | S39: =IFERROR(INDEX('[5]Evaluación de riesgos'!$P$9:$P$28,MATCH(GC!O39,'[5]Evaluación de riesgos'!$B$9:$B$28,0)),"")
K40: =IFERROR(VLOOKUP(I40,[5]DATOS!$L$2:$Q$6,MATCH(J40,[5]DATOS!$M$7:$Q$7,0)+1,0),"") | N40: =IFERROR(VLOOKUP(L40,[5]DATOS!$L$2:$Q$6,MATCH(M40,[5]DATOS!$M$7:$Q$7,0)+1,0),"") | R40: =IFERROR(INDEX([5]DATOS!$T$3:$T$6,MATCH(GC!N40,[5]DATOS!$S$3:$S$6,0)),"") | S40: =IFERROR(INDEX('[5]Evaluación de riesgos'!$P$9:$P$28,MATCH(GC!O40,'[5]Evaluación de riesgos'!$B$9:$B$28,0)),"")
K41: =IFERROR(VLOOKUP(I41,[5]DATOS!$L$2:$Q$6,MATCH(J41,[5]DATOS!$M$7:$Q$7,0)+1,0),"") | N41: =IFERROR(VLOOKUP(L41,[5]DATOS!$L$2:$Q$6,MATCH(M41,[5]DATOS!$M$7:$Q$7,0)+1,0),"") | R41: =IFERROR(INDEX([5]DATOS!$T$3:$T$6,MATCH(GC!N41,[5]DATOS!$S$3:$S$6,0)),"") | S41: =IFERROR(INDEX('[5]Evaluación de riesgos'!$P$9:$P$28,MATCH(GC!O41,'[5]Evaluación de riesgos'!$B$9:$B$28,0)),"")
... K158: =IFERROR(VLOOKUP(I158,[5]DATOS!$L$2:$Q$6,MATCH(J158,[5]DATOS!$M$7:$Q$7,0)+1,0),"") | N158: =IFERROR(VLOOKUP(L158,[5]DATOS!$L$2:$Q$6,MATCH(M158,[5]DATOS!$M$7:$Q$7,0)+1,0),"") | R158: =IFERROR(INDEX([5]DATOS!$T$3:$T$6,MATCH(GC!N158,[5]DATOS!$S$3:$S$6,0)),"") | S158: =IFERROR(INDEX('[5]Evaluación de riesgos'!$P$9:$P$28,MATCH(GC!O158,'[5]Evaluación de riesgos'!$B$9:$B$28,0)),"")

Sheet GD
C1: FORMATO MAPA DE RIESGOS | W1: CÓDIGO: MC-F011
W2: VERSIÓN: 05
W3: VIGENTE DESDE: 18/01/2023
A5: IDENTIFICACIÓN DEL PROCESO
A6: Proceso | B6: Gestión Documental
A7: Tipo de proceso | B7: Apoyo | G7: Responsable del análisis: | H7: Director Administrativo y Financiero.
A8: Objetivo del proceso | B8: Establecer en la empresa de servicios públicos EMPUMELGAR E.S.P. la gestión documental, con el fin de definir directrices que permitan aplicar eficiente, eficaz y efectivamente los procesos archivísticos, durante el ciclo de vida de los documentos, de tal forma que la información institucional esté disponible para uso de la Administración en el servicio al ciudadano y como fuente de la Historia y patrimonio institucional.
A10: IDENTIFICACIÓN DEL RIESGO | H10: EVALUACIÓN DEL RIESGO INHERENTE | L10: EVALUACIÓN DEL RIESGO RESIDUAL | O10: CONTROLES | T10: OPCIONES DE TRATAMIENTO
A11: Código | B11: Descripción del riesgo (Ejemplo de eventos: Fallas, Incorrecta, Inoportuno, Inadecuado) | C11: Clase de Riesgo | D11: Causas del riesgo | G11: Asociado a Subsistema | H11: Efectos o Consecuencias (Ejemplo: Pérdida, Interrupción, Incumplimiento, Sanciones) | I11: Probabilidad | J11: Impacto | K11: Zona de riesgo inherente | L11: Probabilidad | M11: Impacto | N11: Zona de riesgo residual | O11: Detallado del Control | P11: Naturaleza del Control | Q11: Responsable del monitoreo | R11: Periodicidad del control | S11: Resultado de la evaluación del control | T11: Acciones de Tratamiento | U11: Responsable | V11: Fecha de ejecución (Fecha inicio - Fecha fin) | W11: Resultado Seguimiento | X11: Fecha de Seguimiento
D12: Contexto | E12: Factor | F12: Causa
A13: GD-R001 | B13: Inadecuada organizacion de informacion documentada en la entidad. | C13: Operativo | D13: Interno | E13: Social | F13: Falta de capacitación del funcionario que realiza labores archivisticas , Falta de Intrumentos archivisticos para la organización de documentos | G13: Gestión de Calidad | H13: Perdida de información importante de la entidad. | I13: 3. Posible | J13: 4. Mayor | K13: =IFERROR(VLOOKUP(I13,[6]DATOS!$L$2:$Q$6,MATCH(J13,[6]DATOS!$M$7:$Q$7,0)+1,0),"") -> Extrema | L13: 3. Posible | M13: 3. Moderado | N13: =IFERROR(VLOOKUP(L13,[6]DATOS!$L$2:$Q$6,MATCH(M13,[6]DATOS!$M$7:$Q$7,0)+1,0),"") -> Alta | O13: Verificacion de Inventarios | P13: Preventivo | Q13: Director Administrativo y Financiero | R13: semestral | S13: Personal capacitado en temas archivisticos. Instrumentos archivisticos | T13: Capacitacion en temas Archivisticos al personal , hacer y/o actualizar instrumentos archivistico | U13: Director Administrativo y Financiero | V13: 01/2025-12/2025 | W13: Se dicta capacitacion al personal administrativo en temas basicos de Gestion documental y archivo. Se instruye individualmente al personal que hace labores archivística, en temas de manejo y organización de documentos | X13: 1,2 ,3 y 4 Trimestre
A14: GD-R002 | B14: Desorganizacion,Traspapelacion, Perdida de documentos en prestamos documentales | C14: Operativo | D14: Interno | E14: Social | F14: Falta de control y seguimiento en el prestamo de expedientes | G14: Gestión de Calidad | H14: Perdida de Documentos | I14: 3. Posible | J14: 4. Mayor | K14: =IFERROR(VLOOKUP(I14,[6]DATOS!$L$2:$Q$6,MATCH(J14,[6]DATOS!$M$7:$Q$7,0)+1,0),"") -> Extrema | L14: 3. Posible | M14: 3. Moderado | N14: =IFERROR(VLOOKUP(L14,[6]DATOS!$L$2:$Q$6,MATCH(M14,[6]DATOS!$M$7:$Q$7,0)+1,0),"") -> Alta | O14: Socializacion de procedimientos , Exigencia de formatos y Seguimiento a los Prestamos | P14: Preventivo | Q14: Director Administrativo y Financiero | R14: mensual | S14: seguimiento en los prestamos documentales | T14: Control en prestamos documentales , diligenciamiento planilla de prestamos documentales, Seguimiento y verificacion a autorizacion prestamos | U14: Director Administrativo y Financiero | V14: 01/2025-12/2025 | W14: Seguimiento y verificacion en los prestamos documentales | X14: 1,2 ,3 y 4 Trimestre
A15: GD-R003 | B15: Introducir Archivos de Gestión en el Repositorio del Archivo Central | C15: Normativo | D15: Interno | E15: Social | F15: Omision del adecuado procedimiento y desconocimiento de la normativa vigente , por parte de los jefes administradores | G15: Gestión de Calidad | H15: Perdida de información, traspapelacion aumento del fondo documental acumulado incumplimiento de la norma. | I15: 3. Posible | J15: 4. Mayor | K15: =IFERROR(VLOOKUP(I15,[6]DATOS!$L$2:$Q$6,MATCH(J15,[6]DATOS!$M$7:$Q$7,0)+1,0),"") -> Extrema | L15: 3. Posible | M15: 3. Moderado | N15: =IFERROR(VLOOKUP(L15,[6]DATOS!$L$2:$Q$6,MATCH(M15,[6]DATOS!$M$7:$Q$7,0)+1,0),"") -> Alta | O15: Informar e impedir de las malas practicas que atentan contra la integridad de los documentos | P15: Preventivo | Q15: Director Administrativo y Financiero | R15: mensual | S15: identificar las malas practicas que atentan contra la integridad de los documentos | T15: Actualizacion de Instrumentos Archivísticos TRD, PINAR Y PGD | U15: Director Administrativo y Financiero | V15: 01/2025-12/2025 | W15: comunicaciones internas a los jefes inmediatos sobre la necesidad de la elaboración de las Tablas de Retención Documental, y el crecimiento desmedido del fondo documental acumulado, ya que se carece de los instrumentos archivísticos para una correcta organización documental en cada una de las áreas de trabajo. | X15: 1,2 ,3 y 4 Trimestre
K16: =IFERROR(VLOOKUP(I16,[6]DATOS!$L$2:$Q$6,MATCH(J16,[6]DATOS!$M$7:$Q$7,0)+1,0),"") | N16: =IFERROR(VLOOKUP(L16,[6]DATOS!$L$2:$Q$6,MATCH(M16,[6]DATOS!$M$7:$Q$7,0)+1,0),"") | R16: =IFERROR(INDEX([6]DATOS!$T$3:$T$6,MATCH(GD!N16,[6]DATOS!$S$3:$S$6,0)),"") | S16: =IFERROR(INDEX('[6]Evaluación de riesgos'!$P$9:$P$28,MATCH(GD!O16,'[6]Evaluación de riesgos'!$B$9:$B$28,0)),"")
K17: =IFERROR(VLOOKUP(I17,[6]DATOS!$L$2:$Q$6,MATCH(J17,[6]DATOS!$M$7:$Q$7,0)+1,0),"") | N17: =IFERROR(VLOOKUP(L17,[6]DATOS!$L$2:$Q$6,MATCH(M17,[6]DATOS!$M$7:$Q$7,0)+1,0),"") | R17: =IFERROR(INDEX([6]DATOS!$T$3:$T$6,MATCH(GD!N17,[6]DATOS!$S$3:$S$6,0)),"") | S17: =IFERROR(INDEX('[6]Evaluación de riesgos'!$P$9:$P$28,MATCH(GD!O17,'[6]Evaluación de riesgos'!$B$9:$B$28,0)),"")
K18: =IFERROR(VLOOKUP(I18,[6]DATOS!$L$2:$Q$6,MATCH(J18,[6]DATOS!$M$7:$Q$7,0)+1,0),"") | N18: =IFERROR(VLOOKUP(L18,[6]DATOS!$L$2:$Q$6,MATCH(M18,[6]DATOS!$M$7:$Q$7,0)+1,0),"") | R18: =IFERROR(INDEX([6]DATOS!$T$3:$T$6,MATCH(GD!N18,[6]DATOS!$S$3:$S$6,0)),"") | S18: =IFERROR(INDEX('[6]Evaluación de riesgos'!$P$9:$P$28,MATCH(GD!O18,'[6]Evaluación de riesgos'!$B$9:$B$28,0)),"")
K19: =IFERROR(VLOOKUP(I19,[6]DATOS!$L$2:$Q$6,MATCH(J19,[6]DATOS!$M$7:$Q$7,0)+1,0),"") | N19: =IFERROR(VLOOKUP(L19,[6]DATOS!$L$2:$Q$6,MATCH(M19,[6]DATOS!$M$7:$Q$7,0)+1,0),"") | R19: =IFERROR(INDEX([6]DATOS!$T$3:$T$6,MATCH(GD!N19,[6]DATOS!$S$3:$S$6,0)),"") | S19: =IFERROR(INDEX('[6]Evaluación de riesgos'!$P$9:$P$28,MATCH(GD!O19,'[6]Evaluación de riesgos'!$B$9:$B$28,0)),"")
K20: =IFERROR(VLOOKUP(I20,[6]DATOS!$L$2:$Q$6,MATCH(J20,[6]DATOS!$M$7:$Q$7,0)+1,0),"") | N20: =IFERROR(VLOOKUP(L20,[6]DATOS!$L$2:$Q$6,MATCH(M20,[6]DATOS!$M$7:$Q$7,0)+1,0),"") | R20: =IFERROR(INDEX([6]DATOS!$T$3:$T$6,MATCH(GD!N20,[6]DATOS!$S$3:$S$6,0)),"") | S20: =IFERROR(INDEX('[6]Evaluación de riesgos'!$P$9:$P$28,MATCH(GD!O20,'[6]Evaluación de riesgos'!$B$9:$B$28,0)),"")
K21: =IFERROR(VLOOKUP(I21,[6]DATOS!$L$2:$Q$6,MATCH(J21,[6]DATOS!$M$7:$Q$7,0)+1,0),"") | N21: =IFERROR(VLOOKUP(L21,[6]DATOS!$L$2:$Q$6,MATCH(M21,[6]DATOS!$M$7:$Q$7,0)+1,0),"") | R21: =IFERROR(INDEX([6]DATOS!$T$3:$T$6,MATCH(GD!N21,[6]DATOS!$S$3:$S$6,0)),"") | S21: =IFERROR(INDEX('[6]Evaluación de riesgos'!$P$9:$P$28,MATCH(GD!O21,'[6]Evaluación de riesgos'!$B$9:$B$28,0)),"")
K22: =IFERROR(VLOOKUP(I22,[6]DATOS!$L$2:$Q$6,MATCH(J22,[6]DATOS!$M$7:$Q$7,0)+1,0),"") | N22: =IFERROR(VLOOKUP(L22,[6]DATOS!$L$2:$Q$6,MATCH(M22,[6]DATOS!$M$7:$Q$7,0)+1,0),"") | R22: =IFERROR(INDEX([6]DATOS!$T$3:$T$6,MATCH(GD!N22,[6]DATOS!$S$3:$S$6,0)),"") | S22: =IFERROR(INDEX('[6]Evaluación de riesgos'!$P$9:$P$28,MATCH(GD!O22,'[6]Evaluación de riesgos'!$B$9:$B$28,0)),"")
K23: =IFERROR(VLOOKUP(I23,[6]DATOS!$L$2:$Q$6,MATCH(J23,[6]DATOS!$M$7:$Q$7,0)+1,0),"") | N23: =IFERROR(VLOOKUP(L23,[6]DATOS!$L$2:$Q$6,MATCH(M23,[6]DATOS!$M$7:$Q$7,0)+1,0),"") | R23: =IFERROR(INDEX([6]DATOS!$T$3:$T$6,MATCH(GD!N23,[6]DATOS!$S$3:$S$6,0)),"") | S23: =IFERROR(INDEX('[6]Evaluación de riesgos'!$P$9:$P$28,MATCH(GD!O23,'[6]Evaluación de riesgos'!$B$9:$B$28,0)),"")
K24: =IFERROR(VLOOKUP(I24,[6]DATOS!$L$2:$Q$6,MATCH(J24,[6]DATOS!$M$7:$Q$7,0)+1,0),"") | N24: =IFERROR(VLOOKUP(L24,[6]DATOS!$L$2:$Q$6,MATCH(M24,[6]DATOS!$M$7:$Q$7,0)+1,0),"") | R24: =IFERROR(INDEX([6]DATOS!$T$3:$T$6,MATCH(GD!N24,[6]DATOS!$S$3:$S$6,0)),"") | S24: =IFERROR(INDEX('[6]Evaluación de riesgos'!$P$9:$P$28,MATCH(GD!O24,'[6]Evaluación de riesgos'!$B$9:$B$28,0)),"")
K25: =IFERROR(VLOOKUP(I25,[6]DATOS!$L$2:$Q$6,MATCH(J25,[6]DATOS!$M$7:$Q$7,0)+1,0),"") | N25: =IFERROR(VLOOKUP(L25,[6]DATOS!$L$2:$Q$6,MATCH(M25,[6]DATOS!$M$7:$Q$7,0)+1,0),"") | R25: =IFERROR(INDEX([6]DATOS!$T$3:$T$6,MATCH(GD!N25,[6]DATOS!$S$3:$S$6,0)),"") | S25: =IFERROR(INDEX('[6]Evaluación de riesgos'!$P$9:$P$28,MATCH(GD!O25,'[6]Evaluación de riesgos'!$B$9:$B$28,0)),"")
K26: =IFERROR(VLOOKUP(I26,[6]DATOS!$L$2:$Q$6,MATCH(J26,[6]DATOS!$M$7:$Q$7,0)+1,0),"") | N26: =IFERROR(VLOOKUP(L26,[6]DATOS!$L$2:$Q$6,MATCH(M26,[6]DATOS!$M$7:$Q$7,0)+1,0),"") | R26: =IFERROR(INDEX([6]DATOS!$T$3:$T$6,MATCH(GD!N26,[6]DATOS!$S$3:$S$6,0)),"") | S26: =IFERROR(INDEX('[6]Evaluación de riesgos'!$P$9:$P$28,MATCH(GD!O26,'[6]Evaluación de riesgos'!$B$9:$B$28,0)),"")
K27: =IFERROR(VLOOKUP(I27,[6]DATOS!$L$2:$Q$6,MATCH(J27,[6]DATOS!$M$7:$Q$7,0)+1,0),"") | N27: =IFERROR(VLOOKUP(L27,[6]DATOS!$L$2:$Q$6,MATCH(M27,[6]DATOS!$M$7:$Q$7,0)+1,0),"") | R27: =IFERROR(INDEX([6]DATOS!$T$3:$T$6,MATCH(GD!N27,[6]DATOS!$S$3:$S$6,0)),"") | S27: =IFERROR(INDEX('[6]Evaluación de riesgos'!$P$9:$P$28,MATCH(GD!O27,'[6]Evaluación de riesgos'!$B$9:$B$28,0)),"")
... K158: =IFERROR(VLOOKUP(I158,[6]DATOS!$L$2:$Q$6,MATCH(J158,[6]DATOS!$M$7:$Q$7,0)+1,0),"") | N158: =IFERROR(VLOOKUP(L158,[6]DATOS!$L$2:$Q$6,MATCH(M158,[6]DATOS!$M$7:$Q$7,0)+1,0),"") | R158: =IFERROR(INDEX([6]DATOS!$T$3:$T$6,MATCH(GD!N158,[6]DATOS!$S$3:$S$6,0)),"") | S158: =IFERROR(INDEX('[6]Evaluación de riesgos'!$P$9:$P$28,MATCH(GD!O158,'[6]Evaluación de riesgos'!$B$9:$B$28,0)),"")

Sheet GF
C1: FORMATO MAPA DE RIESGOS | W1: CÓDIGO: MC-F011
W2: VERSIÓN: 05
W3: VIGENTE DESDE: 18/01/2023
A5: IDENTIFICACIÓN DEL PROCESO
A6: Proceso | B6: Gestión Financiera
A7: Tipo de proceso | B7: Apoyo | G7: Responsable del análisis: | H7: Director Administrativo y Financiero
A8: Objetivo del proceso | B8: Administrar los recursos financieros del EMPUMELGAR ESP., contribuyendo a la eficiencia y eficacia en la realización de las actividades de la entidad y al cumplimiento de la misión institucional.
A10: IDENTIFICACIÓN DEL RIESGO | H10: EVALUACIÓN DEL RIESGO INHERENTE | L10: EVALUACIÓN DEL RIESGO RESIDUAL | O10: CONTROLES | T10: OPCIONES DE TRATAMIENTO
A11: Código | B11: Descripción del riesgo (Ejemplo de eventos: Fallas, Incorrecta, Inoportuno, Inadecuado) | C11: Clase de Riesgo | D11: Causas del riesgo | G11: Asociado a Subsistema | H11: Efectos o Consecuencias (Ejemplo: Pérdida, Interrupción, Incumplimiento, Sanciones) | I11: Probabilidad | J11: Impacto | K11: Zona de riesgo inherente | L11: Probabilidad | M11: Impacto | N11: Zona de riesgo residual | O11: Detallado del Control | P11: Naturaleza del Control | Q11: Responsable del monitoreo | R11: Periodicidad del control | S11: Resultado de la evaluación del control | T11: Acciones de Tratamiento | U11: Responsable | V11: Fecha de ejecución (Fecha inicio - Fecha fin) | W11: Resultado Seguimiento | X11: Fecha de Seguimiento
D12: Contexto | E12: Factor | F12: Causa
A13: GF-R001 | B13: Incumplimiento a los diferentes entes control. | C13: De Cumplimiento | D13: Interno | E13: Procesos | F13: Revisión y Seguimiento al cronograma de los diferentes entes de control. | G13: Gestión de Calidad | H13: El incumplimiento en la presentación oportuna y exacta de las obligaciones financieras. | I13: 3. Posible | J13: 3. Moderado | K13: =IFERROR(VLOOKUP(I13,[7]DATOS!$L$2:$Q$6,MATCH(J13,[7]DATOS!$M$7:$Q$7,0)+1,0),"") -> Alta | L13: 3. Posible | M13: 2. Menor | N13: MODERADA | O13: Garantizar la calidad, veracidad, consistencia y oportunidad en el cargue de información financiera en las plataformas dispuestas por los entes de control. | P13: Preventivo | Q13: DIRECTOR ADMINISTRATIVO Y FINANCIERO | R13: TRIMESTRAL | S13: Moderado | T13: Radicación efectuada de forma oportuna de la información. | U13: Profesional de apoyo a la gestión | V13: Ene 2025 - Dic 2025 | W13: Información radicada | X13: Periodico
A14: GF-R002 | B14: Incumplimiento al calendario tributario | C14: De Cumplimiento | D14: Interno | E14: Procesos | F14: Revisión y Seguimiento al cronograma de los calendarios tributarios nacional y municipal. | G14: Gestión de Calidad | H14: Incumplimiento en las obligaciones financieras y posibles procesos tributarios que nos lleva a erogaciones económicas. | I14: 3. Posible | J14: 3. Moderado | K14: =IFERROR(VLOOKUP(I14,[7]DATOS!$L$2:$Q$6,MATCH(J14,[7]DATOS!$M$7:$Q$7,0)+1,0),"") -> Alta | L14: 3. Posible | M14: 2. Menor | N14: MODERADA | O14: Actualización del Calendario tributario. | P14: Preventivo | Q14: DIRECTOR ADMINISTRATIVO Y FINANCIERO | R14: TRIMESETRAL | S14: Moderado | T14: Cumplimento oportuno de los diferentes informes tributarios. | U14: Profesional de apoyo a la gestión | V14: Ene 2025 - Dic 2025 | W14: Cargue de las diferentes obligaciones tributarias en los portales. | X14: Periodico
A15: GF-R003 | B15: Deficiencia en la proyección de los gastos en relación a los ingresos. | C15: Financiero | D15: Interno | E15: Procesos | F15: Mejoramiento en los proceso presupuestales para una buena planeacion del presupuesto | G15: Gestión de Calidad | H15: No cumplir con la correcta estimación en la proyección de ingresos y gastos. | I15: 3. Posible | J15: 5. Catastrófico | K15: =IFERROR(VLOOKUP(I15,[7]DATOS!$L$2:$Q$6,MATCH(J15,[7]DATOS!$M$7:$Q$7,0)+1,0),"") -> Extrema | L15: 3. Posible | M15: 4. Mayor | N15: MODERADA | O15: Programación de los gastos de cada dependencia. | P15: Preventivo | Q15: DIRECTOR ADMINISTRATIVO Y FINANCIERO | R15: MENSUAL | S15: Moderado | T15: Elaboración del Plan Anual de Adquisiciones (PAA). | U15: Profesional administrativo financiero | V15: Ene 2025 - Dic 2025 | W15: PAA Elaborado | X15: Anual
K16: =IFERROR(VLOOKUP(I16,[7]DATOS!$L$2:$Q$6,MATCH(J16,[7]DATOS!$M$7:$Q$7,0)+1,0),"") | N16: =IFERROR(VLOOKUP(L16,[7]DATOS!$L$2:$Q$6,MATCH(M16,[7]DATOS!$M$7:$Q$7,0)+1,0),"") | R16: =IFERROR(INDEX([7]DATOS!$T$3:$T$6,MATCH(GF!N16,[7]DATOS!$S$3:$S$6,0)),"") | S16: =IFERROR(INDEX('[7]Evaluación de riesgos'!$P$9:$P$14,MATCH(GF!O16,'[7]Evaluación de riesgos'!$B$9:$B$14,0)),"")
K17: =IFERROR(VLOOKUP(I17,[7]DATOS!$L$2:$Q$6,MATCH(J17,[7]DATOS!$M$7:$Q$7,0)+1,0),"") | N17: =IFERROR(VLOOKUP(L17,[7]DATOS!$L$2:$Q$6,MATCH(M17,[7]DATOS!$M$7:$Q$7,0)+1,0),"") | R17: =IFERROR(INDEX([7]DATOS!$T$3:$T$6,MATCH(GF!N17,[7]DATOS!$S$3:$S$6,0)),"") | S17: =IFERROR(INDEX('[7]Evaluación de riesgos'!$P$9:$P$14,MATCH(GF!O17,'[7]Evaluación de riesgos'!$B$9:$B$14,0)),"")
K18: =IFERROR(VLOOKUP(I18,[7]DATOS!$L$2:$Q$6,MATCH(J18,[7]DATOS!$M$7:$Q$7,0)+1,0),"") | N18: =IFERROR(VLOOKUP(L18,[7]DATOS!$L$2:$Q$6,MATCH(M18,[7]DATOS!$M$7:$Q$7,0)+1,0),"") | R18: =IFERROR(INDEX([7]DATOS!$T$3:$T$6,MATCH(GF!N18,[7]DATOS!$S$3:$S$6,0)),"") | S18: =IFERROR(INDEX('[7]Evaluación de riesgos'!$P$9:$P$14,MATCH(GF!O18,'[7]Evaluación de riesgos'!$B$9:$B$14,0)),"")
K19: =IFERROR(VLOOKUP(I19,[7]DATOS!$L$2:$Q$6,MATCH(J19,[7]DATOS!$M$7:$Q$7,0)+1,0),"") | N19: =IFERROR(VLOOKUP(L19,[7]DATOS!$L$2:$Q$6,MATCH(M19,[7]DATOS!$M$7:$Q$7,0)+1,0),"") | R19: =IFERROR(INDEX([7]DATOS!$T$3:$T$6,MATCH(GF!N19,[7]DATOS!$S$3:$S$6,0)),"") | S19: =IFERROR(INDEX('[7]Evaluación de riesgos'!$P$9:$P$14,MATCH(GF!O19,'[7]Evaluación de riesgos'!$B$9:$B$14,0)),"")
K20: =IFERROR(VLOOKUP(I20,[7]DATOS!$L$2:$Q$6,MATCH(J20,[7]DATOS!$M$7:$Q$7,0)+1,0),"") | N20: =IFERROR(VLOOKUP(L20,[7]DATOS!$L$2:$Q$6,MATCH(M20,[7]DATOS!$M$7:$Q$7,0)+1,0),"") | R20: =IFERROR(INDEX([7]DATOS!$T$3:$T$6,MATCH(GF!N20,[7]DATOS!$S$3:$S$6,0)),"") | S20: =IFERROR(INDEX('[7]Evaluación de riesgos'!$P$9:$P$14,MATCH(GF!O20,'[7]Evaluación de riesgos'!$B$9:$B$14,0)),"")
K21: =IFERROR(VLOOKUP(I21,[7]DATOS!$L$2:$Q$6,MATCH(J21,[7]DATOS!$M$7:$Q$7,0)+1,0),"") | N21: =IFERROR(VLOOKUP(L21,[7]DATOS!$L$2:$Q$6,MATCH(M21,[7]DATOS!$M$7:$Q$7,0)+1,0),"") | R21: =IFERROR(INDEX([7]DATOS!$T$3:$T$6,MATCH(GF!N21,[7]DATOS!$S$3:$S$6,0)),"") | S21: =IFERROR(INDEX('[7]Evaluación de riesgos'!$P$9:$P$14,MATCH(GF!O21,'[7]Evaluación de riesgos'!$B$9:$B$14,0)),"")
K22: =IFERROR(VLOOKUP(I22,[7]DATOS!$L$2:$Q$6,MATCH(J22,[7]DATOS!$M$7:$Q$7,0)+1,0),"") | N22: =IFERROR(VLOOKUP(L22,[7]DATOS!$L$2:$Q$6,MATCH(M22,[7]DATOS!$M$7:$Q$7,0)+1,0),"") | R22: =IFERROR(INDEX([7]DATOS!$T$3:$T$6,MATCH(GF!N22,[7]DATOS!$S$3:$S$6,0)),"") | S22: =IFERROR(INDEX('[7]Evaluación de riesgos'!$P$9:$P$14,MATCH(GF!O22,'[7]Evaluación de riesgos'!$B$9:$B$14,0)),"")
K23: =IFERROR(VLOOKUP(I23,[7]DATOS!$L$2:$Q$6,MATCH(J23,[7]DATOS!$M$7:$Q$7,0)+1,0),"") | N23: =IFERROR(VLOOKUP(L23,[7]DATOS!$L$2:$Q$6,MATCH(M23,[7]DATOS!$M$7:$Q$7,0)+1,0),"") | R23: =IFERROR(INDEX([7]DATOS!$T$3:$T$6,MATCH(GF!N23,[7]DATOS!$S$3:$S$6,0)),"") | S23: =IFERROR(INDEX('[7]Evaluación de riesgos'!$P$9:$P$14,MATCH(GF!O23,'[7]Evaluación de riesgos'!$B$9:$B$14,0)),"")
K24: =IFERROR(VLOOKUP(I24,[7]DATOS!$L$2:$Q$6,MATCH(J24,[7]DATOS!$M$7:$Q$7,0)+1,0),"") | N24: =IFERROR(VLOOKUP(L24,[7]DATOS!$L$2:$Q$6,MATCH(M24,[7]DATOS!$M$7:$Q$7,0)+1,0),"") | R24: =IFERROR(INDEX([7]DATOS!$T$3:$T$6,MATCH(GF!N24,[7]DATOS!$S$3:$S$6,0)),"") | S24: =IFERROR(INDEX('[7]Evaluación de riesgos'!$P$9:$P$14,MATCH(GF!O24,'[7]Evaluación de riesgos'!$B$9:$B$14,0)),"")
K25: =IFERROR(VLOOKUP(I25,[7]DATOS!$L$2:$Q$6,MATCH(J25,[7]DATOS!$M$7:$Q$7,0)+1,0),"") | N25: =IFERROR(VLOOKUP(L25,[7]DATOS!$L$2:$Q$6,MATCH(M25,[7]DATOS!$M$7:$Q$7,0)+1,0),"") | R25: =IFERROR(INDEX([7]DATOS!$T$3:$T$6,MATCH(GF!N25,[7]DATOS!$S$3:$S$6,0)),"") | S25: =IFERROR(INDEX('[7]Evaluación de riesgos'!$P$9:$P$14,MATCH(GF!O25,'[7]Evaluación de riesgos'!$B$9:$B$14,0)),"")
K26: =IFERROR(VLOOKUP(I26,[7]DATOS!$L$2:$Q$6,MATCH(J26,[7]DATOS!$M$7:$Q$7,0)+1,0),"") | N26: =IFERROR(VLOOKUP(L26,[7]DATOS!$L$2:$Q$6,MATCH(M26,[7]DATOS!$M$7:$Q$7,0)+1,0),"") | R26: =IFERROR(INDEX([7]DATOS!$T$3:$T$6,MATCH(GF!N26,[7]DATOS!$S$3:$S$6,0)),"") | S26: =IFERROR(INDEX('[7]Evaluación de riesgos'!$P$9:$P$14,MATCH(GF!O26,'[7]Evaluación de riesgos'!$B$9:$B$14,0)),"")
K27: =IFERROR(VLOOKUP(I27,[7]DATOS!$L$2:$Q$6,MATCH(J27,[7]DATOS!$M$7:$Q$7,0)+1,0),"") | N27: =IFERROR(VLOOKUP(L27,[7]DATOS!$L$2:$Q$6,MATCH(M27,[7]DATOS!$M$7:$Q$7,0)+1,0),"") | R27: =IFERROR(INDEX([7]DATOS!$T$3:$T$6,MATCH(GF!N27,[7]DATOS!$S$3:$S$6,0)),"") | S27: =IFERROR(INDEX('[7]Evaluación de riesgos'!$P$9:$P$14,MATCH(GF!O27,'[7]Evaluación de riesgos'!$B$9:$B$14,0)),"")
... K152: =IFERROR(VLOOKUP(I152,[7]DATOS!$L$2:$Q$6,MATCH(J152,[7]DATOS!$M$7:$Q$7,0)+1,0),"") | N152: =IFERROR(VLOOKUP(L152,[7]DATOS!$L$2:$Q$6,MATCH(M152,[7]DATOS!$M$7:$Q$7,0)+1,0),"") | R152: =IFERROR(INDEX([7]DATOS!$T$3:$T$6,MATCH(GF!N152,[7]DATOS!$S$3:$S$6,0)),"") | S152: =IFERROR(INDEX('[7]Evaluación de riesgos'!$P$9:$P$14,MATCH(GF!O152,'[7]Evaluación de riesgos'!$B$9:$B$14,0)),"")

Sheet GJ
C1: FORMATO MAPA DE RIESGOS | W1: CÓDIGO: MC-F011
W2: VERSIÓN: 05
W3: VIGENTE DESDE: 18/01/2023
A5: IDENTIFICACIÓN DEL PROCESO
A6: Proceso | B6: Gestión Contractual y Jurídica
A7: Tipo de proceso | B7: Apoyo | G7: Responsable del análisis: | H7: Oficina Jurídica y de Contratación
A8: Objetivo del proceso | B8: Orientar, asistir, asesorar y defender en asuntos jurídico-administrativos internos y externos, así como asesorar y apoyar la elaboración de los actos, contratos, acompañar los procesos de selección y las etapas de celebración y ejecución de los contratos, de acuerdo con las normas de contratación administrativa vigentes en el Manual de Contratación de la Empresa.
A10: IDENTIFICACIÓN DEL RIESGO | H10: EVALUACIÓN DEL RIESGO INHERENTE | L10: EVALUACIÓN DEL RIESGO RESIDUAL | O10: CONTROLES | T10: OPCIONES DE TRATAMIENTO
A11: Código | B11: Descripción del riesgo (Ejemplo de eventos: Fallas, Incorrecta, Inoportuno, Inadecuado) | C11: Clase de Riesgo | D11: Causas del riesgo | G11: Asociado a Subsistema | H11: Efectos o Consecuencias (Ejemplo: Pérdida, Interrupción, Incumplimiento, Sanciones) | I11: Probabilidad | J11: Impacto | K11: Zona de riesgo inherente | L11: Probabilidad | M11: Impacto | N11: Zona de riesgo residual | O11: Detallado del Control | P11: Naturaleza del Control | Q11: Responsable del monitoreo | R11: Periodicidad del control | S11: Resultado de la evaluación del control | T11: Acciones de Tratamiento | U11: Responsable | V11: Fecha de ejecución (Fecha inicio - Fecha fin) | W11: Resultado Seguimiento | X11: Fecha de Seguimiento
D12: Contexto | E12: Factor | F12: Causa
A13: GJ-R001 | B13: Contratar sin el cumplimiento de los requisitos legales | C13: Normativo | D13: Interno | E13: Procesos | F13: Indebida estructuración del proceso precontractual por parte de la Dirección solicitante. | G13: Gestión de Calidad | H13: Conductas penales en el marco de la lucha contra la corrupción | I13: 3. Posible | J13: 3. Moderado | K13: =IFERROR(VLOOKUP(I13,[8]DATOS!$L$2:$Q$6,MATCH(J13,[8]DATOS!$M$7:$Q$7,0)+1,0),"") -> Alta | L13: 2. Improbable | M13: 3. Moderado | N13: =IFERROR(VLOOKUP(L13,[8]DATOS!$L$2:$Q$6,MATCH(M13,[8]DATOS!$M$7:$Q$7,0)+1,0),"") -> Moderada | O13: Cumplimiento a las reglas del manual de contratación. | P13: Preventivo | Q13: Profesional de Apoyo a la Gestión Administrativa encargado de la Contratación y Director(a) Oficina Asesora Jurídica | R13: =IFERROR(INDEX([8]DATOS!$T$3:$T$6,MATCH(GJ!N13,[8]DATOS!$S$3:$S$6,0)),"") -> Trimestral | S13: =IFERROR(INDEX('[8]Evaluación de riesgos'!$P$7:$P$30,MATCH(GJ!O13,'[8]Evaluación de riesgos'!$B$7:$B$30,0)),"") -> Moderado | T13: Exigir el cumplimiento de los requisitos exigidos conforme al manual de contratación y en caso particular para cada estudio de necesidad los requisitos específicos, por lo tanto se debe hace verificación diaria de cada proceso de contratación que llega a la dependencia | U13: Profesional de Apoyo a la Gestión Administrativa encargado de la Contratación y Director(a) Oficina Asesora Jurídica | V13: ENERO 2025 AL DICIEMBRE DE 2025 | W13: Procesos de contratación con el cumplimiento de requisitos legales debidamente ejecutados. | X13: Diario
O14: Verificación de requisitos establecidos en los estudios de necesidad. | P14: Preventivo
O15: Lista de chequeo para procesos contratación que lo requieren. | P15: Preventivo
O16: Formato de estudio de necesidad para cada proceso de contratación. | P16: Preventivo
O17: Formatos de estudio de mercado. | P17: Preventivo
A18: GJ-R002 | B18: Deficiencia en la estructuración desde la planeación de los procesos de selección contractual. | C18: Operativo | D18: Interno | E18: Procesos | F18: Estructuración inadecuada de procesos de contratación | G18: Gestión de Calidad | H18: Declarar la nulidad del proceso contractual por omisión del principio de planeación | I18: 3. Posible | J18: 4. Mayor | K18: =IFERROR(VLOOKUP(I18,[8]DATOS!$L$2:$Q$6,MATCH(J18,[8]DATOS!$M$7:$Q$7,0)+1,0),"") -> Extrema | L18: 2. Improbable | M18: 3. Moderado | N18: =IFERROR(VLOOKUP(L18,[8]DATOS!$L$2:$Q$6,MATCH(M18,[8]DATOS!$M$7:$Q$7,0)+1,0),"") -> Moderada | O18: Revisión integral de estudios de necesidad. | P18: Preventivo | Q18: Profesional de Apoyo a la Gestión Administrativa encargado de la Contratación y Director(a) Oficina Asesora Jurídica | R18: =IFERROR(INDEX([8]DATOS!$T$3:$T$6,MATCH(GJ!N18,[8]DATOS!$S$3:$S$6,0)),"") -> Trimestral | S18: =IFERROR(INDEX('[8]Evaluación de riesgos'!$P$7:$P$30,MATCH(GJ!O18,'[8]Evaluación de riesgos'!$B$7:$B$30,0)),"") | T18: Se realiza revisión integral de los estudios de necesidad (Jurídico y técnico) y se exige el cumplimiento de las reglas establecidas en el manual de contratación | U18: Profesional de Apoyo a la Gestión Administrativa encargado de la Contratación y Director(a) Oficina Asesora Jurídica | V18: ENERO 2025 AL DICIEMBRE DE 2025 | W18: Estudios de conveniencia estructurados conforme a los requisitos establecidos en el manual de contratación | X18: Diario
O19: Verificación de requisitos establecidos en el manual de contratación, | P19: Preventivo
A20: GJ-R003 | B20: Contestación de los Derechos de Petición fuera del términos legales | C20: De Cumplimiento | D20: Interno | E20: Procesos | F20: Incumplimiento de los términos legales y entrega tardía de los derechos de petición radicados | G20: Gestión de Calidad | H20: Acciones de tutela en contra de la Empresa, Requerimiento de la Superintendencia de Servicios Públicos, Sanciones disciplinarias y posible silencio administrativo positivo. | I20: 3. Posible | J20: 4. Mayor | K20: =IFERROR(VLOOKUP(I20,[8]DATOS!$L$2:$Q$6,MATCH(J20,[8]DATOS!$M$7:$Q$7,0)+1,0),"") -> Extrema | L20: 2. Improbable | M20: 3. Moderado | N20: =IFERROR(VLOOKUP(L20,[8]DATOS!$L$2:$Q$6,MATCH(M20,[8]DATOS!$M$7:$Q$7,0)+1,0),"") -> Moderada | O20: Revisión de los Informes mensuales entregados por la Dirección de Control Interno | P20: Preventivo | Q20: Profesional de Apoyo a la Gestión Administrativa encargado de la Contratación y Director(a) Oficina Asesora Jurídica | R20: =IFERROR(INDEX([8]DATOS!$T$3:$T$6,MATCH(GJ!N20,[8]DATOS!$S$3:$S$6,0)),"") -> Trimestral | S20: =IFERROR(INDEX('[8]Evaluación de riesgos'!$P$7:$P$30,MATCH(GJ!O20,'[8]Evaluación de riesgos'!$B$7:$B$30,0)),"") -> Moderado | T20: Revisar la oportunidad de la respuesta del derecho de Petición y Revisión dentro del formato de control de términos | U20: Profesional de Apoyo a la Gestión Administrativa encargado de la Contratación y Director(a) Oficina Asesora Jurídica | V20: ENERO 2025 AL DICIEMBRE DE 2025 | W20: Respuesta oportuna del Derecho de Petición dentro de los términos de Ley y que los Derechos de Petición se respondan dentro de los términos para evitar posibles tutelas. | X20: Según ocurrencia
O21: Formato de Control de Términos de los derechos de Petición llevados por la Dirección Jurídica. | P21: Preventivo
K22: =IFERROR(VLOOKUP(I22,[8]DATOS!$L$2:$Q$6,MATCH(J22,[8]DATOS!$M$7:$Q$7,0)+1,0),"") | N22: =IFERROR(VLOOKUP(L22,[8]DATOS!$L$2:$Q$6,MATCH(M22,[8]DATOS!$M$7:$Q$7,0)+1,0),"") | R22: =IFERROR(INDEX([8]DATOS!$T$3:$T$6,MATCH(GJ!N22,[8]DATOS!$S$3:$S$6,0)),"") | S22: =IFERROR(INDEX('[8]Evaluación de riesgos'!$P$9:$P$17,MATCH(GJ!O22,'[8]Evaluación de riesgos'!$B$9:$B$17,0)),"")
K23: =IFERROR(VLOOKUP(I23,[8]DATOS!$L$2:$Q$6,MATCH(J23,[8]DATOS!$M$7:$Q$7,0)+1,0),"") | N23: =IFERROR(VLOOKUP(L23,[8]DATOS!$L$2:$Q$6,MATCH(M23,[8]DATOS!$M$7:$Q$7,0)+1,0),"") | R23: =IFERROR(INDEX([8]DATOS!$T$3:$T$6,MATCH(GJ!N23,[8]DATOS!$S$3:$S$6,0)),"") | S23: =IFERROR(INDEX('[8]Evaluación de riesgos'!$P$9:$P$17,MATCH(GJ!O23,'[8]Evaluación de riesgos'!$B$9:$B$17,0)),"")
K24: =IFERROR(VLOOKUP(I24,[8]DATOS!$L$2:$Q$6,MATCH(J24,[8]DATOS!$M$7:$Q$7,0)+1,0),"") | N24: =IFERROR(VLOOKUP(L24,[8]DATOS!$L$2:$Q$6,MATCH(M24,[8]DATOS!$M$7:$Q$7,0)+1,0),"") | R24: =IFERROR(INDEX([8]DATOS!$T$3:$T$6,MATCH(GJ!N24,[8]DATOS!$S$3:$S$6,0)),"") | S24: =IFERROR(INDEX('[8]Evaluación de riesgos'!$P$9:$P$17,MATCH(GJ!O24,'[8]Evaluación de riesgos'!$B$9:$B$17,0)),"")
K25: =IFERROR(VLOOKUP(I25,[8]DATOS!$L$2:$Q$6,MATCH(J25,[8]DATOS!$M$7:$Q$7,0)+1,0),"") | N25: =IFERROR(VLOOKUP(L25,[8]DATOS!$L$2:$Q$6,MATCH(M25,[8]DATOS!$M$7:$Q$7,0)+1,0),"") | R25: =IFERROR(INDEX([8]DATOS!$T$3:$T$6,MATCH(GJ!N25,[8]DATOS!$S$3:$S$6,0)),"") | S25: =IFERROR(INDEX('[8]Evaluación de riesgos'!$P$9:$P$17,MATCH(GJ!O25,'[8]Evaluación de riesgos'!$B$9:$B$17,0)),"")
K26: =IFERROR(VLOOKUP(I26,[8]DATOS!$L$2:$Q$6,MATCH(J26,[8]DATOS!$M$7:$Q$7,0)+1,0),"") | N26: =IFERROR(VLOOKUP(L26,[8]DATOS!$L$2:$Q$6,MATCH(M26,[8]DATOS!$M$7:$Q$7,0)+1,0),"") | R26: =IFERROR(INDEX([8]DATOS!$T$3:$T$6,MATCH(GJ!N26,[8]DATOS!$S$3:$S$6,0)),"") | S26: =IFERROR(INDEX('[8]Evaluación de riesgos'!$P$9:$P$17,MATCH(GJ!O26,'[8]Evaluación de riesgos'!$B$9:$B$17,0)),"")
K27: =IFERROR(VLOOKUP(I27,[8]DATOS!$L$2:$Q$6,MATCH(J27,[8]DATOS!$M$7:$Q$7,0)+1,0),"") | N27: =IFERROR(VLOOKUP(L27,[8]DATOS!$L$2:$Q$6,MATCH(M27,[8]DATOS!$M$7:$Q$7,0)+1,0),"") | R27: =IFERROR(INDEX([8]DATOS!$T$3:$T$6,MATCH(GJ!N27,[8]DATOS!$S$3:$S$6,0)),"") | S27: =IFERROR(INDEX('[8]Evaluación de riesgos'!$P$9:$P$17,MATCH(GJ!O27,'[8]Evaluación de riesgos'!$B$9:$B$17,0)),"")
K28: =IFERROR(VLOOKUP(I28,[8]DATOS!$L$2:$Q$6,MATCH(J28,[8]DATOS!$M$7:$Q$7,0)+1,0),"") | N28: =IFERROR(VLOOKUP(L28,[8]DATOS!$L$2:$Q$6,MATCH(M28,[8]DATOS!$M$7:$Q$7,0)+1,0),"") | R28: =IFERROR(INDEX([8]DATOS!$T$3:$T$6,MATCH(GJ!N28,[8]DATOS!$S$3:$S$6,0)),"") | S28: =IFERROR(INDEX('[8]Evaluación de riesgos'!$P$9:$P$17,MATCH(GJ!O28,'[8]Evaluación de riesgos'!$B$9:$B$17,0)),"")
K29: =IFERROR(VLOOKUP(I29,[8]DATOS!$L$2:$Q$6,MATCH(J29,[8]DATOS!$M$7:$Q$7,0)+1,0),"") | N29: =IFERROR(VLOOKUP(L29,[8]DATOS!$L$2:$Q$6,MATCH(M29,[8]DATOS!$M$7:$Q$7,0)+1,0),"") | R29: =IFERROR(INDEX([8]DATOS!$T$3:$T$6,MATCH(GJ!N29,[8]DATOS!$S$3:$S$6,0)),"") | S29: =IFERROR(INDEX('[8]Evaluación de riesgos'!$P$9:$P$17,MATCH(GJ!O29,'[8]Evaluación de riesgos'!$B$9:$B$17,0)),"")
K30: =IFERROR(VLOOKUP(I30,[8]DATOS!$L$2:$Q$6,MATCH(J30,[8]DATOS!$M$7:$Q$7,0)+1,0),"") | N30: =IFERROR(VLOOKUP(L30,[8]DATOS!$L$2:$Q$6,MATCH(M30,[8]DATOS!$M$7:$Q$7,0)+1,0),"") | R30: =IFERROR(INDEX([8]DATOS!$T$3:$T$6,MATCH(GJ!N30,[8]DATOS!$S$3:$S$6,0)),"") | S30: =IFERROR(INDEX('[8]Evaluación de riesgos'!$P$9:$P$17,MATCH(GJ!O30,'[8]Evaluación de riesgos'!$B$9:$B$17,0)),"")
K31: =IFERROR(VLOOKUP(I31,[8]DATOS!$L$2:$Q$6,MATCH(J31,[8]DATOS!$M$7:$Q$7,0)+1,0),"") | N31: =IFERROR(VLOOKUP(L31,[8]DATOS!$L$2:$Q$6,MATCH(M31,[8]DATOS!$M$7:$Q$7,0)+1,0),"") | R31: =IFERROR(INDEX([8]DATOS!$T$3:$T$6,MATCH(GJ!N31,[8]DATOS!$S$3:$S$6,0)),"") | S31: =IFERROR(INDEX('[8]Evaluación de riesgos'!$P$9:$P$17,MATCH(GJ!O31,'[8]Evaluación de riesgos'!$B$9:$B$17,0)),"")
K32: =IFERROR(VLOOKUP(I32,[8]DATOS!$L$2:$Q$6,MATCH(J32,[8]DATOS!$M$7:$Q$7,0)+1,0),"") | N32: =IFERROR(VLOOKUP(L32,[8]DATOS!$L$2:$Q$6,MATCH(M32,[8]DATOS!$M$7:$Q$7,0)+1,0),"") | R32: =IFERROR(INDEX([8]DATOS!$T$3:$T$6,MATCH(GJ!N32,[8]DATOS!$S$3:$S$6,0)),"") | S32: =IFERROR(INDEX('[8]Evaluación de riesgos'!$P$9:$P$17,MATCH(GJ!O32,'[8]Evaluación de riesgos'!$B$9:$B$17,0)),"")
K33: =IFERROR(VLOOKUP(I33,[8]DATOS!$L$2:$Q$6,MATCH(J33,[8]DATOS!$M$7:$Q$7,0)+1,0),"") | N33: =IFERROR(VLOOKUP(L33,[8]DATOS!$L$2:$Q$6,MATCH(M33,[8]DATOS!$M$7:$Q$7,0)+1,0),"") | R33: =IFERROR(INDEX([8]DATOS!$T$3:$T$6,MATCH(GJ!N33,[8]DATOS!$S$3:$S$6,0)),"") | S33: =IFERROR(INDEX('[8]Evaluación de riesgos'!$P$9:$P$17,MATCH(GJ!O33,'[8]Evaluación de riesgos'!$B$9:$B$17,0)),"")
... K164: =IFERROR(VLOOKUP(I164,[8]DATOS!$L$2:$Q$6,MATCH(J164,[8]DATOS!$M$7:$Q$7,0)+1,0),"") | N164: =IFERROR(VLOOKUP(L164,[8]DATOS!$L$2:$Q$6,MATCH(M164,[8]DATOS!$M$7:$Q$7,0)+1,0),"") | R164: =IFERROR(INDEX([8]DATOS!$T$3:$T$6,MATCH(GJ!N164,[8]DATOS!$S$3:$S$6,0)),"") | S164: =IFERROR(INDEX('[8]Evaluación de riesgos'!$P$9:$P$17,MATCH(GJ!O164,'[8]Evaluación de riesgos'!$B$9:$B$17,0)),"")

Sheet GM
C1: FORMATO MAPA DE RIESGOS | W1: CÓDIGO: MC-F011
W2: VERSIÓN: 05
W3: VIGENTE DESDE: 18/01/2023
A5: IDENTIFICACIÓN DEL PROCESO
A6: Proceso | B6: Gestión de Comunicaciones
A7: Tipo de proceso | B7: Estratégico | G7: Responsable del análisis: | H7: Director(a) Planeación, Calidad y Desarrollo Corporativo
A8: Objetivo del proceso | B8: Comunicar, asesorar y apoyar a la Gerencia y las diferentes áreas de Empumelgar E.S.P., en la gestión de las comunicaciones internas y externas en forma oportuna y confiable con el fin de difundir los esfuerzos y la gestión de la entidad ante la opinión pública mediante las estrategias, acciones y logros de los objetivos institucionales.
A10: IDENTIFICACIÓN DEL RIESGO | H10: EVALUACIÓN DEL RIESGO INHERENTE | L10: EVALUACIÓN DEL RIESGO RESIDUAL | O10: CONTROLES | T10: OPCIONES DE TRATAMIENTO
A11: Código | B11: Descripción del riesgo (Ejemplo de eventos: Fallas, Incorrecta, Inoportuno, Inadecuado) | C11: Clase de Riesgo | D11: Causas del riesgo | G11: Asociado a Subsistema | H11: Efectos o Consecuencias (Ejemplo: Pérdida, Interrupción, Incumplimiento, Sanciones) | I11: Probabilidad | J11: Impacto | K11: Zona de riesgo inherente | L11: Probabilidad | M11: Impacto | N11: Zona de riesgo residual | O11: Detallado del Control | P11: Naturaleza del Control | Q11: Responsable del monitoreo | R11: Periodicidad del control | S11: Resultado de la evaluación del control | T11: Acciones de Tratamiento | U11: Responsable | V11: Fecha de ejecución (Fecha inicio - Fecha fin) | W11: Resultado Seguimiento | X11: Fecha de Seguimiento
D12: Contexto | E12: Factor | F12: Causa
A13: GM R001 | B13: Uso inadecuado de la información por los medios de comunicación municipal y regional. | C13: De Imagen | D13: Externo | E13: Social | F13: Mal uso de información de la entidad la cual puede generar comentarios adversos hacia los procesos. | G13: Gestión de Calidad | H13: Imagen institucional negativa. | I13: 3. Posible | J13: 3. Moderado | K13: =IFERROR(VLOOKUP(I13,[9]DATOS!$L$2:$Q$6,MATCH(J13,[9]DATOS!$M$7:$Q$7,0)+1,0),"") -> Alta | L13: 3. Posible | M13: 2. Menor | N13: =IFERROR(VLOOKUP(L13,[9]DATOS!$L$2:$Q$6,MATCH(M13,[9]DATOS!$M$7:$Q$7,0)+1,0),"") -> Moderada | O13: Establecer protocolos que garanticen que la información fluya de manera clara y precisa dentro de la organización. Esto implica identificar los canales adecuados para compartir información, fomentar una cultura de apertura donde los empleados se sientan cómodos comunicando problemas o inquietudes y asegurarse de que todos tengan acceso a la información necesaria para desempeñar sus funciones de manera efectiva. | P13: Preventivo | Q13: Lider del Proceso | R13: =IFERROR(INDEX([9]DATOS!$T$3:$T$6,MATCH(GM!N13,[9]DATOS!$S$3:$S$6,0)),"") -> Trimestral | S13: Moderado | T13: Manejo adecuado del buen uso de la información a terceros tneiendo en cuenta la confidencialidad y oportunidad de la información. | U13: Director(a) Planeación, Calidad y Desarrollo Corporativo | V13: Ene 2025-Dic 2025 | W13: Registros de Seguimiento | X13: Trimestral
K16: =IFERROR(VLOOKUP(I16,[9]DATOS!$L$2:$Q$6,MATCH(J16,[9]DATOS!$M$7:$Q$7,0)+1,0),"") | N16: =IFERROR(VLOOKUP(L16,[9]DATOS!$L$2:$Q$6,MATCH(M16,[9]DATOS!$M$7:$Q$7,0)+1,0),"") | R16: =IFERROR(INDEX([9]DATOS!$T$3:$T$6,MATCH(GM!N16,[9]DATOS!$S$3:$S$6,0)),"") | S16: =IFERROR(INDEX('[9]Evaluación de riesgos'!$P$9:$P$28,MATCH(GM!O16,'[9]Evaluación de riesgos'!$B$9:$B$28,0)),"")
K17: =IFERROR(VLOOKUP(I17,[9]DATOS!$L$2:$Q$6,MATCH(J17,[9]DATOS!$M$7:$Q$7,0)+1,0),"") | N17: =IFERROR(VLOOKUP(L17,[9]DATOS!$L$2:$Q$6,MATCH(M17,[9]DATOS!$M$7:$Q$7,0)+1,0),"") | R17: =IFERROR(INDEX([9]DATOS!$T$3:$T$6,MATCH(GM!N17,[9]DATOS!$S$3:$S$6,0)),"") | S17: =IFERROR(INDEX('[9]Evaluación de riesgos'!$P$9:$P$28,MATCH(GM!O17,'[9]Evaluación de riesgos'!$B$9:$B$28,0)),"")
K18: =IFERROR(VLOOKUP(I18,[9]DATOS!$L$2:$Q$6,MATCH(J18,[9]DATOS!$M$7:$Q$7,0)+1,0),"") | N18: =IFERROR(VLOOKUP(L18,[9]DATOS!$L$2:$Q$6,MATCH(M18,[9]DATOS!$M$7:$Q$7,0)+1,0),"") | R18: =IFERROR(INDEX([9]DATOS!$T$3:$T$6,MATCH(GM!N18,[9]DATOS!$S$3:$S$6,0)),"") | S18: =IFERROR(INDEX('[9]Evaluación de riesgos'!$P$9:$P$28,MATCH(GM!O18,'[9]Evaluación de riesgos'!$B$9:$B$28,0)),"")
K19: =IFERROR(VLOOKUP(I19,[9]DATOS!$L$2:$Q$6,MATCH(J19,[9]DATOS!$M$7:$Q$7,0)+1,0),"") | N19: =IFERROR(VLOOKUP(L19,[9]DATOS!$L$2:$Q$6,MATCH(M19,[9]DATOS!$M$7:$Q$7,0)+1,0),"") | R19: =IFERROR(INDEX([9]DATOS!$T$3:$T$6,MATCH(GM!N19,[9]DATOS!$S$3:$S$6,0)),"") | S19: =IFERROR(INDEX('[9]Evaluación de riesgos'!$P$9:$P$28,MATCH(GM!O19,'[9]Evaluación de riesgos'!$B$9:$B$28,0)),"")
K20: =IFERROR(VLOOKUP(I20,[9]DATOS!$L$2:$Q$6,MATCH(J20,[9]DATOS!$M$7:$Q$7,0)+1,0),"") | N20: =IFERROR(VLOOKUP(L20,[9]DATOS!$L$2:$Q$6,MATCH(M20,[9]DATOS!$M$7:$Q$7,0)+1,0),"") | R20: =IFERROR(INDEX([9]DATOS!$T$3:$T$6,MATCH(GM!N20,[9]DATOS!$S$3:$S$6,0)),"") | S20: =IFERROR(INDEX('[9]Evaluación de riesgos'!$P$9:$P$28,MATCH(GM!O20,'[9]Evaluación de riesgos'!$B$9:$B$28,0)),"")
K21: =IFERROR(VLOOKUP(I21,[9]DATOS!$L$2:$Q$6,MATCH(J21,[9]DATOS!$M$7:$Q$7,0)+1,0),"") | N21: =IFERROR(VLOOKUP(L21,[9]DATOS!$L$2:$Q$6,MATCH(M21,[9]DATOS!$M$7:$Q$7,0)+1,0),"") | R21: =IFERROR(INDEX([9]DATOS!$T$3:$T$6,MATCH(GM!N21,[9]DATOS!$S$3:$S$6,0)),"") | S21: =IFERROR(INDEX('[9]Evaluación de riesgos'!$P$9:$P$28,MATCH(GM!O21,'[9]Evaluación de riesgos'!$B$9:$B$28,0)),"")
K22: =IFERROR(VLOOKUP(I22,[9]DATOS!$L$2:$Q$6,MATCH(J22,[9]DATOS!$M$7:$Q$7,0)+1,0),"") | N22: =IFERROR(VLOOKUP(L22,[9]DATOS!$L$2:$Q$6,MATCH(M22,[9]DATOS!$M$7:$Q$7,0)+1,0),"") | R22: =IFERROR(INDEX([9]DATOS!$T$3:$T$6,MATCH(GM!N22,[9]DATOS!$S$3:$S$6,0)),"") | S22: =IFERROR(INDEX('[9]Evaluación de riesgos'!$P$9:$P$28,MATCH(GM!O22,'[9]Evaluación de riesgos'!$B$9:$B$28,0)),"")
K23: =IFERROR(VLOOKUP(I23,[9]DATOS!$L$2:$Q$6,MATCH(J23,[9]DATOS!$M$7:$Q$7,0)+1,0),"") | N23: =IFERROR(VLOOKUP(L23,[9]DATOS!$L$2:$Q$6,MATCH(M23,[9]DATOS!$M$7:$Q$7,0)+1,0),"") | R23: =IFERROR(INDEX([9]DATOS!$T$3:$T$6,MATCH(GM!N23,[9]DATOS!$S$3:$S$6,0)),"") | S23: =IFERROR(INDEX('[9]Evaluación de riesgos'!$P$9:$P$28,MATCH(GM!O23,'[9]Evaluación de riesgos'!$B$9:$B$28,0)),"")
K24: =IFERROR(VLOOKUP(I24,[9]DATOS!$L$2:$Q$6,MATCH(J24,[9]DATOS!$M$7:$Q$7,0)+1,0),"") | N24: =IFERROR(VLOOKUP(L24,[9]DATOS!$L$2:$Q$6,MATCH(M24,[9]DATOS!$M$7:$Q$7,0)+1,0),"") | R24: =IFERROR(INDEX([9]DATOS!$T$3:$T$6,MATCH(GM!N24,[9]DATOS!$S$3:$S$6,0)),"") | S24: =IFERROR(INDEX('[9]Evaluación de riesgos'!$P$9:$P$28,MATCH(GM!O24,'[9]Evaluación de riesgos'!$B$9:$B$28,0)),"")
K25: =IFERROR(VLOOKUP(I25,[9]DATOS!$L$2:$Q$6,MATCH(J25,[9]DATOS!$M$7:$Q$7,0)+1,0),"") | N25: =IFERROR(VLOOKUP(L25,[9]DATOS!$L$2:$Q$6,MATCH(M25,[9]DATOS!$M$7:$Q$7,0)+1,0),"") | R25: =IFERROR(INDEX([9]DATOS!$T$3:$T$6,MATCH(GM!N25,[9]DATOS!$S$3:$S$6,0)),"") | S25: =IFERROR(INDEX('[9]Evaluación de riesgos'!$P$9:$P$28,MATCH(GM!O25,'[9]Evaluación de riesgos'!$B$9:$B$28,0)),"")
K26: =IFERROR(VLOOKUP(I26,[9]DATOS!$L$2:$Q$6,MATCH(J26,[9]DATOS!$M$7:$Q$7,0)+1,0),"") | N26: =IFERROR(VLOOKUP(L26,[9]DATOS!$L$2:$Q$6,MATCH(M26,[9]DATOS!$M$7:$Q$7,0)+1,0),"") | R26: =IFERROR(INDEX([9]DATOS!$T$3:$T$6,MATCH(GM!N26,[9]DATOS!$S$3:$S$6,0)),"") | S26: =IFERROR(INDEX('[9]Evaluación de riesgos'!$P$9:$P$28,MATCH(GM!O26,'[9]Evaluación de riesgos'!$B$9:$B$28,0)),"")
K27: =IFERROR(VLOOKUP(I27,[9]DATOS!$L$2:$Q$6,MATCH(J27,[9]DATOS!$M$7:$Q$7,0)+1,0),"") | N27: =IFERROR(VLOOKUP(L27,[9]DATOS!$L$2:$Q$6,MATCH(M27,[9]DATOS!$M$7:$Q$7,0)+1,0),"") | R27: =IFERROR(INDEX([9]DATOS!$T$3:$T$6,MATCH(GM!N27,[9]DATOS!$S$3:$S$6,0)),"") | S27: =IFERROR(INDEX('[9]Evaluación de riesgos'!$P$9:$P$28,MATCH(GM!O27,'[9]Evaluación de riesgos'!$B$9:$B$28,0)),"")
... K158: =IFERROR(VLOOKUP(I158,[9]DATOS!$L$2:$Q$6,MATCH(J158,[9]DATOS!$M$7:$Q$7,0)+1,0),"") | N158: =IFERROR(VLOOKUP(L158,[9]DATOS!$L$2:$Q$6,MATCH(M158,[9]DATOS!$M$7:$Q$7,0)+1,0),"") | R158: =IFERROR(INDEX([9]DATOS!$T$3:$T$6,MATCH(GM!N158,[9]DATOS!$S$3:$S$6,0)),"") | S158: =IFERROR(INDEX('[9]Evaluación de riesgos'!$P$9:$P$28,MATCH(GM!O158,'[9]Evaluación de riesgos'!$B$9:$B$28,0)),"")

Sheet GO
C1: FORMATO MAPA DE RIESGOS | W1: CÓDIGO: MC-F011
W2: VERSIÓN: 05
W3: VIGENTE DESDE: 18/01/2023
A5: IDENTIFICACIÓN DEL PROCESO
A6: Proceso | B6: Gestión Operativa
A7: Tipo de proceso | B7: Misional | G7: Responsable del análisis: | H7: Profesional Planta de Tratamiento y Bocatoma
A8: Objetivo del proceso | B8: Garantizar, dando cumplimiento a las directrices de la gerencia y la normatividad legal vigente, la prestación continua y permanente del servicio de agua potable y alcantarillado, con la realización de un mantenimiento eficiente en los sistemas de redes del municipio.
A10: IDENTIFICACIÓN DEL RIESGO | H10: EVALUACIÓN DEL RIESGO INHERENTE | L10: EVALUACIÓN DEL RIESGO RESIDUAL | O10: CONTROLES | T10: OPCIONES DE TRATAMIENTO
A11: Código | B11: Descripción del riesgo (Ejemplo de eventos: Fallas, Incorrecta, Inoportuno, Inadecuado) | C11: Clase de Riesgo | D11: Causas del riesgo | G11: Asociado a Subsistema | H11: Efectos o Consecuencias (Ejemplo: Pérdida, Interrupción, Incumplimiento, Sanciones) | I11: Probabilidad | J11: Impacto | K11: Zona de riesgo inherente | L11: Probabilidad | M11: Impacto | N11: Zona de riesgo residual | O11: Detallado del Control | P11: Naturaleza del Control | Q11: Responsable del monitoreo | R11: Periodicidad del control | S11: Resultado de la evaluación del control | T11: Acciones de Tratamiento | U11: Responsable | V11: Fecha de ejecución (Fecha inicio - Fecha fin) | W11: Resultado Seguimiento | X11: Fecha de Seguimiento
D12: Contexto | E12: Factor | F12: Causa
A13: GO-R001 | B13: Interrupción del servicio de agua. | C13: Operativo | D13: Externo | E13: Infraestructura | F13: Corte de fluido eléctrico. | G13: Gestión de Calidad | H13: Falta de servicio de agua potable a la comunidad. | I13: 3. Posible | J13: 4. Mayor | K13: =IFERROR(VLOOKUP(I13,[10]DATOS!$L$2:$Q$6,MATCH(J13,[10]DATOS!$M$7:$Q$7,0)+1,0),"") -> Extrema | L13: 3. Posible | M13: 4. Mayor | N13: =IFERROR(VLOOKUP(L13,[10]DATOS!$L$2:$Q$6,MATCH(M13,[10]DATOS!$M$7:$Q$7,0)+1,0),"") -> Extrema | O13: Instalación de Planta Eléctrica - con capacidad de 4h (ACPM). | P13: Preventivo | Q13: Coordinador de acueducto y alcantarillado | R13: =IFERROR(INDEX([10]DATOS!$T$3:$T$6,MATCH(GO!N13,[10]DATOS!$S$3:$S$6,0)),"") -> Mensual | S13: Moderado | T13: Contar con los materiales necesarios para el funcionamiento de la maquinaria | U13: Coordinador de acueducto y alcantarillado | V13: Ene 2025 - Dic 2025 | W13: Fluido energético constante para el funcionamiento optimo de la planta | X13: Periódico.
D14: Del Proceso | E14: Infraestructura | F14: Fallas en la tubería (aducción y conducción) | O14: Reparación inmediata de la tubería afectada | P14: Correctivo | S14: Moderado | T14: Reemplazo de la tubería dañanada y verificación de presiones | U14: Director Técnico Coordinador de acueducto y alcantarillado | V14: Ene 2025 - Dic 2025 | W14: Restauración del suministro de agua | X14: Periódico.
D15: Del Proceso | E15: Procesos | F15: Fallas en equipos mecánicos del proceso | O15: Mantenimiento de equipos | P15: Preventivo | S15: =IFERROR(INDEX('[10]Evaluación de riesgos'!$P$9:$P$35,MATCH(GO!O15,'[10]Evaluación de riesgos'!$B$9:$B$35,0)),"") -> Moderado | T15: Reposición de Tubería y Estaciones de Bombeo | U15: Director Técnico Coordinador de acueducto y alcantarillado | V15: Ene 2025 - Dic 2025 | W15: Reposiciones de tubería que no cumplen con la norma Ras 2000 | X15: Periódico, según el requerimiento
D16: Del Proceso | E16: Medio Ambiente | F16: Desabastecimiento de agua cruda en la Planta de tratamiento debido a taponamiento de la(s) bocatoma(s) ocasionado por crecientes súbitas y material de arrastre de las fuentes.
A17: GO-R002 | B17: Desmejoramiento de la calidad del agua. | C17: Operativo | D17: Del Proceso | E17: Procesos | F17: Falta de control en la producción de agua potable | G17: Gestión de Calidad | H17: Posibles efectos adversos a los usuarios. Sanciones por parte del ente de control competente. | I17: 3. Posible | J17: 3. Moderado | K17: =IFERROR(VLOOKUP(I17,[10]DATOS!$L$2:$Q$6,MATCH(J17,[10]DATOS!$M$7:$Q$7,0)+1,0),"") -> Alta | L17: 3. Posible | M17: 3. Moderado | N17: =IFERROR(VLOOKUP(L17,[10]DATOS!$L$2:$Q$6,MATCH(M17,[10]DATOS!$M$7:$Q$7,0)+1,0),"") -> Alta | O17: Proceso de tratamiento de aguas crudas | P17: Preventivo | Q17: Profesional Planta de Tratamiento y Bocatoma | R17: =IFERROR(INDEX([10]DATOS!$T$3:$T$6,MATCH(GO!N17,[10]DATOS!$S$3:$S$6,0)),"") -> Mensual | S17: Moderado | T17: Laboratorio en ejecución. | U17: Profesional Planta de Tratamiento y Bocatoma | V17: Ene 2025 - Dic 2025 | W17: Laboratorios ejecutados. | X17: Periódico.
D18: Del Proceso | E18: Procesos | F18: Fallo de los equipos mecánicos que intervienen en el proceso (equipos de bombeo y dosificadores) | O18: Mantenimiento de los equipos | P18: Preventivo | S18: Moderado | T18: Mediciones diarias. | U18: Profesional Planta de Tratamiento y Bocatoma | V18: Ene 2025 - Dic 2025 | W18: Mediciones realizadas. | X18: Periódico.
D19: Del Proceso | E19: Procesos | F19: Fallo de los equipos de control y medición de parámetros. | O19: Mantenimiento y Calibración de equipos | P19: Preventivo | S19: Moderado | T19: Tratamientos Químicos. | U19: Profesional Planta de Tratamiento y Bocatoma | V19: Ene 2025 - Dic 2025 | W19: Agua tratada con químicos para alcanzar los estándares. | X19: Periódico.
D20: Externo | E20: Infraestructura | F20: Corte de fluido eléctrico. | O20: Planta Eléctrica - con capacidad de 4h (ACPM). | P20: Preventivo | S20: =IFERROR(INDEX('[10]Evaluación de riesgos'!$P$9:$P$35,MATCH(GO!O20,'[10]Evaluación de riesgos'!$B$9:$B$35,0)),"") -> Moderado | T20: Contrato de insumos químicos | U20: Profesional Planta de Tratamiento y Bocatoma | V20: Ene 2025 - Dic 2025 | W20: Aseguramiento del stock necesario para para la potabilización de agua. | X20: Periódico.
D21: Externo | E21: Procesos | F21: Desabastecimiento de insumos químicos | O21: Inventario y solicitud de insumos químicos | P21: Preventivo | S21: =IFERROR(INDEX('[10]Evaluación de riesgos'!$P$9:$P$35,MATCH(GO!O21,'[10]Evaluación de riesgos'!$B$9:$B$35,0)),"") -> Moderado | T21: Mantenimiento y Calibración Equipos de Laboratorio | U21: Profesional Planta de Tratamiento y Bocatoma | V21: Ene 2025 - Dic 2025 | W21: Aseguramiento de los equipos y resultado de las mediciones | X21: Anual
A22: GO-R003 | B22: Colapso de las redes matrices de alcantarillado. | C22: Operativo | D22: Del Proceso | E22: Infraestructura | F22: Falta de controles y mantenimientos preventivos. | G22: Gestión de Calidad | H22: Falla en la evacuación y colapso en las redes de alcantarillado del casco urbano del municipio de Melgar. | I22: 3. Posible | J22: 3. Moderado | K22: =IFERROR(VLOOKUP(I22,[10]DATOS!$L$2:$Q$6,MATCH(J22,[10]DATOS!$M$7:$Q$7,0)+1,0),"") -> Alta | L22: 3. Posible | M22: 2. Menor | N22: =IFERROR(VLOOKUP(L22,[10]DATOS!$L$2:$Q$6,MATCH(M22,[10]DATOS!$M$7:$Q$7,0)+1,0),"") -> Moderada | O22: Mantenimiento preventivo de las redes con equipo de succión VACTOR, reposición de las redes de alcantarillado obsoletas. Rehabilitación y reposición de las redes de alcantarillado que se encuentran colmatadas | P22: Preventivo | Q22: Profesional para el cumplimiento de la misión Alcantarillado | R22: =IFERROR(INDEX([10]DATOS!$T$3:$T$6,MATCH(GO!N22,[10]DATOS!$S$3:$S$6,0)),"") -> Trimestral | S22: Moderado | T22: Contratación de equipo VACTOR por parte de la empresa para la ejecución de las labores de mantenimiento de la red de alcantarillado. | U22: Director Técnico Coordinador de acueducto y alcantarillado | V22: Ene 2025 - Dic 2025 | W22: Equipo succión Vactor | X22: Según la contingencia.
D23: Externo | E23: Social | F23: falta de cultura ciudadana en la población flotante | O23: Campañas de sensibilización | P23: Preventivo | S23: Moderado | T23: Disposición de cuadrilla de la empresa para la reposición de redes obsoletas. | U23: Director Técnico Coordinador de acueducto y alcantarillado | V23: Ene 2025 - Dic 2025 | W23: Reposición de redes obsoletas. | X23: Según la contingencia.
D24: Externo | E24: Medio Ambiente | F24: fenómenos naturales | O24: Campañas de limpieza a partir de los picos de precipitación y estadísticas de invierno y verano | P24: Preventivo | S24: Moderado | T24: atender las PQRS que se radican en ventanilla única | U24: Director Técnico Coordinador de acueducto y alcantarillado | V24: Ene 2025 - Dic 2025 | W24: usuarios a satisfacción | X24: Según la contingencia.
A25: GO-R004 | B25: Contaminación de Fuentes Hídricas. | C25: Operativo | D25: Externo | E25: Medio Ambiente | F25: Fenómenos naturales. | G25: Gestión de Calidad | H25: Efectos adversos en el tratamiento del agua: Afectación en la calidad del agua o interrupción del proceso. | I25: 1. Rara Vez | J25: 4. Mayor | K25: =IFERROR(VLOOKUP(I25,[10]DATOS!$L$2:$Q$6,MATCH(J25,[10]DATOS!$M$7:$Q$7,0)+1,0),"") -> Alta | L25: 1. Rara Vez | M25: 2. Menor | N25: =IFERROR(VLOOKUP(L25,[10]DATOS!$L$2:$Q$6,MATCH(M25,[10]DATOS!$M$7:$Q$7,0)+1,0),"") -> Baja | O25: Toma de muestra y análisis fisicoquímico y microbiológico de las fuentes hídricas. | P25: Detectivo | Q25: Profesional Planta de Tratamiento y Bocatoma | R25: =IFERROR(INDEX([10]DATOS!$T$3:$T$6,MATCH(GO!N25,[10]DATOS!$S$3:$S$6,0)),"") -> Semestral | S25: =IFERROR(INDEX('[10]Evaluación de riesgos'!$P$9:$P$35,MATCH(GO!O25,'[10]Evaluación de riesgos'!$B$9:$B$35,0)),"") -> Moderado | T25: Toma de muestras - parámetros regulares - de las fuentes hídricas | U25: Profesional Planta de Tratamiento y Bocatoma | V25: Ene 2025 - Dic 2025 | W25: Resultados de Análisis de Laboratorio | X25: Periódica
D26: Externo | E26: Medio Ambiente | F26: Factores antrópicos | T26: Toma de muestras - parámetros especiales complementarios- de las fuentes hídricas | U26: Profesional Planta de Tratamiento y Bocatoma | V26: Ene 2025 - Dic 2025 | W26: Resultados de Análisis de Laboratorio | X26: Semestral
A27: GO-R005 | B27: Incumplimiento por exceder el caudal concesionado de las fuentes de abastecimiento empleadas en el proceso de potabilización: Río Sumapaz y Quebrada La Palmara | C27: De Cumplimiento | D27: Del Proceso | E27: Medio Ambiente | F27: Fluctuaciones en los niveles de las fuentes hídricas debido a temporadas de sequía y temporadas de lluvia. | G27: Gestión Ambiental | H27: Posibles sanciones y/o multas por parte de la Corporación Autónoma Regional del Tolima -CORTOLIMA | I27: 4. Probable | J27: 3. Moderado | K27: =IFERROR(VLOOKUP(I27,[10]DATOS!$L$2:$Q$6,MATCH(J27,[10]DATOS!$M$7:$Q$7,0)+1,0),"") -> Alta | L27: 4. Probable | M27: 3. Moderado | N27: =IFERROR(VLOOKUP(L27,[10]DATOS!$L$2:$Q$6,MATCH(M27,[10]DATOS!$M$7:$Q$7,0)+1,0),"") -> Alta | O27: Medición de caudal del agua cruda captada. | P27: Detectivo | Q27: Profesional Planta de Tratamiento y Bocatoma | R27: =IFERROR(INDEX([10]DATOS!$T$3:$T$6,MATCH(GO!N27,[10]DATOS!$S$3:$S$6,0)),"") -> Mensual | S27: =IFERROR(INDEX('[10]Evaluación de riesgos'!$P$9:$P$35,MATCH(GO!O27,'[10]Evaluación de riesgos'!$B$9:$B$35,0)),"") -> Débil | T27: Se remite un oficio a Cortolima solicitando la respuesta de la solicitud de aumento de caudal radicada en el año 2021 | U27: Dirección Técnica | V27: Ene 2025 - Dic 2025 | W27: Proceso desestimado debido a que la titularidad de las concesiones las tiene actualmente la Alcaldía y no EMPUMELGAR. | X27: 45072
D28: Del Proceso | E28: Procesos | F28: Fallas en la captación de cualquiera de las fuentes hídricas que conlleve a aumentar y exceder el caudal captado de la otra fuente para compensar niveles del proceso. | T28: Cambio de Titularidad de las Concesiones | U28: Dirección de Calidad, Regulación y Medio Ambiente | V28: Ene 2025 - Dic 2025 | W28: En Proceso. Oficio remitido. | X28: Hasta obtener respuesta
D29: Externo | E29: Social | F29: Crecimiento exponencial de la población y nuevos proyectos de vivienda aumentando el número de suscriptores del servicio de acueducto.
D30: Externo | E30: Social | F30: Sobredemanda del consumo de agua potable en el municipio debido a población flotante en épocas de vacaciones y/o festivos.
K31: =IFERROR(VLOOKUP(I31,[10]DATOS!$L$2:$Q$6,MATCH(J31,[10]DATOS!$M$7:$Q$7,0)+1,0),"") | N31: =IFERROR(VLOOKUP(L31,[10]DATOS!$L$2:$Q$6,MATCH(M31,[10]DATOS!$M$7:$Q$7,0)+1,0),"") | R31: =IFERROR(INDEX([10]DATOS!$T$3:$T$6,MATCH(GO!N31,[10]DATOS!$S$3:$S$6,0)),"") | S31: =IFERROR(INDEX('[10]Evaluación de riesgos'!$P$9:$P$35,MATCH(GO!O31,'[10]Evaluación de riesgos'!$B$9:$B$35,0)),"")
K32: =IFERROR(VLOOKUP(I32,[10]DATOS!$L$2:$Q$6,MATCH(J32,[10]DATOS!$M$7:$Q$7,0)+1,0),"") | N32: =IFERROR(VLOOKUP(L32,[10]DATOS!$L$2:$Q$6,MATCH(M32,[10]DATOS!$M$7:$Q$7,0)+1,0),"") | R32: =IFERROR(INDEX([10]DATOS!$T$3:$T$6,MATCH(GO!N32,[10]DATOS!$S$3:$S$6,0)),"") | S32: =IFERROR(INDEX('[10]Evaluación de riesgos'!$P$9:$P$35,MATCH(GO!O32,'[10]Evaluación de riesgos'!$B$9:$B$35,0)),"")
K33: =IFERROR(VLOOKUP(I33,[10]DATOS!$L$2:$Q$6,MATCH(J33,[10]DATOS!$M$7:$Q$7,0)+1,0),"") | N33: =IFERROR(VLOOKUP(L33,[10]DATOS!$L$2:$Q$6,MATCH(M33,[10]DATOS!$M$7:$Q$7,0)+1,0),"") | R33: =IFERROR(INDEX([10]DATOS!$T$3:$T$6,MATCH(GO!N33,[10]DATOS!$S$3:$S$6,0)),"") | S33: =IFERROR(INDEX('[10]Evaluación de riesgos'!$P$9:$P$35,MATCH(GO!O33,'[10]Evaluación de riesgos'!$B$9:$B$35,0)),"")
K34: =IFERROR(VLOOKUP(I34,[10]DATOS!$L$2:$Q$6,MATCH(J34,[10]DATOS!$M$7:$Q$7,0)+1,0),"") | N34: =IFERROR(VLOOKUP(L34,[10]DATOS!$L$2:$Q$6,MATCH(M34,[10]DATOS!$M$7:$Q$7,0)+1,0),"") | R34: =IFERROR(INDEX([10]DATOS!$T$3:$T$6,MATCH(GO!N34,[10]DATOS!$S$3:$S$6,0)),"") | S34: =IFERROR(INDEX('[10]Evaluación de riesgos'!$P$9:$P$35,MATCH(GO!O34,'[10]Evaluación de riesgos'!$B$9:$B$35,0)),"")
K35: =IFERROR(VLOOKUP(I35,[10]DATOS!$L$2:$Q$6,MATCH(J35,[10]DATOS!$M$7:$Q$7,0)+1,0),"") | N35: =IFERROR(VLOOKUP(L35,[10]DATOS!$L$2:$Q$6,MATCH(M35,[10]DATOS!$M$7:$Q$7,0)+1,0),"") | R35: =IFERROR(INDEX([10]DATOS!$T$3:$T$6,MATCH(GO!N35,[10]DATOS!$S$3:$S$6,0)),"") | S35: =IFERROR(INDEX('[10]Evaluación de riesgos'!$P$9:$P$35,MATCH(GO!O35,'[10]Evaluación de riesgos'!$B$9:$B$35,0)),"")
K36: =IFERROR(VLOOKUP(I36,[10]DATOS!$L$2:$Q$6,MATCH(J36,[10]DATOS!$M$7:$Q$7,0)+1,0),"") | N36: =IFERROR(VLOOKUP(L36,[10]DATOS!$L$2:$Q$6,MATCH(M36,[10]DATOS!$M$7:$Q$7,0)+1,0),"") | R36: =IFERROR(INDEX([10]DATOS!$T$3:$T$6,MATCH(GO!N36,[10]DATOS!$S$3:$S$6,0)),"") | S36: =IFERROR(INDEX('[10]Evaluación de riesgos'!$P$9:$P$35,MATCH(GO!O36,'[10]Evaluación de riesgos'!$B$9:$B$35,0)),"")
K37: =IFERROR(VLOOKUP(I37,[10]DATOS!$L$2:$Q$6,MATCH(J37,[10]DATOS!$M$7:$Q$7,0)+1,0),"") | N37: =IFERROR(VLOOKUP(L37,[10]DATOS!$L$2:$Q$6,MATCH(M37,[10]DATOS!$M$7:$Q$7,0)+1,0),"") | R37: =IFERROR(INDEX([10]DATOS!$T$3:$T$6,MATCH(GO!N37,[10]DATOS!$S$3:$S$6,0)),"") | S37: =IFERROR(INDEX('[10]Evaluación de riesgos'!$P$9:$P$35,MATCH(GO!O37,'[10]Evaluación de riesgos'!$B$9:$B$35,0)),"")
K38: =IFERROR(VLOOKUP(I38,[10]DATOS!$L$2:$Q$6,MATCH(J38,[10]DATOS!$M$7:$Q$7,0)+1,0),"") | N38: =IFERROR(VLOOKUP(L38,[10]DATOS!$L$2:$Q$6,MATCH(M38,[10]DATOS!$M$7:$Q$7,0)+1,0),"") | R38: =IFERROR(INDEX([10]DATOS!$T$3:$T$6,MATCH(GO!N38,[10]DATOS!$S$3:$S$6,0)),"") | S38: =IFERROR(INDEX('[10]Evaluación de riesgos'!$P$9:$P$35,MATCH(GO!O38,'[10]Evaluación de riesgos'!$B$9:$B$35,0)),"")
K39: =IFERROR(VLOOKUP(I39,[10]DATOS!$L$2:$Q$6,MATCH(J39,[10]DATOS!$M$7:$Q$7,0)+1,0),"") | N39: =IFERROR(VLOOKUP(L39,[10]DATOS!$L$2:$Q$6,MATCH(M39,[10]DATOS!$M$7:$Q$7,0)+1,0),"") | R39: =IFERROR(INDEX([10]DATOS!$T$3:$T$6,MATCH(GO!N39,[10]DATOS!$S$3:$S$6,0)),"") | S39: =IFERROR(INDEX('[10]Evaluación de riesgos'!$P$9:$P$35,MATCH(GO!O39,'[10]Evaluación de riesgos'!$B$9:$B$35,0)),"")
K40: =IFERROR(VLOOKUP(I40,[10]DATOS!$L$2:$Q$6,MATCH(J40,[10]DATOS!$M$7:$Q$7,0)+1,0),"") | N40: =IFERROR(VLOOKUP(L40,[10]DATOS!$L$2:$Q$6,MATCH(M40,[10]DATOS!$M$7:$Q$7,0)+1,0),"") | R40: =IFERROR(INDEX([10]DATOS!$T$3:$T$6,MATCH(GO!N40,[10]DATOS!$S$3:$S$6,0)),"") | S40: =IFERROR(INDEX('[10]Evaluación de riesgos'!$P$9:$P$35,MATCH(GO!O40,'[10]Evaluación de riesgos'!$B$9:$B$35,0)),"")
K41: =IFERROR(VLOOKUP(I41,[10]DATOS!$L$2:$Q$6,MATCH(J41,[10]DATOS!$M$7:$Q$7,0)+1,0),"") | N41: =IFERROR(VLOOKUP(L41,[10]DATOS!$L$2:$Q$6,MATCH(M41,[10]DATOS!$M$7:$Q$7,0)+1,0),"") | R41: =IFERROR(INDEX([10]DATOS!$T$3:$T$6,MATCH(GO!N41,[10]DATOS!$S$3:$S$6,0)),"") | S41: =IFERROR(INDEX('[10]Evaluación de riesgos'!$P$9:$P$35,MATCH(GO!O41,'[10]Evaluación de riesgos'!$B$9:$B$35,0)),"")
K42: =IFERROR(VLOOKUP(I42,[10]DATOS!$L$2:$Q$6,MATCH(J42,[10]DATOS!$M$7:$Q$7,0)+1,0),"") | N42: =IFERROR(VLOOKUP(L42,[10]DATOS!$L$2:$Q$6,MATCH(M42,[10]DATOS!$M$7:$Q$7,0)+1,0),"") | R42: =IFERROR(INDEX([10]DATOS!$T$3:$T$6,MATCH(GO!N42,[10]DATOS!$S$3:$S$6,0)),"") | S42: =IFERROR(INDEX('[10]Evaluación de riesgos'!$P$9:$P$35,MATCH(GO!O42,'[10]Evaluación de riesgos'!$B$9:$B$35,0)),"")
... K167: =IFERROR(VLOOKUP(I167,[10]DATOS!$L$2:$Q$6,MATCH(J167,[10]DATOS!$M$7:$Q$7,0)+1,0),"") | N167: =IFERROR(VLOOKUP(L167,[10]DATOS!$L$2:$Q$6,MATCH(M167,[10]DATOS!$M$7:$Q$7,0)+1,0),"") | R167: =IFERROR(INDEX([10]DATOS!$T$3:$T$6,MATCH(GO!N167,[10]DATOS!$S$3:$S$6,0)),"") | S167: =IFERROR(INDEX('[10]Evaluación de riesgos'!$P$9:$P$35,MATCH(GO!O167,'[10]Evaluación de riesgos'!$B$9:$B$35,0)),"")

Sheet MC
C1: FORMATO MAPA DE RIESGOS | W1: CÓDIGO: MC-F011
W2: VERSIÓN: 05
W3: VIGENTE DESDE: 18/01/2023
A5: IDENTIFICACIÓN DEL PROCESO
A6: Proceso | B6: Mejora Continua
A7: Tipo de proceso | B7: Estratégico | G7: Responsable del análisis: | H7: Director(a) Planeación, Calidad y Desarrollo Corporativo
A8: Objetivo del proceso | B8: Implementar y mantener el Sistema Integrado de Gestión, mediante el control y seguimiento de la mejora continua del SIG, para el fortalecimiento de la gestión institucional de EMPUMELGAR E.S.P.
A10: IDENTIFICACIÓN DEL RIESGO | H10: EVALUACIÓN DEL RIESGO INHERENTE | L10: EVALUACIÓN DEL RIESGO RESIDUAL | O10: CONTROLES | T10: OPCIONES DE TRATAMIENTO
A11: Código | B11: Descripción del riesgo (Ejemplo de eventos: Fallas, Incorrecta, Inoportuno, Inadecuado) | C11: Clase de Riesgo | D11: Causas del riesgo | G11: Asociado a Subsistema | H11: Efectos o Consecuencias (Ejemplo: Pérdida, Interrupción, Incumplimiento, Sanciones) | I11: Probabilidad | J11: Impacto | K11: Zona de riesgo inherente | L11: Probabilidad | M11: Impacto | N11: Zona de riesgo residual | O11: Detallado del Control | P11: Naturaleza del Control | Q11: Responsable del monitoreo | R11: Periodicidad del control | S11: Resultado de la evaluación del control | T11: Acciones de Tratamiento | U11: Responsable | V11: Fecha de ejecución (Fecha inicio - Fecha fin) | W11: Resultado Seguimiento | X11: Fecha de Seguimiento
D12: Contexto | E12: Factor | F12: Causa
A13: MC-R001 | B13: Fallas en el control de documentos | C13: Estratégico | D13: Interno | E13: Procesos | F13: Desconocimiento de los documentos asociados a los procesos | G13: Gestión de Calidad | H13: Inadecuada implementación de los formatos y demás instrumentos documentales. | I13: 3. Posible | J13: 3. Moderado | K13: =IFERROR(VLOOKUP(I13,[11]DATOS!$L$2:$Q$6,MATCH(J13,[11]DATOS!$M$7:$Q$7,0)+1,0),"") -> Alta | L13: 3. Posible | M13: 2. Menor | N13: =IFERROR(VLOOKUP(L13,[11]DATOS!$L$2:$Q$6,MATCH(M13,[11]DATOS!$M$7:$Q$7,0)+1,0),"") -> Moderada | O13: Reporte de actualización de la información documentada a los líderes y procesos involucrados. | P13: Preventivo | Q13: Director Regulación, Calidad y Medio Ambiente | R13: =IFERROR(INDEX([11]DATOS!$T$3:$T$6,MATCH(MC!N13,[11]DATOS!$S$3:$S$6,0)),"") -> Trimestral | S13: =IFERROR(INDEX('[11]Evaluación de riesgos'!$P$9:$P$27,MATCH(MC!O13,'[11]Evaluación de riesgos'!$B$9:$B$27,0)),"") -> Moderado | T13: Reporte a los líderes de los procesos y demás involucrados, de los documentos actualizados. | U13: Director Regulación, Calidad y Medio Ambiente | V13: Ene 2025 / Dic 2025 | W13: Back ups de información documentada. Listado Maestro de Documentos. | X13: Periódico
D14: Interno | E14: Procesos | F14: Desactualización del listado maestro de documentos | O14: Control de documentos mediante verificación y actualización de los cambios requeridos por medio del listado maestro de documentos. | P14: Preventivo | S14: =IFERROR(INDEX('[11]Evaluación de riesgos'!$P$9:$P$27,MATCH(MC!O14,'[11]Evaluación de riesgos'!$B$9:$B$27,0)),"") -> Moderado | T14: Revisión periódica del listado maestro de documentos, verificando las versiones y fechas de vigencia, frente a los archivos consolidados en el Back up que reposa en Mejora Continua | U14: Director Regulación, Calidad y Medio Ambiente | V14: Ene 2025 / Dic 2025 | W14: Back ups de información documentada. Listado Maestro de Documentos. | X14: Periódico
O15: Socialización, inducción y retroalimentación de las actualizaciones al Sistema Integrado de Gestión. | P15: Preventivo | S15: =IFERROR(INDEX('[11]Evaluación de riesgos'!$P$9:$P$27,MATCH(MC!O15,'[11]Evaluación de riesgos'!$B$9:$B$27,0)),"") -> Moderado | T15: Inducción y reinducción del personal de manera periódica en donde se tratan temas correspondientes al Sistema Integrado de Gestión implementado por la entidad. | U15: Director Regulación, Calidad y Medio Ambiente | V15: Ene 2025 / Dic 2025 | W15: Listados de asistencia. Registros fotográficos. | X15: Periódico
A16: MC-R002 | B16: ACPM aplicadas ineficientes para eliminar las causas. | C16: Estratégico | D16: Interno | E16: Procesos | F16: Acciones implementadas de manera inadecuada y sin la planeación correspondiente. | G16: Gestión de Calidad | H16: Que las acciones aplicadas no eliminen o mitiguen la causa de acción correctiva. | I16: 3. Posible | J16: 3. Moderado | K16: =IFERROR(VLOOKUP(I16,[11]DATOS!$L$2:$Q$6,MATCH(J16,[11]DATOS!$M$7:$Q$7,0)+1,0),"") -> Alta | L16: 3. Posible | M16: 2. Menor | N16: =IFERROR(VLOOKUP(L16,[11]DATOS!$L$2:$Q$6,MATCH(M16,[11]DATOS!$M$7:$Q$7,0)+1,0),"") -> Moderada | O16: Uso, control y seguimiento del formato MC-F009 Acciones correctivas, preventivas y/o de mejora- ACPM. | P16: Preventivo | Q16: Director Regulación, Calidad y Medio Ambiente | R16: =IFERROR(INDEX([11]DATOS!$T$3:$T$6,MATCH(MC!N16,[11]DATOS!$S$3:$S$6,0)),"") -> Trimestral | S16: =IFERROR(INDEX('[11]Evaluación de riesgos'!$P$9:$P$27,MATCH(MC!O16,'[11]Evaluación de riesgos'!$B$9:$B$27,0)),"") -> Moderado | T16: Sensibilizaciones periódicas del uso adecuado, control y seguimiento del formato MC-F009 Acciones correctivas, preventivas y/o de mejora- ACPM. | U16: Director Regulación, Calidad y Medio Ambiente | V16: Ene 2025 / Dic 2025 | W16: Actas de comité. | X16: Periódico
O17: Participación en auditorías internas y externas de Gestión de Calidad, en las cuales se revisan el grado de avance en el cumplimiento y cierre de las Acciones correctivas, preventivas y/o de mejora- ACPM. | P17: Preventivo | S17: =IFERROR(INDEX('[11]Evaluación de riesgos'!$P$9:$P$27,MATCH(MC!O17,'[11]Evaluación de riesgos'!$B$9:$B$27,0)),"") -> Moderado | T17: Ejecución de auditorías internas y externas de Gestión de Calidad, en donde se realice participación por parte de Regulación, Calidad y Medio Ambiente, verificando el estado de avance de las acciones. | U17: Director Regulación, Calidad y Medio Ambiente | V17: Ene 2025 / Dic 2025 | W17: Resultados de las auditorías internas y externas | X17: Periódico
K18: =IFERROR(VLOOKUP(I18,[11]DATOS!$L$2:$Q$6,MATCH(J18,[11]DATOS!$M$7:$Q$7,0)+1,0),"") | N18: =IFERROR(VLOOKUP(L18,[11]DATOS!$L$2:$Q$6,MATCH(M18,[11]DATOS!$M$7:$Q$7,0)+1,0),"") | R18: =IFERROR(INDEX([11]DATOS!$T$3:$T$6,MATCH(MC!N18,[11]DATOS!$S$3:$S$6,0)),"") | S18: =IFERROR(INDEX('[11]Evaluación de riesgos'!$P$9:$P$27,MATCH(MC!O18,'[11]Evaluación de riesgos'!$B$9:$B$27,0)),"")
K19: =IFERROR(VLOOKUP(I19,[11]DATOS!$L$2:$Q$6,MATCH(J19,[11]DATOS!$M$7:$Q$7,0)+1,0),"") | N19: =IFERROR(VLOOKUP(L19,[11]DATOS!$L$2:$Q$6,MATCH(M19,[11]DATOS!$M$7:$Q$7,0)+1,0),"") | R19: =IFERROR(INDEX([11]DATOS!$T$3:$T$6,MATCH(MC!N19,[11]DATOS!$S$3:$S$6,0)),"") | S19: =IFERROR(INDEX('[11]Evaluación de riesgos'!$P$9:$P$27,MATCH(MC!O19,'[11]Evaluación de riesgos'!$B$9:$B$27,0)),"")
K20: =IFERROR(VLOOKUP(I20,[11]DATOS!$L$2:$Q$6,MATCH(J20,[11]DATOS!$M$7:$Q$7,0)+1,0),"") | N20: =IFERROR(VLOOKUP(L20,[11]DATOS!$L$2:$Q$6,MATCH(M20,[11]DATOS!$M$7:$Q$7,0)+1,0),"") | R20: =IFERROR(INDEX([11]DATOS!$T$3:$T$6,MATCH(MC!N20,[11]DATOS!$S$3:$S$6,0)),"") | S20: =IFERROR(INDEX('[11]Evaluación de riesgos'!$P$9:$P$27,MATCH(MC!O20,'[11]Evaluación de riesgos'!$B$9:$B$27,0)),"")
K21: =IFERROR(VLOOKUP(I21,[11]DATOS!$L$2:$Q$6,MATCH(J21,[11]DATOS!$M$7:$Q$7,0)+1,0),"") | N21: =IFERROR(VLOOKUP(L21,[11]DATOS!$L$2:$Q$6,MATCH(M21,[11]DATOS!$M$7:$Q$7,0)+1,0),"") | R21: =IFERROR(INDEX([11]DATOS!$T$3:$T$6,MATCH(MC!N21,[11]DATOS!$S$3:$S$6,0)),"") | S21: =IFERROR(INDEX('[11]Evaluación de riesgos'!$P$9:$P$27,MATCH(MC!O21,'[11]Evaluación de riesgos'!$B$9:$B$27,0)),"")
K22: =IFERROR(VLOOKUP(I22,[11]DATOS!$L$2:$Q$6,MATCH(J22,[11]DATOS!$M$7:$Q$7,0)+1,0),"") | N22: =IFERROR(VLOOKUP(L22,[11]DATOS!$L$2:$Q$6,MATCH(M22,[11]DATOS!$M$7:$Q$7,0)+1,0),"") | R22: =IFERROR(INDEX([11]DATOS!$T$3:$T$6,MATCH(MC!N22,[11]DATOS!$S$3:$S$6,0)),"") | S22: =IFERROR(INDEX('[11]Evaluación de riesgos'!$P$9:$P$27,MATCH(MC!O22,'[11]Evaluación de riesgos'!$B$9:$B$27,0)),"")
K23: =IFERROR(VLOOKUP(I23,[11]DATOS!$L$2:$Q$6,MATCH(J23,[11]DATOS!$M$7:$Q$7,0)+1,0),"") | N23: =IFERROR(VLOOKUP(L23,[11]DATOS!$L$2:$Q$6,MATCH(M23,[11]DATOS!$M$7:$Q$7,0)+1,0),"") | R23: =IFERROR(INDEX([11]DATOS!$T$3:$T$6,MATCH(MC!N23,[11]DATOS!$S$3:$S$6,0)),"") | S23: =IFERROR(INDEX('[11]Evaluación de riesgos'!$P$9:$P$27,MATCH(MC!O23,'[11]Evaluación de riesgos'!$B$9:$B$27,0)),"")
K24: =IFERROR(VLOOKUP(I24,[11]DATOS!$L$2:$Q$6,MATCH(J24,[11]DATOS!$M$7:$Q$7,0)+1,0),"") | N24: =IFERROR(VLOOKUP(L24,[11]DATOS!$L$2:$Q$6,MATCH(M24,[11]DATOS!$M$7:$Q$7,0)+1,0),"") | R24: =IFERROR(INDEX([11]DATOS!$T$3:$T$6,MATCH(MC!N24,[11]DATOS!$S$3:$S$6,0)),"") | S24: =IFERROR(INDEX('[11]Evaluación de riesgos'!$P$9:$P$27,MATCH(MC!O24,'[11]Evaluación de riesgos'!$B$9:$B$27,0)),"")
K25: =IFERROR(VLOOKUP(I25,[11]DATOS!$L$2:$Q$6,MATCH(J25,[11]DATOS!$M$7:$Q$7,0)+1,0),"") | N25: =IFERROR(VLOOKUP(L25,[11]DATOS!$L$2:$Q$6,MATCH(M25,[11]DATOS!$M$7:$Q$7,0)+1,0),"") | R25: =IFERROR(INDEX([11]DATOS!$T$3:$T$6,MATCH(MC!N25,[11]DATOS!$S$3:$S$6,0)),"") | S25: =IFERROR(INDEX('[11]Evaluación de riesgos'!$P$9:$P$27,MATCH(MC!O25,'[11]Evaluación de riesgos'!$B$9:$B$27,0)),"")
K26: =IFERROR(VLOOKUP(I26,[11]DATOS!$L$2:$Q$6,MATCH(J26,[11]DATOS!$M$7:$Q$7,0)+1,0),"") | N26: =IFERROR(VLOOKUP(L26,[11]DATOS!$L$2:$Q$6,MATCH(M26,[11]DATOS!$M$7:$Q$7,0)+1,0),"") | R26: =IFERROR(INDEX([11]DATOS!$T$3:$T$6,MATCH(MC!N26,[11]DATOS!$S$3:$S$6,0)),"") | S26: =IFERROR(INDEX('[11]Evaluación de riesgos'!$P$9:$P$27,MATCH(MC!O26,'[11]Evaluación de riesgos'!$B$9:$B$27,0)),"")
K27: =IFERROR(VLOOKUP(I27,[11]DATOS!$L$2:$Q$6,MATCH(J27,[11]DATOS!$M$7:$Q$7,0)+1,0),"") | N27: =IFERROR(VLOOKUP(L27,[11]DATOS!$L$2:$Q$6,MATCH(M27,[11]DATOS!$M$7:$Q$7,0)+1,0),"") | R27: =IFERROR(INDEX([11]DATOS!$T$3:$T$6,MATCH(MC!N27,[11]DATOS!$S$3:$S$6,0)),"") | S27: =IFERROR(INDEX('[11]Evaluación de riesgos'!$P$9:$P$27,MATCH(MC!O27,'[11]Evaluación de riesgos'!$B$9:$B$27,0)),"")
K28: =IFERROR(VLOOKUP(I28,[11]DATOS!$L$2:$Q$6,MATCH(J28,[11]DATOS!$M$7:$Q$7,0)+1,0),"") | N28: =IFERROR(VLOOKUP(L28,[11]DATOS!$L$2:$Q$6,MATCH(M28,[11]DATOS!$M$7:$Q$7,0)+1,0),"") | R28: =IFERROR(INDEX([11]DATOS!$T$3:$T$6,MATCH(MC!N28,[11]DATOS!$S$3:$S$6,0)),"") | S28: =IFERROR(INDEX('[11]Evaluación de riesgos'!$P$9:$P$27,MATCH(MC!O28,'[11]Evaluación de riesgos'!$B$9:$B$27,0)),"")
K29: =IFERROR(VLOOKUP(I29,[11]DATOS!$L$2:$Q$6,MATCH(J29,[11]DATOS!$M$7:$Q$7,0)+1,0),"") | N29: =IFERROR(VLOOKUP(L29,[11]DATOS!$L$2:$Q$6,MATCH(M29,[11]DATOS!$M$7:$Q$7,0)+1,0),"") | R29: =IFERROR(INDEX([11]DATOS!$T$3:$T$6,MATCH(MC!N29,[11]DATOS!$S$3:$S$6,0)),"") | S29: =IFERROR(INDEX('[11]Evaluación de riesgos'!$P$9:$P$27,MATCH(MC!O29,'[11]Evaluación de riesgos'!$B$9:$B$27,0)),"")
... K157: =IFERROR(VLOOKUP(I157,[11]DATOS!$L$2:$Q$6,MATCH(J157,[11]DATOS!$M$7:$Q$7,0)+1,0),"") | N157: =IFERROR(VLOOKUP(L157,[11]DATOS!$L$2:$Q$6,MATCH(M157,[11]DATOS!$M$7:$Q$7,0)+1,0),"") | R157: =IFERROR(INDEX([11]DATOS!$T$3:$T$6,MATCH(MC!N157,[11]DATOS!$S$3:$S$6,0)),"") | S157: =IFERROR(INDEX('[11]Evaluación de riesgos'!$P$9:$P$27,MATCH(MC!O157,'[11]Evaluación de riesgos'!$B$9:$B$27,0)),"")

Sheet RF
C1: FORMATO MAPA DE RIESGOS | W1: CÓDIGO: MC-F011
W2: VERSIÓN: 05
W3: VIGENTE DESDE: 18/01/2023
A5: IDENTIFICACIÓN DEL PROCESO
A6: Proceso | B6: Gestión Recursos Físicos
A7: Tipo de proceso | B7: Apoyo | G7: Responsable del análisis: | H7: Directora Administrativo y Financiero.
A8: Objetivo del proceso | B8: Prestar el servicio de recepción y entrega de bienes a todos los procesos EMPUMELGAR E.S.P. y apoyar la gestión de los inventarios institucionales.
A10: IDENTIFICACIÓN DEL RIESGO | H10: EVALUACIÓN DEL RIESGO INHERENTE | L10: EVALUACIÓN DEL RIESGO RESIDUAL | O10: CONTROLES | T10: OPCIONES DE TRATAMIENTO
A11: Código | B11: Descripción del riesgo (Ejemplo de eventos: Fallas, Incorrecta, Inoportuno, Inadecuado) | C11: Clase de Riesgo | D11: Causas del riesgo | G11: Asociado a Subsistema | H11: Efectos o Consecuencias (Ejemplo: Pérdida, Interrupción, Incumplimiento, Sanciones) | I11: Probabilidad | J11: Impacto | K11: Zona de riesgo inherente | L11: Probabilidad | M11: Impacto | N11: Zona de riesgo residual | O11: Detallado del Control | P11: Naturaleza del Control | Q11: Responsable del monitoreo | R11: Periodicidad del control | S11: Resultado de la evaluación del control | T11: Acciones de Tratamiento | U11: Responsable | V11: Fecha de ejecución (Fecha inicio - Fecha fin) | W11: Resultado Seguimiento | X11: Fecha de Seguimiento
D12: Contexto | E12: Factor | F12: Causa
A13: RF-R001 | B13: Inoportuno ingreso de elementos de almacén. | C13: De Cumplimiento | D13: Externo | E13: Procesos | F13: Incumplimiento de los proveedores de elementos del almacén. | G13: Gestión de Calidad | H13: Ingreso extemporáneo u omisión del ingreso de los elementos adquiridos por la entidad al Almacén. | I13: 3. Posible | J13: 3. Moderado | K13: =IFERROR(VLOOKUP(I13,[12]DATOS!$L$2:$Q$6,MATCH(J13,[12]DATOS!$M$7:$Q$7,0)+1,0),"") -> Alta | L13: 3. Posible | M13: 3. Moderado | N13: =IFERROR(VLOOKUP(L13,[12]DATOS!$L$2:$Q$6,MATCH(M13,[12]DATOS!$M$7:$Q$7,0)+1,0),"") -> Alta | O13: Verificación de información por medio del Software financiero. | P13: Preventivo | Q13: Profesional de apoyo a la gestión administrativa. | R13: =IFERROR(INDEX([12]DATOS!$T$3:$T$6,MATCH(RF!N13,[12]DATOS!$S$3:$S$6,0)),"") -> Mensual | S13: Moderado | T13: Mejorar el flujo de comunicación con supervisores y contratistas. | U13: Director Administrativo y Financiero. | V13: Ene 2025 - Dic 2025 | W13: Flujo de comunicación adecuado. | X13: Periódico.
D14: Interno | E14: Procesos | F14: Incumplimiento de las directrices del procedimiento de ingreso de elementos al almacén. | O14: Actualización de los inventarios | P14: Preventivo | S14: Moderado | T14: Socialización de procedimiento aprobado. | U14: Director Administrativo y Financiero. | V14: Ene 2025 - Dic 2025 | W14: Verificación de cantidades de elementos en el almacén. | X14: Según actualizaciones.
A15: RF-R002 | B15: Entrega inoportuna de bienes y/o elementos solicitados | C15: De Cumplimiento | D15: Interno | E15: Procesos | F15: Formato RF-F003 mal diligenciado / no solicitud con el formato RF-F003 | G15: Gestión de Calidad | H15: Retraso e incumplimiento en la prestación del servicio. | I15: 3. Posible | J15: 4. Mayor | K15: =IFERROR(VLOOKUP(I15,[12]DATOS!$L$2:$Q$6,MATCH(J15,[12]DATOS!$M$7:$Q$7,0)+1,0),"") -> Extrema | L15: 3. Posible | M15: 3. Moderado | N15: =IFERROR(VLOOKUP(L15,[12]DATOS!$L$2:$Q$6,MATCH(M15,[12]DATOS!$M$7:$Q$7,0)+1,0),"") -> Alta | O15: Verificación del adecuado diligenciamiento del formato RF-F003 | P15: Preventivo | Q15: Profesional de apoyo a la gestión administrativa. | R15: =IFERROR(INDEX([12]DATOS!$T$3:$T$6,MATCH(RF!N15,[12]DATOS!$S$3:$S$6,0)),"") -> Mensual | S15: Moderado | T15: Comunicación y concertación con el proveedor para definir específicamente tiempo real de la entrega. | U15: Director Administrativo y Financiero. | V15: Ene 2025 - Dic 2025 | W15: Comunicación con el proveedor. | X15: Periódico.
D16: Externo | E16: Procesos | F16: Incumplimiento de los proveedores en la entrega de elementos. | O16: Seguimiento contractual a los contratos de suministros de elementos e insumos | P16: Preventivo | S16: Moderado | T16: Mejorar comunicación con el área técnica sobre proyectos a ejecutar. | U16: Director Administrativo y Financiero. | V16: Ene 2025 - Dic 2025 | W16: Comunicación con el área técnica. | X16: Periódico.
D17: Interno | E17: Procesos | F17: No disponibilidad del bien y/o elemento solicitado. | O17: Verificación de disponibilidad de elementos en stock. | P17: Preventivo | S17: Moderado | T17: Realizar inventarios periódicos del almacén | U17: Director Administrativo y Financiero - Almacenista | V17: Ene 2025 - Dic 2025 | W17: Comunicación con el área técnica. | X17: Periódico.
K18: =IFERROR(VLOOKUP(I18,[12]DATOS!$L$2:$Q$6,MATCH(J18,[12]DATOS!$M$7:$Q$7,0)+1,0),"") | N18: =IFERROR(VLOOKUP(L18,[12]DATOS!$L$2:$Q$6,MATCH(M18,[12]DATOS!$M$7:$Q$7,0)+1,0),"") | R18: =IFERROR(INDEX([12]DATOS!$T$3:$T$6,MATCH(RF!N18,[12]DATOS!$S$3:$S$6,0)),"") | S18: =IFERROR(INDEX('[12]Evaluación de riesgos'!$P$9:$P$30,MATCH(RF!O18,'[12]Evaluación de riesgos'!$B$9:$B$30,0)),"")
K19: =IFERROR(VLOOKUP(I19,[12]DATOS!$L$2:$Q$6,MATCH(J19,[12]DATOS!$M$7:$Q$7,0)+1,0),"") | N19: =IFERROR(VLOOKUP(L19,[12]DATOS!$L$2:$Q$6,MATCH(M19,[12]DATOS!$M$7:$Q$7,0)+1,0),"") | R19: =IFERROR(INDEX([12]DATOS!$T$3:$T$6,MATCH(RF!N19,[12]DATOS!$S$3:$S$6,0)),"") | S19: =IFERROR(INDEX('[12]Evaluación de riesgos'!$P$9:$P$30,MATCH(RF!O19,'[12]Evaluación de riesgos'!$B$9:$B$30,0)),"")
K20: =IFERROR(VLOOKUP(I20,[12]DATOS!$L$2:$Q$6,MATCH(J20,[12]DATOS!$M$7:$Q$7,0)+1,0),"") | N20: =IFERROR(VLOOKUP(L20,[12]DATOS!$L$2:$Q$6,MATCH(M20,[12]DATOS!$M$7:$Q$7,0)+1,0),"") | R20: =IFERROR(INDEX([12]DATOS!$T$3:$T$6,MATCH(RF!N20,[12]DATOS!$S$3:$S$6,0)),"") | S20: =IFERROR(INDEX('[12]Evaluación de riesgos'!$P$9:$P$30,MATCH(RF!O20,'[12]Evaluación de riesgos'!$B$9:$B$30,0)),"")
K21: =IFERROR(VLOOKUP(I21,[12]DATOS!$L$2:$Q$6,MATCH(J21,[12]DATOS!$M$7:$Q$7,0)+1,0),"") | N21: =IFERROR(VLOOKUP(L21,[12]DATOS!$L$2:$Q$6,MATCH(M21,[12]DATOS!$M$7:$Q$7,0)+1,0),"") | R21: =IFERROR(INDEX([12]DATOS!$T$3:$T$6,MATCH(RF!N21,[12]DATOS!$S$3:$S$6,0)),"") | S21: =IFERROR(INDEX('[12]Evaluación de riesgos'!$P$9:$P$30,MATCH(RF!O21,'[12]Evaluación de riesgos'!$B$9:$B$30,0)),"")
K22: =IFERROR(VLOOKUP(I22,[12]DATOS!$L$2:$Q$6,MATCH(J22,[12]DATOS!$M$7:$Q$7,0)+1,0),"") | N22: =IFERROR(VLOOKUP(L22,[12]DATOS!$L$2:$Q$6,MATCH(M22,[12]DATOS!$M$7:$Q$7,0)+1,0),"") | R22: =IFERROR(INDEX([12]DATOS!$T$3:$T$6,MATCH(RF!N22,[12]DATOS!$S$3:$S$6,0)),"") | S22: =IFERROR(INDEX('[12]Evaluación de riesgos'!$P$9:$P$30,MATCH(RF!O22,'[12]Evaluación de riesgos'!$B$9:$B$30,0)),"")
K23: =IFERROR(VLOOKUP(I23,[12]DATOS!$L$2:$Q$6,MATCH(J23,[12]DATOS!$M$7:$Q$7,0)+1,0),"") | N23: =IFERROR(VLOOKUP(L23,[12]DATOS!$L$2:$Q$6,MATCH(M23,[12]DATOS!$M$7:$Q$7,0)+1,0),"") | R23: =IFERROR(INDEX([12]DATOS!$T$3:$T$6,MATCH(RF!N23,[12]DATOS!$S$3:$S$6,0)),"") | S23: =IFERROR(INDEX('[12]Evaluación de riesgos'!$P$9:$P$30,MATCH(RF!O23,'[12]Evaluación de riesgos'!$B$9:$B$30,0)),"")
K24: =IFERROR(VLOOKUP(I24,[12]DATOS!$L$2:$Q$6,MATCH(J24,[12]DATOS!$M$7:$Q$7,0)+1,0),"") | N24: =IFERROR(VLOOKUP(L24,[12]DATOS!$L$2:$Q$6,MATCH(M24,[12]DATOS!$M$7:$Q$7,0)+1,0),"") | R24: =IFERROR(INDEX([12]DATOS!$T$3:$T$6,MATCH(RF!N24,[12]DATOS!$S$3:$S$6,0)),"") | S24: =IFERROR(INDEX('[12]Evaluación de riesgos'!$P$9:$P$30,MATCH(RF!O24,'[12]Evaluación de riesgos'!$B$9:$B$30,0)),"")
K25: =IFERROR(VLOOKUP(I25,[12]DATOS!$L$2:$Q$6,MATCH(J25,[12]DATOS!$M$7:$Q$7,0)+1,0),"") | N25: =IFERROR(VLOOKUP(L25,[12]DATOS!$L$2:$Q$6,MATCH(M25,[12]DATOS!$M$7:$Q$7,0)+1,0),"") | R25: =IFERROR(INDEX([12]DATOS!$T$3:$T$6,MATCH(RF!N25,[12]DATOS!$S$3:$S$6,0)),"") | S25: =IFERROR(INDEX('[12]Evaluación de riesgos'!$P$9:$P$30,MATCH(RF!O25,'[12]Evaluación de riesgos'!$B$9:$B$30,0)),"")
K26: =IFERROR(VLOOKUP(I26,[12]DATOS!$L$2:$Q$6,MATCH(J26,[12]DATOS!$M$7:$Q$7,0)+1,0),"") | N26: =IFERROR(VLOOKUP(L26,[12]DATOS!$L$2:$Q$6,MATCH(M26,[12]DATOS!$M$7:$Q$7,0)+1,0),"") | R26: =IFERROR(INDEX([12]DATOS!$T$3:$T$6,MATCH(RF!N26,[12]DATOS!$S$3:$S$6,0)),"") | S26: =IFERROR(INDEX('[12]Evaluación de riesgos'!$P$9:$P$30,MATCH(RF!O26,'[12]Evaluación de riesgos'!$B$9:$B$30,0)),"")
K27: =IFERROR(VLOOKUP(I27,[12]DATOS!$L$2:$Q$6,MATCH(J27,[12]DATOS!$M$7:$Q$7,0)+1,0),"") | N27: =IFERROR(VLOOKUP(L27,[12]DATOS!$L$2:$Q$6,MATCH(M27,[12]DATOS!$M$7:$Q$7,0)+1,0),"") | R27: =IFERROR(INDEX([12]DATOS!$T$3:$T$6,MATCH(RF!N27,[12]DATOS!$S$3:$S$6,0)),"") | S27: =IFERROR(INDEX('[12]Evaluación de riesgos'!$P$9:$P$30,MATCH(RF!O27,'[12]Evaluación de riesgos'!$B$9:$B$30,0)),"")
K28: =IFERROR(VLOOKUP(I28,[12]DATOS!$L$2:$Q$6,MATCH(J28,[12]DATOS!$M$7:$Q$7,0)+1,0),"") | N28: =IFERROR(VLOOKUP(L28,[12]DATOS!$L$2:$Q$6,MATCH(M28,[12]DATOS!$M$7:$Q$7,0)+1,0),"") | R28: =IFERROR(INDEX([12]DATOS!$T$3:$T$6,MATCH(RF!N28,[12]DATOS!$S$3:$S$6,0)),"") | S28: =IFERROR(INDEX('[12]Evaluación de riesgos'!$P$9:$P$30,MATCH(RF!O28,'[12]Evaluación de riesgos'!$B$9:$B$30,0)),"")
K29: =IFERROR(VLOOKUP(I29,[12]DATOS!$L$2:$Q$6,MATCH(J29,[12]DATOS!$M$7:$Q$7,0)+1,0),"") | N29: =IFERROR(VLOOKUP(L29,[12]DATOS!$L$2:$Q$6,MATCH(M29,[12]DATOS!$M$7:$Q$7,0)+1,0),"") | R29: =IFERROR(INDEX([12]DATOS!$T$3:$T$6,MATCH(RF!N29,[12]DATOS!$S$3:$S$6,0)),"") | S29: =IFERROR(INDEX('[12]Evaluación de riesgos'!$P$9:$P$30,MATCH(RF!O29,'[12]Evaluación de riesgos'!$B$9:$B$30,0)),"")
... K161: =IFERROR(VLOOKUP(I161,[12]DATOS!$L$2:$Q$6,MATCH(J161,[12]DATOS!$M$7:$Q$7,0)+1,0),"") | N161: =IFERROR(VLOOKUP(L161,[12]DATOS!$L$2:$Q$6,MATCH(M161,[12]DATOS!$M$7:$Q$7,0)+1,0),"") | R161: =IFERROR(INDEX([12]DATOS!$T$3:$T$6,MATCH(RF!N161,[12]DATOS!$S$3:$S$6,0)),"") | S161: =IFERROR(INDEX('[12]Evaluación de riesgos'!$P$9:$P$30,MATCH(RF!O161,'[12]Evaluación de riesgos'!$B$9:$B$30,0)),"")

Sheet RH
C1: FORMATO MAPA DE RIESGOS | W1: CÓDIGO: MC-F011
W2: VERSIÓN: 05
W3: VIGENTE DESDE: 18/01/2023
A5: IDENTIFICACIÓN DEL PROCESO
A6: Proceso | B6: Gestión Recursos Humanos
A7: Tipo de proceso | B7: Apoyo | G7: Responsable del análisis: | H7: Director Administrativo y Financiero
A8: Objetivo del proceso | B8: Proveer y gestionar recurso humano idóneo recurso humano de la Empresa de Servicios públicos de Melgar EMPUMELGAR E.S.P., promoviendo su desarrollo integral mediante la implementación de programas y planes encaminados a mejorar el bienestar de los servidores públicos y trabajadores, así como al fortalecimiento de competencias que contribuyan al cumplimiento de los fines misionales, estratégicos y de apoyo, de acuerdo con la normatividad vigente y los recursos destinados para tal fin; todo ello orientado al mejoramiento del clima organizacional.
A10: IDENTIFICACIÓN DEL RIESGO | H10: EVALUACIÓN DEL RIESGO INHERENTE | L10: EVALUACIÓN DEL RIESGO RESIDUAL | O10: CONTROLES | T10: OPCIONES DE TRATAMIENTO
A11: Código | B11: Descripción del riesgo (Ejemplo de eventos: Fallas, Incorrecta, Inoportuno, Inadecuado) | C11: Clase de Riesgo | D11: Causas del riesgo | G11: Asociado a Subsistema | H11: Efectos o Consecuencias (Ejemplo: Pérdida, Interrupción, Incumplimiento, Sanciones) | I11: Probabilidad | J11: Impacto | K11: Zona de riesgo inherente | L11: Probabilidad | M11: Impacto | N11: Zona de riesgo residual | O11: Detallado del Control | P11: Naturaleza del Control | Q11: Responsable del monitoreo | R11: Periodicidad del control | S11: Resultado de la evaluación del control | T11: Acciones de Tratamiento | U11: Responsable | V11: Fecha de ejecución (Fecha inicio - Fecha fin) | W11: Resultado Seguimiento | X11: Fecha de Seguimiento
D12: Contexto | E12: Factor | F12: Causa
A13: RH-R001 | B13: Inoportuno cargue de novedades que afectan la nomina, para el posterior pago de obligaciones económicas. | C13: De Cumplimiento | D13: Externo | E13: Procesos | F13: Incumplimiento en el reporte de las novedades que afectan la nomina | G13: Gestión de Calidad | H13: Incumplimiento de las obligaciones económicas a los trabajadores y terceros de nomina por servicio del personal. | I13: 3. Posible | J13: 4. Mayor | K13: =IFERROR(VLOOKUP(I13,[13]DATOS!$L$2:$Q$6,MATCH(J13,[13]DATOS!$M$7:$Q$7,0)+1,0),"") -> Extrema | L13: 2. Improbable | M13: 3. Moderado | N13: =IFERROR(VLOOKUP(L13,[13]DATOS!$L$2:$Q$6,MATCH(M13,[13]DATOS!$M$7:$Q$7,0)+1,0),"") -> Moderada | O13: Envío de correos electrónicos recordando las fechas de reporte | P13: Preventivo | Q13: Director Administrativo y Financiero | R13: Periódico | S13: Débil | T13: Cumplimiento en la entrega de novedades que afectan la nomina y posterior cargue en las fechas establecidas | U13: Gestión de recursos humanos | V13: ENE 2025 - DIC 2025 | W13: Novedades entregadas y cargadas oportunamente | X13: Periódico
D14: Del Proceso | E14: Procesos | F14: Cargue inoportuno dentro de las fechas establecidas para la entrega de la liquidación de nomina | G14: Gestión de Calidad | I14: 3. Posible | J14: 4. Mayor | K14: =IFERROR(VLOOKUP(I14,[13]DATOS!$L$2:$Q$6,MATCH(J14,[13]DATOS!$M$7:$Q$7,0)+1,0),"") -> Extrema | L14: 2. Improbable | M14: 3. Moderado | N14: =IFERROR(VLOOKUP(L14,[13]DATOS!$L$2:$Q$6,MATCH(M14,[13]DATOS!$M$7:$Q$7,0)+1,0),"") -> Moderada | O14: Cumplir con las fechas establecidas de entrega | P14: Preventivo | S14: Moderada
D15: Del Proceso | E15: Procesos | F15: Falta de verificación y actualización de la base de datos de los trabajadores y de las novedades que afectan la nomina | G15: Gestión de Calidad | I15: 3. Posible | J15: 4. Mayor | K15: =IFERROR(VLOOKUP(I15,[13]DATOS!$L$2:$Q$6,MATCH(J15,[13]DATOS!$M$7:$Q$7,0)+1,0),"") -> Extrema | L15: 2. Improbable | M15: 3. Moderado | N15: =IFERROR(VLOOKUP(L15,[13]DATOS!$L$2:$Q$6,MATCH(M15,[13]DATOS!$M$7:$Q$7,0)+1,0),"") -> Moderada | O15: Verificación periódica | P15: Preventivo | S15: Débil | T15: Provisionamiento de recursos económicos para los pagos | U15: Director administrativo y financiero | V15: ENE 2025 - DIC 2025 | W15: Recursos Económicos
D16: Externo | E16: Tecnológico | F16: Actualizaciones del software financiero de modulo de nomina, que generan desconfiguración en algunos parámetros establecidos | G16: Gestión de Calidad | I16: 3. Posible | J16: 4. Mayor | K16: =IFERROR(VLOOKUP(I16,[13]DATOS!$L$2:$Q$6,MATCH(J16,[13]DATOS!$M$7:$Q$7,0)+1,0),"") -> Extrema | L16: 2. Improbable | M16: 3. Moderado | N16: =IFERROR(VLOOKUP(L16,[13]DATOS!$L$2:$Q$6,MATCH(M16,[13]DATOS!$M$7:$Q$7,0)+1,0),"") -> Moderada | O16: Revisión de la parametrización del modulo de nomina | P16: Preventivo | S16: Débil
A17: RH-R002 | B17: Afiliación y liquidación errónea de las prestaciones sociales de los servidores públicos y trabajadores oficiales. | C17: De Cumplimiento | D17: Interno | E17: Procesos | F17: Pago de intereses generados | G17: Gestión de Calidad | H17: No cobertura del trabajador al sistema seguridad social | I17: 3. Posible | J17: 3. Moderado | K17: Alta | L17: 3. Posible | M17: 3. Moderado | N17: Alta | O17: Verificación periódica de las afiliaciones | P17: Preventivo | Q17: Director Administrativo y Financiero | R17: Mensual | S17: Débil | T17: Pagos efectuados de la PILA dentro de las fechas establecidas por la Ley | U17: Director administrativo y financiero | V17: ENE 2025 - DIC 2025 | W17: Pago de obligaciones oportunamente | X17: Periódico
D19: Interno | E19: Procesos | F19: Cargue de las novedades y posterior pago inoportuno dentro de las fechas establecidas | I19: 3. Posible | J19: 3. Moderado | K19: =IFERROR(VLOOKUP(I19,[13]DATOS!$L$2:$Q$6,MATCH(J19,[13]DATOS!$M$7:$Q$7,0)+1,0),"") -> Alta | L19: 3. Posible | M19: 3. Moderado | N19: =IFERROR(VLOOKUP(L19,[13]DATOS!$L$2:$Q$6,MATCH(M19,[13]DATOS!$M$7:$Q$7,0)+1,0),"") -> Alta | O19: Verificar que los pagos sean efectuados en las fechas establecidas por la ley | P19: Preventivo | R19: =IFERROR(INDEX([13]DATOS!$T$3:$T$6,MATCH(RH!N19,[13]DATOS!$S$3:$S$6,0)),"") -> Mensual | S19: Moderada | V19: ENE 2025 - DIC 2025
D20: Interno | E20: Procesos | F20: Falta de verificación y actualización de la base de datos de los trabajadores | I20: 3. Posible | J20: 3. Moderado | K20: =IFERROR(VLOOKUP(I20,[13]DATOS!$L$2:$Q$6,MATCH(J20,[13]DATOS!$M$7:$Q$7,0)+1,0),"") -> Alta | L20: 3. Posible | M20: 3. Moderado | N20: =IFERROR(VLOOKUP(L20,[13]DATOS!$L$2:$Q$6,MATCH(M20,[13]DATOS!$M$7:$Q$7,0)+1,0),"") -> Alta | O20: Verificar el Ingreso Base de Cotización –IBC, de los servidores públicos y trabajadores oficiales | P20: Preventivo | R20: =IFERROR(INDEX([13]DATOS!$T$3:$T$6,MATCH(RH!N20,[13]DATOS!$S$3:$S$6,0)),"") -> Mensual | S20: Débil | T20: Provisionamiento de recursos económicos para los pagos | U20: Director administrativo y financiero | V20: ENE 2025 - DIC 2025 | W20: Recursos Económicos
D21: Interno | E21: Procesos | F21: Afiliación errónea del servidor publico o trabajador oficial al sistema de seguridad social | I21: 3. Posible | J21: 3. Moderado | K21: =IFERROR(VLOOKUP(I21,[13]DATOS!$L$2:$Q$6,MATCH(J21,[13]DATOS!$M$7:$Q$7,0)+1,0),"") -> Alta | L21: 3. Posible | M21: 3. Moderado | N21: =IFERROR(VLOOKUP(L21,[13]DATOS!$L$2:$Q$6,MATCH(M21,[13]DATOS!$M$7:$Q$7,0)+1,0),"") -> Alta | O21: Verificar que los valores a pagar sean los correctos | P21: Preventivo | R21: =IFERROR(INDEX([13]DATOS!$T$3:$T$6,MATCH(RH!N21,[13]DATOS!$S$3:$S$6,0)),"") -> Mensual | S21: Débil | V21: ENE 2025 - DIC 2025
D22: Interno | E22: Personal | F22: No verificación de valores | I22: 3. Posible | J22: 3. Moderado | K22: =IFERROR(VLOOKUP(I22,[13]DATOS!$L$2:$Q$6,MATCH(J22,[13]DATOS!$M$7:$Q$7,0)+1,0),"") -> Alta | L22: 3. Posible | M22: 3. Moderado | N22: =IFERROR(VLOOKUP(L22,[13]DATOS!$L$2:$Q$6,MATCH(M22,[13]DATOS!$M$7:$Q$7,0)+1,0),"") -> Alta | P22: Preventivo | R22: =IFERROR(INDEX([13]DATOS!$T$3:$T$6,MATCH(RH!N22,[13]DATOS!$S$3:$S$6,0)),"") -> Mensual
K23: =IFERROR(VLOOKUP(I23,[13]DATOS!$L$2:$Q$6,MATCH(J23,[13]DATOS!$M$7:$Q$7,0)+1,0),"") | N23: =IFERROR(VLOOKUP(L23,[13]DATOS!$L$2:$Q$6,MATCH(M23,[13]DATOS!$M$7:$Q$7,0)+1,0),"") | R23: =IFERROR(INDEX([13]DATOS!$T$3:$T$6,MATCH(RH!N23,[13]DATOS!$S$3:$S$6,0)),"") | S23: =IFERROR(INDEX('[13]Evaluación de riesgos'!$P$9:$P$26,MATCH(RH!O23,'[13]Evaluación de riesgos'!$B$9:$B$26,0)),"")
K24: =IFERROR(VLOOKUP(I24,[13]DATOS!$L$2:$Q$6,MATCH(J24,[13]DATOS!$M$7:$Q$7,0)+1,0),"") | N24: =IFERROR(VLOOKUP(L24,[13]DATOS!$L$2:$Q$6,MATCH(M24,[13]DATOS!$M$7:$Q$7,0)+1,0),"") | R24: =IFERROR(INDEX([13]DATOS!$T$3:$T$6,MATCH(RH!N24,[13]DATOS!$S$3:$S$6,0)),"") | S24: =IFERROR(INDEX('[13]Evaluación de riesgos'!$P$9:$P$26,MATCH(RH!O24,'[13]Evaluación de riesgos'!$B$9:$B$26,0)),"")
K25: =IFERROR(VLOOKUP(I25,[13]DATOS!$L$2:$Q$6,MATCH(J25,[13]DATOS!$M$7:$Q$7,0)+1,0),"") | N25: =IFERROR(VLOOKUP(L25,[13]DATOS!$L$2:$Q$6,MATCH(M25,[13]DATOS!$M$7:$Q$7,0)+1,0),"") | R25: =IFERROR(INDEX([13]DATOS!$T$3:$T$6,MATCH(RH!N25,[13]DATOS!$S$3:$S$6,0)),"") | S25: =IFERROR(INDEX('[13]Evaluación de riesgos'!$P$9:$P$26,MATCH(RH!O25,'[13]Evaluación de riesgos'!$B$9:$B$26,0)),"")
K26: =IFERROR(VLOOKUP(I26,[13]DATOS!$L$2:$Q$6,MATCH(J26,[13]DATOS!$M$7:$Q$7,0)+1,0),"") | N26: =IFERROR(VLOOKUP(L26,[13]DATOS!$L$2:$Q$6,MATCH(M26,[13]DATOS!$M$7:$Q$7,0)+1,0),"") | R26: =IFERROR(INDEX([13]DATOS!$T$3:$T$6,MATCH(RH!N26,[13]DATOS!$S$3:$S$6,0)),"") | S26: =IFERROR(INDEX('[13]Evaluación de riesgos'!$P$9:$P$26,MATCH(RH!O26,'[13]Evaluación de riesgos'!$B$9:$B$26,0)),"")
K27: =IFERROR(VLOOKUP(I27,[13]DATOS!$L$2:$Q$6,MATCH(J27,[13]DATOS!$M$7:$Q$7,0)+1,0),"") | N27: =IFERROR(VLOOKUP(L27,[13]DATOS!$L$2:$Q$6,MATCH(M27,[13]DATOS!$M$7:$Q$7,0)+1,0),"") | R27: =IFERROR(INDEX([13]DATOS!$T$3:$T$6,MATCH(RH!N27,[13]DATOS!$S$3:$S$6,0)),"") | S27: =IFERROR(INDEX('[13]Evaluación de riesgos'!$P$9:$P$26,MATCH(RH!O27,'[13]Evaluación de riesgos'!$B$9:$B$26,0)),"")
K28: =IFERROR(VLOOKUP(I28,[13]DATOS!$L$2:$Q$6,MATCH(J28,[13]DATOS!$M$7:$Q$7,0)+1,0),"") | N28: =IFERROR(VLOOKUP(L28,[13]DATOS!$L$2:$Q$6,MATCH(M28,[13]DATOS!$M$7:$Q$7,0)+1,0),"") | R28: =IFERROR(INDEX([13]DATOS!$T$3:$T$6,MATCH(RH!N28,[13]DATOS!$S$3:$S$6,0)),"") | S28: =IFERROR(INDEX('[13]Evaluación de riesgos'!$P$9:$P$26,MATCH(RH!O28,'[13]Evaluación de riesgos'!$B$9:$B$26,0)),"")
K29: =IFERROR(VLOOKUP(I29,[13]DATOS!$L$2:$Q$6,MATCH(J29,[13]DATOS!$M$7:$Q$7,0)+1,0),"") | N29: =IFERROR(VLOOKUP(L29,[13]DATOS!$L$2:$Q$6,MATCH(M29,[13]DATOS!$M$7:$Q$7,0)+1,0),"") | R29: =IFERROR(INDEX([13]DATOS!$T$3:$T$6,MATCH(RH!N29,[13]DATOS!$S$3:$S$6,0)),"") | S29: =IFERROR(INDEX('[13]Evaluación de riesgos'!$P$9:$P$26,MATCH(RH!O29,'[13]Evaluación de riesgos'!$B$9:$B$26,0)),"")
K30: =IFERROR(VLOOKUP(I30,[13]DATOS!$L$2:$Q$6,MATCH(J30,[13]DATOS!$M$7:$Q$7,0)+1,0),"") | N30: =IFERROR(VLOOKUP(L30,[13]DATOS!$L$2:$Q$6,MATCH(M30,[13]DATOS!$M$7:$Q$7,0)+1,0),"") | R30: =IFERROR(INDEX([13]DATOS!$T$3:$T$6,MATCH(RH!N30,[13]DATOS!$S$3:$S$6,0)),"") | S30: =IFERROR(INDEX('[13]Evaluación de riesgos'!$P$9:$P$26,MATCH(RH!O30,'[13]Evaluación de riesgos'!$B$9:$B$26,0)),"")
K31: =IFERROR(VLOOKUP(I31,[13]DATOS!$L$2:$Q$6,MATCH(J31,[13]DATOS!$M$7:$Q$7,0)+1,0),"") | N31: =IFERROR(VLOOKUP(L31,[13]DATOS!$L$2:$Q$6,MATCH(M31,[13]DATOS!$M$7:$Q$7,0)+1,0),"") | R31: =IFERROR(INDEX([13]DATOS!$T$3:$T$6,MATCH(RH!N31,[13]DATOS!$S$3:$S$6,0)),"") | S31: =IFERROR(INDEX('[13]Evaluación de riesgos'!$P$9:$P$26,MATCH(RH!O31,'[13]Evaluación de riesgos'!$B$9:$B$26,0)),"")
K32: =IFERROR(VLOOKUP(I32,[13]DATOS!$L$2:$Q$6,MATCH(J32,[13]DATOS!$M$7:$Q$7,0)+1,0),"") | N32: =IFERROR(VLOOKUP(L32,[13]DATOS!$L$2:$Q$6,MATCH(M32,[13]DATOS!$M$7:$Q$7,0)+1,0),"") | R32: =IFERROR(INDEX([13]DATOS!$T$3:$T$6,MATCH(RH!N32,[13]DATOS!$S$3:$S$6,0)),"") | S32: =IFERROR(INDEX('[13]Evaluación de riesgos'!$P$9:$P$26,MATCH(RH!O32,'[13]Evaluación de riesgos'!$B$9:$B$26,0)),"")
K33: =IFERROR(VLOOKUP(I33,[13]DATOS!$L$2:$Q$6,MATCH(J33,[13]DATOS!$M$7:$Q$7,0)+1,0),"") | N33: =IFERROR(VLOOKUP(L33,[13]DATOS!$L$2:$Q$6,MATCH(M33,[13]DATOS!$M$7:$Q$7,0)+1,0),"") | R33: =IFERROR(INDEX([13]DATOS!$T$3:$T$6,MATCH(RH!N33,[13]DATOS!$S$3:$S$6,0)),"") | S33: =IFERROR(INDEX('[13]Evaluación de riesgos'!$P$9:$P$26,MATCH(RH!O33,'[13]Evaluación de riesgos'!$B$9:$B$26,0)),"")
K34: =IFERROR(VLOOKUP(I34,[13]DATOS!$L$2:$Q$6,MATCH(J34,[13]DATOS!$M$7:$Q$7,0)+1,0),"") | N34: =IFERROR(VLOOKUP(L34,[13]DATOS!$L$2:$Q$6,MATCH(M34,[13]DATOS!$M$7:$Q$7,0)+1,0),"") | R34: =IFERROR(INDEX([13]DATOS!$T$3:$T$6,MATCH(RH!N34,[13]DATOS!$S$3:$S$6,0)),"") | S34: =IFERROR(INDEX('[13]Evaluación de riesgos'!$P$9:$P$26,MATCH(RH!O34,'[13]Evaluación de riesgos'!$B$9:$B$26,0)),"")
... K158: =IFERROR(VLOOKUP(I158,[13]DATOS!$L$2:$Q$6,MATCH(J158,[13]DATOS!$M$7:$Q$7,0)+1,0),"") | N158: =IFERROR(VLOOKUP(L158,[13]DATOS!$L$2:$Q$6,MATCH(M158,[13]DATOS!$M$7:$Q$7,0)+1,0),"") | R158: =IFERROR(INDEX([13]DATOS!$T$3:$T$6,MATCH(RH!N158,[13]DATOS!$S$3:$S$6,0)),"") | S158: =IFERROR(INDEX('[13]Evaluación de riesgos'!$P$9:$P$26,MATCH(RH!O158,'[13]Evaluación de riesgos'!$B$9:$B$26,0)),"")

Sheet SST
C1: FORMATO MAPA DE RIESGOS | W1: CÓDIGO: MC-F011
W2: VERSIÓN: 05
W3: VIGENTE DESDE: 18/01/2023
A5: IDENTIFICACIÓN DEL PROCESO
A6: Proceso | B6: Gestión de Seguridad y Salud en el Trabajo
A7: Tipo de proceso | B7: Apoyo | G7: Responsable del análisis: | H7: Director Administrativo y Financiero.
A8: Objetivo del proceso | B8: Propender por el Bienestar Integral de los funcionarios de EMPUMELGAR E.S.P., para favorecer su salud física, mental, psicológica y social mediante ambientes de trabajo que promuevan la calidad de las actividades y procesos institucionales.
A10: IDENTIFICACIÓN DEL RIESGO | H10: EVALUACIÓN DEL RIESGO INHERENTE | L10: EVALUACIÓN DEL RIESGO RESIDUAL | O10: CONTROLES | T10: OPCIONES DE TRATAMIENTO
A11: Código | B11: Descripción del riesgo (Ejemplo de eventos: Fallas, Incorrecta, Inoportuno, Inadecuado) | C11: Clase de Riesgo | D11: Causas del riesgo | G11: Asociado a Subsistema | H11: Efectos o Consecuencias (Ejemplo: Pérdida, Interrupción, Incumplimiento, Sanciones) | I11: Probabilidad | J11: Impacto | K11: Zona de riesgo inherente | L11: Probabilidad | M11: Impacto | N11: Zona de riesgo residual | O11: Detallado del Control | P11: Naturaleza del Control | Q11: Responsable del monitoreo | R11: Periodicidad del control | S11: Resultado de la evaluación del control | T11: Acciones de Tratamiento | U11: Responsable | V11: Fecha de ejecución (Fecha inicio - Fecha fin) | W11: Resultado Seguimiento | X11: Fecha de Seguimiento
D12: Contexto | E12: Factor | F12: Causa
A13: SST-R001 | B13: Accidentes de Trabajo y Enfermedades de tipo Laboral. | C13: Operativo | D13: Del Proceso | E13: Personal | F13: Falta de capacitación del personal y divulgación de los riesgos a los cuales están expuestos. | G13: Gestión de Seguridad y Salud en el Trabajo | H13: Perdida de capacidad productiva de la entidad. | I13: 3. Posible | J13: 5. Catastrófico | K13: =IFERROR(VLOOKUP(I13,[15]DATOS!$L$2:$Q$6,MATCH(J13,[15]DATOS!$M$7:$Q$7,0)+1,0),"") -> Extrema | L13: 3. Posible | M13: 3. Moderado | N13: =IFERROR(VLOOKUP(L13,[15]DATOS!$L$2:$Q$6,MATCH(M13,[15]DATOS!$M$7:$Q$7,0)+1,0),"") -> Alta | O13: Verificación del correcto uso de los elementos de protección personal. | P13: Preventivo | Q13: Profesional Universitario Seguridad y Salud en el Trabajo. | R13: Mensual | S13: Moderado | T13: Tener en stock elementos de protección personal, para cuando se requiera realizar reposición de los mismos. | U13: Profesional Universitario Seguridad y Salud en el Trabajo. | V13: Ene 2025 - Dic 2025 | W13: Stock de elementos de protección personal. | X13: Periódico
D14: Interno | E14: Personal | F14: Inadecuado uso de los elementos de protección personal | O14: Reposición de los elementos de protección personal deteriorados. | P14: Preventivo | Q14: Profesional Universitario Seguridad y Salud en el Trabajo. | R14: Mensual | S14: Moderado | T14: Llevar a cabo el plan de capacitaciones | U14: Profesional Universitario Seguridad y Salud en el Trabajo. | V14: Ene 2025 - Dic 2025 | W14: Control de asistencia | X14: Periódico
D15: Interno | E15: Económico | F15: falta de stock de elementos de protección personal | O15: Investigación de incidentes y accidentes de trabajo | P15: Correctivo | Q15: Profesional Universitario Seguridad y Salud en el Trabajo. | R15: Mensual | S15: débil | T15: Llevar a cabo el plan de capacitaciones | U15: Profesional Universitario Seguridad y Salud en el Trabajo. | V15: Ene 2025 - Dic 2025 | W15: Control de asistencia | X15: Periódico
A16: SST-R002 | B16: Incorrecta afiliación a la Administradora de Riesgos Laborales (ARL). | C16: De Cumplimiento | D16: Interno | E16: Procesos | F16: Inadecuado uso de la plataforma en donde se realizan las afiliaciones. | G16: Gestión de Seguridad y Salud en el Trabajo | H16: No cobertura de Administradora de Riesgos Laborales (ARL). | I16: 3. Posible | J16: 5. Catastrófico | K16: =IFERROR(VLOOKUP(I16,[15]DATOS!$L$2:$Q$6,MATCH(J16,[15]DATOS!$M$7:$Q$7,0)+1,0),"") -> Extrema | L16: 3. Posible | M16: 4. Mayor | N16: =IFERROR(VLOOKUP(L16,[15]DATOS!$L$2:$Q$6,MATCH(M16,[15]DATOS!$M$7:$Q$7,0)+1,0),"") -> Extrema | O16: Verificación periódica de las afiliaciones a la ARL. | P16: Preventivo | Q16: Profesional Universitario Seguridad y Salud en el Trabajo. | R16: =IFERROR(INDEX([15]DATOS!$T$3:$T$6,MATCH(SST!N16,[15]DATOS!$S$3:$S$6,0)),"") -> Mensual | S16: Mayor | T16: Ingreso de información a la página de la ARL a tiempo y correctamente. | U16: Profesional Universitario Seguridad y Salud en el Trabajo. | V16: Ene 2025 - Dic 2025 | W16: Revisión de las afiliaciones en la página de la ARL. | X16: Periódico
D17: Interno | E17: Procesos | F17: Falta de verificación y actualización de la base de datos de los trabajadores | O17: Verificación de ingresos y retiros de funcionarios de acuerdo a la información suministrada por Recursos Humanos. | P17: Preventivo | Q17: Profesional Universitario Seguridad y Salud en el Trabajo. | R17: Mensual | S17: Mayor | T17: Ingreso de información a la página de la ARL a tiempo y correctamente. | U17: Profesional Universitario Seguridad y Salud en el Trabajo. | V17: Ene 2025 - Dic 2025 | W17: Revisión de las afiliaciones en la página de la ARL. | X17: Periódico
D18: Interno | E18: Procesos | F18: Afiliación errónea del trabajador servidor publico o pasante | O18: Verificar que los pagos sean efectuados en las fechas establecida por la ley | P18: Preventivo | Q18: Profesional Universitario Seguridad y Salud en el Trabajo. | R18: Mensual | S18: Mayor | T18: Pagos efectuados de la pila dentro de las fechas establecidas | U18: Director Administrativo y Financiero | V18: Ene 2025 - Dic 2025 | W18: Pago de obligaciones oportunamente | X18: Periódico
K19: =IFERROR(VLOOKUP(I19,[15]DATOS!$L$2:$Q$6,MATCH(J19,[15]DATOS!$M$7:$Q$7,0)+1,0),"") | N19: =IFERROR(VLOOKUP(L19,[15]DATOS!$L$2:$Q$6,MATCH(M19,[15]DATOS!$M$7:$Q$7,0)+1,0),"") | R19: =IFERROR(INDEX([15]DATOS!$T$3:$T$6,MATCH(SST!N19,[15]DATOS!$S$3:$S$6,0)),"") | S19: =IFERROR(INDEX('[15]Evaluación de riesgos'!$P$9:$P$28,MATCH(SST!O19,'[15]Evaluación de riesgos'!$B$9:$B$28,0)),"")
K20: =IFERROR(VLOOKUP(I20,[15]DATOS!$L$2:$Q$6,MATCH(J20,[15]DATOS!$M$7:$Q$7,0)+1,0),"") | N20: =IFERROR(VLOOKUP(L20,[15]DATOS!$L$2:$Q$6,MATCH(M20,[15]DATOS!$M$7:$Q$7,0)+1,0),"") | R20: =IFERROR(INDEX([15]DATOS!$T$3:$T$6,MATCH(SST!N20,[15]DATOS!$S$3:$S$6,0)),"") | S20: =IFERROR(INDEX('[15]Evaluación de riesgos'!$P$9:$P$28,MATCH(SST!O20,'[15]Evaluación de riesgos'!$B$9:$B$28,0)),"")
K21: =IFERROR(VLOOKUP(I21,[15]DATOS!$L$2:$Q$6,MATCH(J21,[15]DATOS!$M$7:$Q$7,0)+1,0),"") | N21: =IFERROR(VLOOKUP(L21,[15]DATOS!$L$2:$Q$6,MATCH(M21,[15]DATOS!$M$7:$Q$7,0)+1,0),"") | R21: =IFERROR(INDEX([15]DATOS!$T$3:$T$6,MATCH(SST!N21,[15]DATOS!$S$3:$S$6,0)),"") | S21: =IFERROR(INDEX('[15]Evaluación de riesgos'!$P$9:$P$28,MATCH(SST!O21,'[15]Evaluación de riesgos'!$B$9:$B$28,0)),"")
K22: =IFERROR(VLOOKUP(I22,[15]DATOS!$L$2:$Q$6,MATCH(J22,[15]DATOS!$M$7:$Q$7,0)+1,0),"") | N22: =IFERROR(VLOOKUP(L22,[15]DATOS!$L$2:$Q$6,MATCH(M22,[15]DATOS!$M$7:$Q$7,0)+1,0),"") | R22: =IFERROR(INDEX([15]DATOS!$T$3:$T$6,MATCH(SST!N22,[15]DATOS!$S$3:$S$6,0)),"") | S22: =IFERROR(INDEX('[15]Evaluación de riesgos'!$P$9:$P$28,MATCH(SST!O22,'[15]Evaluación de riesgos'!$B$9:$B$28,0)),"")
K23: =IFERROR(VLOOKUP(I23,[15]DATOS!$L$2:$Q$6,MATCH(J23,[15]DATOS!$M$7:$Q$7,0)+1,0),"") | N23: =IFERROR(VLOOKUP(L23,[15]DATOS!$L$2:$Q$6,MATCH(M23,[15]DATOS!$M$7:$Q$7,0)+1,0),"") | R23: =IFERROR(INDEX([15]DATOS!$T$3:$T$6,MATCH(SST!N23,[15]DATOS!$S$3:$S$6,0)),"") | S23: =IFERROR(INDEX('[15]Evaluación de riesgos'!$P$9:$P$28,MATCH(SST!O23,'[15]Evaluación de riesgos'!$B$9:$B$28,0)),"")
K24: =IFERROR(VLOOKUP(I24,[15]DATOS!$L$2:$Q$6,MATCH(J24,[15]DATOS!$M$7:$Q$7,0)+1,0),"") | N24: =IFERROR(VLOOKUP(L24,[15]DATOS!$L$2:$Q$6,MATCH(M24,[15]DATOS!$M$7:$Q$7,0)+1,0),"") | R24: =IFERROR(INDEX([15]DATOS!$T$3:$T$6,MATCH(SST!N24,[15]DATOS!$S$3:$S$6,0)),"") | S24: =IFERROR(INDEX('[15]Evaluación de riesgos'!$P$9:$P$28,MATCH(SST!O24,'[15]Evaluación de riesgos'!$B$9:$B$28,0)),"")
K25: =IFERROR(VLOOKUP(I25,[15]DATOS!$L$2:$Q$6,MATCH(J25,[15]DATOS!$M$7:$Q$7,0)+1,0),"") | N25: =IFERROR(VLOOKUP(L25,[15]DATOS!$L$2:$Q$6,MATCH(M25,[15]DATOS!$M$7:$Q$7,0)+1,0),"") | R25: =IFERROR(INDEX([15]DATOS!$T$3:$T$6,MATCH(SST!N25,[15]DATOS!$S$3:$S$6,0)),"") | S25: =IFERROR(INDEX('[15]Evaluación de riesgos'!$P$9:$P$28,MATCH(SST!O25,'[15]Evaluación de riesgos'!$B$9:$B$28,0)),"")
K26: =IFERROR(VLOOKUP(I26,[15]DATOS!$L$2:$Q$6,MATCH(J26,[15]DATOS!$M$7:$Q$7,0)+1,0),"") | N26: =IFERROR(VLOOKUP(L26,[15]DATOS!$L$2:$Q$6,MATCH(M26,[15]DATOS!$M$7:$Q$7,0)+1,0),"") | R26: =IFERROR(INDEX([15]DATOS!$T$3:$T$6,MATCH(SST!N26,[15]DATOS!$S$3:$S$6,0)),"") | S26: =IFERROR(INDEX('[15]Evaluación de riesgos'!$P$9:$P$28,MATCH(SST!O26,'[15]Evaluación de riesgos'!$B$9:$B$28,0)),"")
K27: =IFERROR(VLOOKUP(I27,[15]DATOS!$L$2:$Q$6,MATCH(J27,[15]DATOS!$M$7:$Q$7,0)+1,0),"") | N27: =IFERROR(VLOOKUP(L27,[15]DATOS!$L$2:$Q$6,MATCH(M27,[15]DATOS!$M$7:$Q$7,0)+1,0),"") | R27: =IFERROR(INDEX([15]DATOS!$T$3:$T$6,MATCH(SST!N27,[15]DATOS!$S$3:$S$6,0)),"") | S27: =IFERROR(INDEX('[15]Evaluación de riesgos'!$P$9:$P$28,MATCH(SST!O27,'[15]Evaluación de riesgos'!$B$9:$B$28,0)),"")
K28: =IFERROR(VLOOKUP(I28,[15]DATOS!$L$2:$Q$6,MATCH(J28,[15]DATOS!$M$7:$Q$7,0)+1,0),"") | N28: =IFERROR(VLOOKUP(L28,[15]DATOS!$L$2:$Q$6,MATCH(M28,[15]DATOS!$M$7:$Q$7,0)+1,0),"") | R28: =IFERROR(INDEX([15]DATOS!$T$3:$T$6,MATCH(SST!N28,[15]DATOS!$S$3:$S$6,0)),"") | S28: =IFERROR(INDEX('[15]Evaluación de riesgos'!$P$9:$P$28,MATCH(SST!O28,'[15]Evaluación de riesgos'!$B$9:$B$28,0)),"")
K29: =IFERROR(VLOOKUP(I29,[15]DATOS!$L$2:$Q$6,MATCH(J29,[15]DATOS!$M$7:$Q$7,0)+1,0),"") | N29: =IFERROR(VLOOKUP(L29,[15]DATOS!$L$2:$Q$6,MATCH(M29,[15]DATOS!$M$7:$Q$7,0)+1,0),"") | R29: =IFERROR(INDEX([15]DATOS!$T$3:$T$6,MATCH(SST!N29,[15]DATOS!$S$3:$S$6,0)),"") | S29: =IFERROR(INDEX('[15]Evaluación de riesgos'!$P$9:$P$28,MATCH(SST!O29,'[15]Evaluación de riesgos'!$B$9:$B$28,0)),"")
K30: =IFERROR(VLOOKUP(I30,[15]DATOS!$L$2:$Q$6,MATCH(J30,[15]DATOS!$M$7:$Q$7,0)+1,0),"") | N30: =IFERROR(VLOOKUP(L30,[15]DATOS!$L$2:$Q$6,MATCH(M30,[15]DATOS!$M$7:$Q$7,0)+1,0),"") | R30: =IFERROR(INDEX([15]DATOS!$T$3:$T$6,MATCH(SST!N30,[15]DATOS!$S$3:$S$6,0)),"") | S30: =IFERROR(INDEX('[15]Evaluación de riesgos'!$P$9:$P$28,MATCH(SST!O30,'[15]Evaluación de riesgos'!$B$9:$B$28,0)),"")
... K158: =IFERROR(VLOOKUP(I158,[15]DATOS!$L$2:$Q$6,MATCH(J158,[15]DATOS!$M$7:$Q$7,0)+1,0),"") | N158: =IFERROR(VLOOKUP(L158,[15]DATOS!$L$2:$Q$6,MATCH(M158,[15]DATOS!$M$7:$Q$7,0)+1,0),"") | R158: =IFERROR(INDEX([15]DATOS!$T$3:$T$6,MATCH(SST!N158,[15]DATOS!$S$3:$S$6,0)),"") | S158: =IFERROR(INDEX('[15]Evaluación de riesgos'!$P$9:$P$28,MATCH(SST!O158,'[15]Evaluación de riesgos'!$B$9:$B$28,0)),"")

Sheet TI
C1: FORMATO MAPA DE RIESGOS | W1: CÓDIGO: MC-F011
W2: VERSIÓN: 05
W3: VIGENTE DESDE: 18/01/2023
A5: IDENTIFICACIÓN DEL PROCESO
A6: Proceso | B6: Gestión de Tecnología e Información
A7: Tipo de proceso | B7: Apoyo | G7: Responsable del análisis: | H7: Director(a) Planeación, Calidad y Desarrollo Corporativo
A8: Objetivo del proceso | B8: Determinar, desarrollar, adquirir, implementar, gestionar, dar soporte y mantener una plataforma tecnológica informática moderna y acorde a las necesidades de la Empresa, que facilite el cumplimiento de la misión institucional y que garantice la integridad, seguridad y oportunidad en el procesamiento de información. Al igual que formular lineamientos de estándares y buenas prácticas para el manejo de la información de la Empresa.
A10: IDENTIFICACIÓN DEL RIESGO | H10: EVALUACIÓN DEL RIESGO INHERENTE | L10: EVALUACIÓN DEL RIESGO RESIDUAL | O10: CONTROLES | T10: OPCIONES DE TRATAMIENTO
A11: Código | B11: Descripción del riesgo (Ejemplo de eventos: Fallas, Incorrecta, Inoportuno, Inadecuado) | C11: Clase de Riesgo | D11: Causas del riesgo | G11: Asociado a Subsistema | H11: Efectos o Consecuencias (Ejemplo: Pérdida, Interrupción, Incumplimiento, Sanciones) | I11: Probabilidad | J11: Impacto | K11: Zona de riesgo inherente | L11: Probabilidad | M11: Impacto | N11: Zona de riesgo residual | O11: Detallado del Control | P11: Naturaleza del Control | Q11: Responsable del monitoreo | R11: Periodicidad del control | S11: Resultado de la evaluación del control | T11: Acciones de Tratamiento | U11: Responsable | V11: Fecha de ejecución (Fecha inicio - Fecha fin) | W11: Resultado Seguimiento | X11: Fecha de Seguimiento
D12: Contexto | E12: Factor | F12: Causa
A13: TI-R001 | B13: Inadecuado soporte técnico informático | C13: Operativo | D13: Interno | E13: Personal | F13: Falta de capacitación de algunos funcionarios que solicitan tareas que no son del resorte de Sistemas. esto tiene que ver con el uso de aplicativos de oficina y mas que todo en el momento de exportar ya sea mediante impresión o adjunto. | G13: Gestión de Calidad | H13: Soporte de TI insuficiente puede tener un impacto significativo en la productividad, la seguridad y la eficiencia operativa. Es fundamental invertir en recursos y servicios de TI adecuados para mitigar estos riesgos y garantizar la operación. | I13: 3. Posible | J13: 4. Mayor | K13: =IFERROR(VLOOKUP(I13,[16]DATOS!$L$2:$Q$6,MATCH(J13,[16]DATOS!$M$7:$Q$7,0)+1,0),"") -> Extrema | L13: 3. Posible | M13: 3. Moderado | N13: =IFERROR(VLOOKUP(L13,[16]DATOS!$L$2:$Q$6,MATCH(M13,[16]DATOS!$M$7:$Q$7,0)+1,0),"") -> Alta | O13: Formato de solicitud de soporte técnico gestión incidentes. | P13: Correctivo | Q13: Profesional Universitario Sistemas. | R13: =IFERROR(INDEX([16]DATOS!$T$3:$T$6,MATCH(TI!N13,[16]DATOS!$S$3:$S$6,0)),"") -> Mensual | S13: =IFERROR(INDEX('[16]Evaluación de riesgos'!$P$7:$P$30,MATCH(TI!O13,'[16]Evaluación de riesgos'!$B$7:$B$30,0)),"") -> Moderado | T13: Cronograma de mantenimiento preventivo. | U13: Director administrativo y financiero | V13: Ene 2025 - Dic 2025 | W13: Mantenimientos preventivos programados. | X13: Periódico
D14: Interno | E14: Personal | F14: Falta de computadores para algunos usuarios. | O14: Formato de solicitud de soporte técnico gestión incidentes. | P14: Preventivo | R14: Mensual | S14: =IFERROR(INDEX('[16]Evaluación de riesgos'!$P$7:$P$30,MATCH(TI!O14,'[16]Evaluación de riesgos'!$B$7:$B$30,0)),"") -> Moderado
D15: Interno | E15: Tecnológico | F15: Software. Se necesita actualizar las licencias del software para la empresa. La falta de este cumplimiento podría acarrear sanciones. | O15: Formato de solicitud de soporte técnico gestión incidentes. | P15: Detectivo | R15: Mensual | S15: =IFERROR(INDEX('[16]Evaluación de riesgos'!$P$7:$P$30,MATCH(TI!O15,'[16]Evaluación de riesgos'!$B$7:$B$30,0)),"") -> Moderado | T15: Hoja de vida de los Equipos. | U15: Director administrativo y financiero | V15: Ene 2025 - Dic 2025 | W15: En proceso
D16: Interno | E16: Tecnológico | F16: Se cambian los equipos de acuerdo a la necesidad, pero no se hace un adecuado Backup (Rotación excesiva de equipos). | O16: Inventario trimestral de equipos | P16: Detectivo | R16: Mensual | S16: =IFERROR(INDEX('[16]Evaluación de riesgos'!$P$7:$P$30,MATCH(TI!O16,'[16]Evaluación de riesgos'!$B$7:$B$30,0)),"") -> Moderado | T16: Inventario de Equipos y direcciones MAC. | U16: Director administrativo y financiero | V16: Ene 2025 - Dic 2025 | W16: En proceso
K21: =IFERROR(VLOOKUP(I21,[16]DATOS!$L$2:$Q$6,MATCH(J21,[16]DATOS!$M$7:$Q$7,0)+1,0),"") | N21: =IFERROR(VLOOKUP(L21,[16]DATOS!$L$2:$Q$6,MATCH(M21,[16]DATOS!$M$7:$Q$7,0)+1,0),"") | R21: =IFERROR(INDEX([16]DATOS!$T$3:$T$6,MATCH(TI!N21,[16]DATOS!$S$3:$S$6,0)),"") | S21: =IFERROR(INDEX('[16]Evaluación de riesgos'!$P$9:$P$18,MATCH(TI!O21,'[16]Evaluación de riesgos'!$B$9:$B$18,0)),"")
K22: =IFERROR(VLOOKUP(I22,[16]DATOS!$L$2:$Q$6,MATCH(J22,[16]DATOS!$M$7:$Q$7,0)+1,0),"") | N22: =IFERROR(VLOOKUP(L22,[16]DATOS!$L$2:$Q$6,MATCH(M22,[16]DATOS!$M$7:$Q$7,0)+1,0),"") | R22: =IFERROR(INDEX([16]DATOS!$T$3:$T$6,MATCH(TI!N22,[16]DATOS!$S$3:$S$6,0)),"") | S22: =IFERROR(INDEX('[16]Evaluación de riesgos'!$P$9:$P$18,MATCH(TI!O22,'[16]Evaluación de riesgos'!$B$9:$B$18,0)),"")
K23: =IFERROR(VLOOKUP(I23,[16]DATOS!$L$2:$Q$6,MATCH(J23,[16]DATOS!$M$7:$Q$7,0)+1,0),"") | N23: =IFERROR(VLOOKUP(L23,[16]DATOS!$L$2:$Q$6,MATCH(M23,[16]DATOS!$M$7:$Q$7,0)+1,0),"") | R23: =IFERROR(INDEX([16]DATOS!$T$3:$T$6,MATCH(TI!N23,[16]DATOS!$S$3:$S$6,0)),"") | S23: =IFERROR(INDEX('[16]Evaluación de riesgos'!$P$9:$P$18,MATCH(TI!O23,'[16]Evaluación de riesgos'!$B$9:$B$18,0)),"")
K24: =IFERROR(VLOOKUP(I24,[16]DATOS!$L$2:$Q$6,MATCH(J24,[16]DATOS!$M$7:$Q$7,0)+1,0),"") | N24: =IFERROR(VLOOKUP(L24,[16]DATOS!$L$2:$Q$6,MATCH(M24,[16]DATOS!$M$7:$Q$7,0)+1,0),"") | R24: =IFERROR(INDEX([16]DATOS!$T$3:$T$6,MATCH(TI!N24,[16]DATOS!$S$3:$S$6,0)),"") | S24: =IFERROR(INDEX('[16]Evaluación de riesgos'!$P$9:$P$18,MATCH(TI!O24,'[16]Evaluación de riesgos'!$B$9:$B$18,0)),"")
K25: =IFERROR(VLOOKUP(I25,[16]DATOS!$L$2:$Q$6,MATCH(J25,[16]DATOS!$M$7:$Q$7,0)+1,0),"") | N25: =IFERROR(VLOOKUP(L25,[16]DATOS!$L$2:$Q$6,MATCH(M25,[16]DATOS!$M$7:$Q$7,0)+1,0),"") | R25: =IFERROR(INDEX([16]DATOS!$T$3:$T$6,MATCH(TI!N25,[16]DATOS!$S$3:$S$6,0)),"") | S25: =IFERROR(INDEX('[16]Evaluación de riesgos'!$P$9:$P$18,MATCH(TI!O25,'[16]Evaluación de riesgos'!$B$9:$B$18,0)),"")
K26: =IFERROR(VLOOKUP(I26,[16]DATOS!$L$2:$Q$6,MATCH(J26,[16]DATOS!$M$7:$Q$7,0)+1,0),"") | N26: =IFERROR(VLOOKUP(L26,[16]DATOS!$L$2:$Q$6,MATCH(M26,[16]DATOS!$M$7:$Q$7,0)+1,0),"") | R26: =IFERROR(INDEX([16]DATOS!$T$3:$T$6,MATCH(TI!N26,[16]DATOS!$S$3:$S$6,0)),"") | S26: =IFERROR(INDEX('[16]Evaluación de riesgos'!$P$9:$P$18,MATCH(TI!O26,'[16]Evaluación de riesgos'!$B$9:$B$18,0)),"")
K27: =IFERROR(VLOOKUP(I27,[16]DATOS!$L$2:$Q$6,MATCH(J27,[16]DATOS!$M$7:$Q$7,0)+1,0),"") | N27: =IFERROR(VLOOKUP(L27,[16]DATOS!$L$2:$Q$6,MATCH(M27,[16]DATOS!$M$7:$Q$7,0)+1,0),"") | R27: =IFERROR(INDEX([16]DATOS!$T$3:$T$6,MATCH(TI!N27,[16]DATOS!$S$3:$S$6,0)),"") | S27: =IFERROR(INDEX('[16]Evaluación de riesgos'!$P$9:$P$18,MATCH(TI!O27,'[16]Evaluación de riesgos'!$B$9:$B$18,0)),"")
K28: =IFERROR(VLOOKUP(I28,[16]DATOS!$L$2:$Q$6,MATCH(J28,[16]DATOS!$M$7:$Q$7,0)+1,0),"") | N28: =IFERROR(VLOOKUP(L28,[16]DATOS!$L$2:$Q$6,MATCH(M28,[16]DATOS!$M$7:$Q$7,0)+1,0),"") | R28: =IFERROR(INDEX([16]DATOS!$T$3:$T$6,MATCH(TI!N28,[16]DATOS!$S$3:$S$6,0)),"") | S28: =IFERROR(INDEX('[16]Evaluación de riesgos'!$P$9:$P$18,MATCH(TI!O28,'[16]Evaluación de riesgos'!$B$9:$B$18,0)),"")
K29: =IFERROR(VLOOKUP(I29,[16]DATOS!$L$2:$Q$6,MATCH(J29,[16]DATOS!$M$7:$Q$7,0)+1,0),"") | N29: =IFERROR(VLOOKUP(L29,[16]DATOS!$L$2:$Q$6,MATCH(M29,[16]DATOS!$M$7:$Q$7,0)+1,0),"") | R29: =IFERROR(INDEX([16]DATOS!$T$3:$T$6,MATCH(TI!N29,[16]DATOS!$S$3:$S$6,0)),"") | S29: =IFERROR(INDEX('[16]Evaluación de riesgos'!$P$9:$P$18,MATCH(TI!O29,'[16]Evaluación de riesgos'!$B$9:$B$18,0)),"")
K30: =IFERROR(VLOOKUP(I30,[16]DATOS!$L$2:$Q$6,MATCH(J30,[16]DATOS!$M$7:$Q$7,0)+1,0),"") | N30: =IFERROR(VLOOKUP(L30,[16]DATOS!$L$2:$Q$6,MATCH(M30,[16]DATOS!$M$7:$Q$7,0)+1,0),"") | R30: =IFERROR(INDEX([16]DATOS!$T$3:$T$6,MATCH(TI!N30,[16]DATOS!$S$3:$S$6,0)),"") | S30: =IFERROR(INDEX('[16]Evaluación de riesgos'!$P$9:$P$18,MATCH(TI!O30,'[16]Evaluación de riesgos'!$B$9:$B$18,0)),"")
K31: =IFERROR(VLOOKUP(I31,[16]DATOS!$L$2:$Q$6,MATCH(J31,[16]DATOS!$M$7:$Q$7,0)+1,0),"") | N31: =IFERROR(VLOOKUP(L31,[16]DATOS!$L$2:$Q$6,MATCH(M31,[16]DATOS!$M$7:$Q$7,0)+1,0),"") | R31: =IFERROR(INDEX([16]DATOS!$T$3:$T$6,MATCH(TI!N31,[16]DATOS!$S$3:$S$6,0)),"") | S31: =IFERROR(INDEX('[16]Evaluación de riesgos'!$P$9:$P$18,MATCH(TI!O31,'[16]Evaluación de riesgos'!$B$9:$B$18,0)),"")
K32: =IFERROR(VLOOKUP(I32,[16]DATOS!$L$2:$Q$6,MATCH(J32,[16]DATOS!$M$7:$Q$7,0)+1,0),"") | N32: =IFERROR(VLOOKUP(L32,[16]DATOS!$L$2:$Q$6,MATCH(M32,[16]DATOS!$M$7:$Q$7,0)+1,0),"") | R32: =IFERROR(INDEX([16]DATOS!$T$3:$T$6,MATCH(TI!N32,[16]DATOS!$S$3:$S$6,0)),"") | S32: =IFERROR(INDEX('[16]Evaluación de riesgos'!$P$9:$P$18,MATCH(TI!O32,'[16]Evaluación de riesgos'!$B$9:$B$18,0)),"")
... K152: =IFERROR(VLOOKUP(I152,[16]DATOS!$L$2:$Q$6,MATCH(J152,[16]DATOS!$M$7:$Q$7,0)+1,0),"") | N152: =IFERROR(VLOOKUP(L152,[16]DATOS!$L$2:$Q$6,MATCH(M152,[16]DATOS!$M$7:$Q$7,0)+1,0),"") | R152: =IFERROR(INDEX([16]DATOS!$T$3:$T$6,MATCH(TI!N152,[16]DATOS!$S$3:$S$6,0)),"") | S152: =IFERROR(INDEX('[16]Evaluación de riesgos'!$P$9:$P$18,MATCH(TI!O152,'[16]Evaluación de riesgos'!$B$9:$B$18,0)),"")
